Workbook
Name N°_DE_EQUIPOS_ADQUIRIDOS_O_REPUESTOS_PARA_LA_PRESTACIÓN_DE_SERVICIOS_SOLICITADOS_POR_LOS_USUARIOS.: '[1]Hoja 11. TABLA DE CONTROL'!#REF!
Name N°_DE_EQUIPOS_ADQUIRIDOS_O_REPUESTOS_PARA_LA_PRESTACIÓN_DE_SERVICIOS_SOLICITADOS_POR_LOS_USUARIOS.: 'Hoja 11. TABLA DE CONTROL'!#REF!
Name N°_DE_EQUIPOS_ADQUIRIDOS_O_REPUESTOS_PARA_LA_PRESTACIÓN_DE_SERVICIOS_SOLICITADOS_POR_LOS_USUARIOS.: 'Hoja 11. TABLA DE CONTROL'!#REF!
Name N°_DE_EQUIPOS_ADQUIRIDOS_O_REPUESTOS_PARA_LA_PRESTACIÓN_DE_SERVICIOS_SOLICITADOS_POR_LOS_USUARIOS.: '[2]Hoja 11. TABLA DE CONTROL'!#REF!
Name N°_DE_EQUIPOS_ADQUIRIDOS_O_REPUESTOS_PARA_LA_PRESTACIÓN_DE_SERVICIOS_SOLICITADOS_POR_LOS_USUARIOS.: 'Hoja 11. TABLA DE CONTROL'!#REF!
Name N°_DE_EQUIPOS_ADQUIRIDOS_O_REPUESTOS_PARA_LA_PRESTACIÓN_DE_SERVICIOS_SOLICITADOS_POR_LOS_USUARIOS.: 'Hoja 11. TABLA DE CONTROL'!#REF!
Name N°_DE_EQUIPOS_ADQUIRIDOS_O_REPUESTOS_PARA_LA_PRESTACIÓN_DE_SERVICIOS_SOLICITADOS_POR_LOS_USUARIOS.: 'Hoja 11. TABLA DE CONTROL'!#REF!
Name N°_DE_EQUIPOS_ADQUIRIDOS_O_REPUESTOS_PARA_LA_PRESTACIÓN_DE_SERVICIOS_SOLICITADOS_POR_LOS_USUARIOS.: 'Hoja 11. TABLA DE CONTROL'!#REF!
Name N°_DE_EQUIPOS_ADQUIRIDOS_O_REPUESTOS_PARA_LA_PRESTACIÓN_DE_SERVICIOS_SOLICITADOS_POR_LOS_USUARIOS.: '[3]Hoja 11. TABLA DE CONTROL'!#REF!
Name N°_DE_EQUIPOS_ADQUIRIDOS_O_REPUESTOS_PARA_LA_PRESTACIÓN_DE_SERVICIOS_SOLICITADOS_POR_LOS_USUARIOS.: '[3]Hoja 11. TABLA DE CONTROL'!#REF!
Name N°_DE_EQUIPOS_ADQUIRIDOS_O_REPUESTOS_PARA_LA_PRESTACIÓN_DE_SERVICIOS_SOLICITADOS_POR_LOS_USUARIOS.: 'Hoja 11. TABLA DE CONTROL'!$B$67
Name PORCENTAJE_____DE_TRÁMITES_RESUELTOS_EN_UN_TIEMPO_IGUAL_O_INFERIOR_A_LO_REGLAMENTADO_EN_EL_SGC.__LICENCIAS_AMBIENTALES__115_DÍAS_HÁBILES_.__CONCESIONES_DE_AGUAS_SUBTERRÁNEAS_Y_SUPERFICIALES__55_DÍAS_HÁBILES_.__PERMISOS_DE_VERTIMIENTOS__55_DÍAS_HÁBILES_.: '[4]Hoja 6. AA'!$D$11
Name PORCENTAJE_____DE_TRÁMITES_RESUELTOS_EN_UN_TIEMPO_IGUAL_O_INFERIOR_A_LO_REGLAMENTADO_EN_EL_SGC.__LICENCIAS_AMBIENTALES__115_DÍAS_HÁBILES_.__CONCESIONES_DE_AGUAS_SUBTERRÁNEAS_Y_SUPERFICIALES__55_DÍAS_HÁBILES_.__PERMISOS_DE_VERTIMIENTOS__55_DÍAS_HÁBILES_.: 'Hoja 6. AA 2017'!$D$11
Name PORCENTAJE_____DE_TRÁMITES_RESUELTOS_EN_UN_TIEMPO_IGUAL_O_INFERIOR_A_LO_REGLAMENTADO_EN_EL_SGC.__LICENCIAS_AMBIENTALES__115_DÍAS_HÁBILES_.__CONCESIONES_DE_AGUAS_SUBTERRÁNEAS_Y_SUPERFICIALES__55_DÍAS_HÁBILES_.__PERMISOS_DE_VERTIMIENTOS__55_DÍAS_HÁBILES_.: 'Hoja 6. AA 2018'!$D$11
Name PORCENTAJE_____DE_TRÁMITES_RESUELTOS_EN_UN_TIEMPO_IGUAL_O_INFERIOR_A_LO_REGLAMENTADO_EN_EL_SGC.__LICENCIAS_AMBIENTALES__115_DÍAS_HÁBILES_.__CONCESIONES_DE_AGUAS_SUBTERRÁNEAS_Y_SUPERFICIALES__55_DÍAS_HÁBILES_.__PERMISOS_DE_VERTIMIENTOS__55_DÍAS_HÁBILES_.: 'Hoja 6. AA.'!#REF!
Name PORCENTAJE_____DE_TRÁMITES_RESUELTOS_EN_UN_TIEMPO_IGUAL_O_INFERIOR_A_LO_REGLAMENTADO_EN_EL_SGC.__LICENCIAS_AMBIENTALES__115_DÍAS_HÁBILES_.__CONCESIONES_DE_AGUAS_SUBTERRÁNEAS_Y_SUPERFICIALES__55_DÍAS_HÁBILES_.__PERMISOS_DE_VERTIMIENTOS__55_DÍAS_HÁBILES_.: '[5]Hoja 6. AA'!$D$11
Name PORCENTAJE_____DE_TRÁMITES_RESUELTOS_EN_UN_TIEMPO_IGUAL_O_INFERIOR_A_LO_REGLAMENTADO_EN_EL_SGC.__LICENCIAS_AMBIENTALES__115_DÍAS_HÁBILES_.__CONCESIONES_DE_AGUAS_SUBTERRÁNEAS_Y_SUPERFICIALES__55_DÍAS_HÁBILES_.__PERMISOS_DE_VERTIMIENTOS__55_DÍAS_HÁBILES_.: 'Hoja 6. AA'!$D$11

Sheet Hoja 1. Inicio - Matriz Indic
D2: FICHA DE INDICADORES
D3: R-MJ-16
D4: 08
E8: Procesos Categoría Estrategícos
A9: Vigencia: | E9: Procesos Categoría Evaluativos
E10: Procesos Categoría Misionales
E11: Procesos Categoría Apoyo
A13: Matriz de Indicadores
D47: Tabla de Control

Sheet Hoja 2. DI
A3: PROCESO DI: DIRECCIONAMIENTO DEL SISTEMA DE GESTIÓN CORPORATIVO
A5: OBJETIVO DEL PROCESO | C5: CATEGORÍA DEL INDICADOR | D5: NOMBRE DEL INDICADOR | E5: FORMULA | F5: INTERPRETACION | G5: TIPO DE INDICADOR (Favor registre si es de meta máxima, meta mínima o de máximo y minimo) | J5: FRECUENCIA | K5: META | L5: NIVEL DE CUMPLIMIENTO (Favor registre los valores del indicador correspondientes a los posibles resultados) | N5: RESPONSABLE | O5: OBJETIVO ASOCIADO | P5: RESULTADO
G6: Tipo | H6: Definición | I6: Tendencia Adecuada del Indicador | L6: Posible Resultado | M6: Análisis de Resultados y Formulación de Acciones
G7: De Meta Máxima | H7: Cuando los datos del indicador no deben superar el valor de la meta. | I7: Decreciente | L7: Satisfactoria | M7: Se podrá mantener o establecer una meta mas exigente e/o incluir acciones realizadas para el logro de las metas de los indicadores dentro de los documentos del Sistema de Gestión Corporativo.
G8: De Meta Mínima | H8: Cuando los datos del indicador no deben ser inferiores al valor de la meta. | I8: Creciente | L8: Moderada | M8: Se declara una OPORTUNIDAD DE MEJORAMIENTO, frente a la cual se pueden formular Acciones Preventivas para evitar el incumplimiento de las metas en los próximos periodos.
G9: De Máximo y Mínimo | H9: Cuando los datos se deben mantener dentro de un rango, no siendo inferior a un valor o superior a otro. | I9: Dentro de un Rango | L9: Insatisfactoria | M9: Se declara una NO CONFORMIDAD, frente a la cual se formulan Correciones y Acciones correctivas.
L10: Satisfactoria
L11: Moderada
L12: Insatisfactoria
L13: Satisfactoria
L14: Moderada
L15: Insatisfactoria
L16: Satisfactoria
L17: Moderada
L18: Insatisfactoria
L19: Satisfactoria
L20: Moderada
L21: Insatisfactoria
... L33: Insatisfactoria

Sheet Hoja 3. MJ
A3: PROCESO MJ: MEJORAMIENTO DEL SISTEMA DE GESTIÓN CORPORATIVO
A5: OBJETIVO DEL PROCESO | C5: CATEGORÍA DEL INDICADOR | D5: NOMBRE DEL INDICADOR | E5: FORMULA | F5: INTERPRETACION | G5: TIPO DE INDICADOR (Favor registre si es de meta máxima, meta mínima o de máximo y minimo) | J5: FRECUENCIA | K5: META | L5: NIVEL DE CUMPLIMIENTO (Favor registre los valores del indicador correspondientes a los posibles resultados) | N5: RESPONSABLE | O5: OBJETIVO ASOCIADO | P5: RESULTADO
G6: Tipo | H6: Definición | I6: Tendencia Adecuada del Indicador | L6: Posible Resultado | M6: Análisis de Resultados y Formulación de Acciones
G7: De Meta Máxima | H7: Cuando los datos del indicador no deben superar el valor de la meta. | I7: Decreciente | L7: Satisfactoria | M7: Se podrá mantener o establecer una meta mas exigente e/o incluir acciones realizadas para el logro de las metas de los indicadores dentro de los documentos del Sistema de Gestión Corporativo.
G8: De Meta Mínima | H8: Cuando los datos del indicador no deben ser inferiores al valor de la meta. | I8: Creciente | L8: Moderada | M8: Se declara una OPORTUNIDAD DE MEJORAMIENTO, frente a la cual se pueden formular Acciones Preventivas para evitar el incumplimiento de las metas en los próximos periodos.
G9: De Máximo y Mínimo | H9: Cuando los datos se deben mantener dentro de un rango, no siendo inferior a un valor o superior a otro. | I9: Dentro de un Rango | L9: Insatisfactoria | M9: Se declara una NO CONFORMIDAD, frente a la cual se formulan Correciones y Acciones correctivas.
L10: Satisfactoria
L11: Moderada
L12: Insatisfactoria
L13: Satisfactoria
L14: Moderada
L15: Insatisfactoria
L16: Satisfactoria
L17: Moderada
L18: Insatisfactoria
L19: Satisfactoria
L20: Moderada
L21: Insatisfactoria
... L24: Insatisfactoria

Sheet Hoja 4. PG
A3: PROCESO PG: PLANEACIÓN GLOBAL DEL TERRITORIO
A5: OBJETIVO DEL PROCESO | C5: CATEGORÍA DEL INDICADOR | D5: NOMBRE DEL INDICADOR | E5: FORMULA | F5: INTERPRETACION | G5: TIPO DE INDICADOR (Favor registre si es de meta máxima, meta mínima o de máximo y minimo) | J5: FRECUENCIA | K5: META | L5: NIVEL DE CUMPLIMIENTO (Favor registre los valores del indicador correspondientes a los posibles resultados) | N5: RESPONSABLE | O5: OBJETIVO ASOCIADO | P5: RESULTADO
G6: Tipo | H6: Definición | I6: Tendencia Adecuada del Indicador | L6: Posible Resultado | M6: Análisis de Resultados y Formulación de Acciones
G7: De Meta Máxima | H7: Cuando los datos del indicador no deben superar el valor de la meta. | I7: Decreciente | L7: Satisfactoria | M7: Se podrá mantener o establecer una meta mas exigente e/o incluir acciones realizadas para el logro de las metas de los indicadores dentro de los documentos del Sistema de Gestión Corporativo.
G8: De Meta Mínima | H8: Cuando los datos del indicador no deben ser inferiores al valor de la meta. | I8: Creciente | L8: Moderada | M8: Se declara una OPORTUNIDAD DE MEJORAMIENTO, frente a la cual se pueden formular Acciones Preventivas para evitar el incumplimiento de las metas en los próximos periodos.
G9: De Máximo y Mínimo | H9: Cuando los datos se deben mantener dentro de un rango, no siendo inferior a un valor o superior a otro. | I9: Dentro de un Rango | L9: Insatisfactoria | M9: Se declara una NO CONFORMIDAD, frente a la cual se formulan Correciones y Acciones correctivas.
L10: Satisfactoria
L11: Moderada
L12: Insatisfactoria
L13: Satisfactoria
L14: Moderada
L15: Insatisfactoria
L16: Satisfactoria
L17: Moderada
L18: Insatisfactoria
L19: Satisfactoria
L20: Moderada
L21: Insatisfactoria
... L30: Insatisfactoria

Sheet Hoja 4. PG-4 (2)
A2: 4. PORCENTAJE (%) DE CUMPLIMIENTO DE METAS DE INDICADORES MÍNIMOS DE GESTIÓN RELACIONADAS AL PROCESO
A4: Resultados
A5: Vigencia | B5: Dato | C5: Meta | D5: Cumplimiento
A6: 2018 | B6: 1 | C6: 1 | D6: =+B6/C6 -> 1
A7: 2019 | B7: 1 | C7: 1 | D7: =+B7/C7 -> 1
A8: 2020 | B8: =+D14 -> 1 | C8: 1 | D8: =+B8/C8 -> 1
A9: 2021 | B9: =+D15 -> 0.44444444 | C9: 1 | D9: =+B9/C9 -> 0.44444444
A11: Vigencia | B11: N° metas de indicadores mínimos de gestión relacionadas al proceso cumplidas | C11: N° de metas de indicadores mínimos de gestión relacionadas al proceso | D11: Porcentaje (%) de cumplimiento de metas de indicadore mínimos de gestión relacionadas al proceso | E11: Análisis de Datos
A12: 2018 | B12: 36 | C12: 36 | D12: =+B12/C12 -> 1 | E12: De los 27 IMG para el año 2018 se tenia en el proceso de Planeación Global los indicadores mínimos de gestión: 1. "Porcentaje de entes territoriales asesorados en la incorporación, planificación y ejecución de acciones relacionadas con cambio climático en el marco de los instrumentos de planificación territorial", el cual se cumplió en 100% mediante la asesoría a los 19 municipios en determinates ambientales, donde se incluyó el cambio climático y la gestión de riesgo. 2. "Porcentaje de municipios asesorados o asistidos en la inclusión del componente ambiental en los procesos de planificación y ordenamiento territorial, con énfasis en la incorporación de las determinantes ambientales para la revisión y ajuste de los POT", el cual se cumplió en 100% mediante la asesoria personalizada a cada municpio, no obstante la capacitación para la vigencia 2018 no se realizaron ajustes de POT.
A13: 2019 | B13: 36 | C13: 36 | D13: =+B13/C13 -> 1 | E13: En el marco de los Indicadores Mínimos de Gestiós, en la vigencia 2019 se trabajaron los siguientes indicadores: 1. "Porcentaje de entes territoriales asesorados en la incorporación, planificación y ejecución de acciones relacionadas con cambio climático en el marco de los instrumentos de planificación territorial", con cumplimiento del 100%, lo cual se realizó mediante la capacitación a cada municipio en determinates ambientales y cambio climático, ademas de la capacitación en gestión del riesgo a los Consejos Municipales de Gestión de Riesgo mediante un curso de dos días en la ciudad de Medellín. 2. "Porcentaje de municipios asesorados o asistidos en la inclusión del componente ambiental en los procesos de planificación y ordenamiento territorial, con énfasis en la incorporación de las determinantes ambientales para la revisión y ajuste de los POT", con cumplimiento del 100%, donde no solamente se asesoró a los 19 municpios sino tambien se realizó un análisis del estado de cada POT.
A14: 2020 | B14: 36 | C14: 36 | D14: =+B14/C14 -> 1 | E14: Los IMG para la vigencia 2020 son los mismos de los años anteriores: 1. IMG 7 "Porcentaje de entes territoriales asesorados en la incorporación, planificación y ejecución de acciones relacionadas con cambio climático en el marco de los instrumentos de planificación territorial", el cumplimiento es del 100%, lo cual se realizó en el marco de la asistencia, asesoría de la formulación de los planes de desarrollo municipal y departamental. Donde no solomanete se trabajaron los temas de gestión de riesgo, cambio climático y detrrtminantes ambientales, sino lo relacionado con el accionar municipal: PGIRS, PSMV, minería, educación ambiental, entre otros. 2. IMG 24"Porcentaje de municipios asesorados o asistidos en la inclusión del componente ambiental en los procesos de planificación y ordenamiento territorial, con énfasis en la incorporación de las determinantes ambientales para la revisión y ajuste de los POT", el cumplimiento es del 100%.
A15: 2021 | B15: 16 | C15: 36 | D15: =+B15/C15 -> 0.44444444 | E15: Con corte a 31-08-2021 se han iniciado procesos con los municipios pero no ha concluído ninguno se está cumpliendo con el cronograma. Los IMG para la vigencia 2021 son los mismos de los años anteriores: 1. IMG 7 "Porcentaje de entes territoriales asesorados en la incorporación, planificación y ejecución de acciones relacionadas con cambio climático en el marco de los instrumentos de planificación territorial", el cumplimiento es del 100%, lo cual se realizó en el marco de la asistencia, asesoría de la formulación de los planes de desarrollo municipal y departamental. Donde no solomanete se trabajaron los temas de gestión de riesgo, cambio climático y detrrtminantes ambientales, sino lo relacionado con el accionar municipal: PGIRS, PSMV, minería, educación ambiental, entre otros. 8 de 19 2. IMG 24"Porcentaje de municipios asesorados o asistidos en la inclusión del componente ambiental en los procesos de planificación y ordenamiento territorial, con énfasis en la incorporación de las determinantes ambientales para la revisión y ajuste de los POT", el cumplimiento es del 100%. 8 de 19
A18: Fuentes de Información: | C18: Verificar IMG 7 e IMG 24
B21: Debido a que este indicador solo se evidencia con el cumplimiento de la meta se requiere ajustar a porcentaje de cumplimiento medido así; #municipios asesorados/#total de municipios, de esta forma está mas acorde con el IMG
B22: De esta forma se puede realizar el seguimiento trimestral

Sheet Hoja 4. PG-7 (2)
A3: 7. PORCENTAJE (%) DE CUMPLIMIENTO POR PROCESO DE LA META MADS DEL INDICE DE EVALUACIÓN DE DESEMPEÑO INSTITUCIONAL -IEDI
A5: Resultados
A6: Vigencia | B6: Dato | C6: Meta | D6: Cumplimiento
A7: 2019 | B7: 1 | C7: 1 | D7: 1
A8: 2020 | B8: =+E14 -> 1 | C8: 1 | D8: 1
A9: 2021 | C9: 1 | D9: 1
A12: Vigencia | B12: N° de Metas cumplidas del proceso en el IEDI | C12: N° Total de metas del proceso en el IEDI | D12: Meta del MADS para la vigencia | E12: (N° de Metas cumplidas del proceso en el IEDI / N°Total de metas del proceso en el IEDI))/meta del MADS para la vigencia | F12: Análisis de Datos
A13: 2019 | B13: 1 | C13: 1 | D13: 1 | E13: =+(B13/C13)/D13 -> 1 | F13: El indicador que aplica del IEDI al proceso de Planeaciòn Global es "Porcentaje de municipios con seguimiento de la concertación ambiental en sus documentos de planificación territorial", el cual se cumplió en 100% de acuerdo al reporte del MADS.
A14: 2020 | B14: 1 | C14: 1 | D14: 1 | E14: =+(B14/C14)/D14 -> 1 | F14: El indicador que aplica del IEDI al proceso de Planeaciòn Global es "Porcentaje de municipios con seguimiento de la concertación ambiental en sus documentos de planificación territorial", el cual se cumplió en 100% de acuerdo al reporte del MADS en el año 2020. Los 19 municipios concertaron el componente ambiental de los planes de desarrollo municipal - PDM,
A15: 2021 | B15: 0 | C15: 1 | D15: 1 | E15: =+(B15/C15)/D15 -> 0 | F15: A la subdirección han ingresado 3 solicitudes de concertación ambiental POT de los municipios Arboletes, Apartadó y San Pedro de Urabá. Todos se encuentran suspendidos dentro de los tiempos legales de concertación.
B17: Debido a que este indicador solo se evidencia con el cumplimiento de la meta se requiere ajustar a porcentaje de cumplimiento medido así; #municipios asesorados/#total de municipios, de esta forma está mas acorde con el IMG
B18: De esta forma se puede realizar el seguimiento trimestral

Sheet Hoja 5. GP
A3: PROCESO GP: GESTIÓN DE PROYECTOS
A5: OBJETIVO DEL PROCESO | C5: CATEGORÍA DEL INDICADOR | D5: NOMBRE DEL INDICADOR | E5: FORMULA | F5: INTERPRETACION | G5: TIPO DE INDICADOR (Favor registre si es de meta máxima, meta mínima o de máximo y minimo) | J5: FRECUENCIA | K5: META | L5: NIVEL DE CUMPLIMIENTO (Favor registre los valores del indicador correspondientes a los posibles resultados) | N5: RESPONSABLE | O5: OBJETIVO ASOCIADO | P5: RESULTADO
G6: Tipo | H6: Definición | I6: Tendencia Adecuada del Indicador | L6: Posible Resultado | M6: Análisis de Resultados y Formulación de Acciones
G7: De Meta Máxima | H7: Cuando los datos del indicador no deben superar el valor de la meta. | I7: Decreciente | L7: Satisfactoria | M7: Se podrá mantener o establecer una meta mas exigente e/o incluir acciones realizadas para el logro de las metas de los indicadores dentro de los documentos del Sistema de Gestión Corporativo.
G8: De Meta Mínima | H8: Cuando los datos del indicador no deben ser inferiores al valor de la meta. | I8: Creciente | L8: Moderada | M8: Se declara una OPORTUNIDAD DE MEJORAMIENTO, frente a la cual se pueden formular Acciones Preventivas para evitar el incumplimiento de las metas en los próximos periodos.
G9: De Máximo y Mínimo | H9: Cuando los datos se deben mantener dentro de un rango, no siendo inferior a un valor o superior a otro. | I9: Dentro de un Rango | L9: Insatisfactoria | M9: Se declara una NO CONFORMIDAD, frente a la cual se formulan Correciones y Acciones correctivas.
L10: Satisfactoria
L11: Moderada
L12: Insatisfactoria
L13: Satisfactoria
L14: Moderada
L15: Insatisfactoria
L16: Satisfactoria
L17: Moderada
L18: Insatisfactoria
L19: Satisfactoria
L20: Moderada
L21: Insatisfactoria
... L33: Insatisfactoria

Sheet Hoja 5. GP 2017
A2: PROCESO GP: GESTIÓN DE PROYECTOS
A4: OBJETIVO DEL PROCESO | C4: CATEGORÍA DEL INDICADOR | D4: NOMBRE DEL INDICADOR | E4: FORMULA | F4: INTERPRETACION | G4: TIPO DE INDICADOR (Favor registre si es de meta máxima, meta mínima o de máximo y minimo) | J4: FRECUENCIA | K4: META | L4: NIVEL DE CUMPLIMIENTO (Favor registre los valores del indicador correspondientes a los posibles resultados) | N4: RESPONSABLE | O4: OBJETIVO ASOCIADO
G5: Tipo | H5: Definición | I5: Tendencia Adecuada del Indicador | L5: Posible Resultado | M5: Análisis de Resultados y Formulación de Acciones
G6: De Meta Máxima | H6: Cuando los datos del indicador no deben superar el valor de la meta. | I6: Decreciente | L6: Satisfactoria | M6: Se podrá mantener o establecer una meta mas exigente e/o incluir acciones realizadas para el logro de las metas de los indicadores dentro de los documentos del Sistema de Gestión Corporativo.
G7: De Meta Mínima | H7: Cuando los datos del indicador no deben ser inferiores al valor de la meta. | I7: Creciente | L7: Moderada | M7: Se declara una OPORTUNIDAD DE MEJORAMIENTO, frente a la cual se pueden formular Acciones Preventivas para evitar el incumplimiento de las metas en los próximos periodos.
G8: De Máximo y Mínimo | H8: Cuando los datos se deben mantener dentro de un rango, no siendo inferior a un valor o superior a otro. | I8: Dentro de un Rango | L8: Insatisfactoria | M8: Se declara una NO CONFORMIDAD, frente a la cual se formulan Correciones y Acciones correctivas.
A9: Ejecutar el Plan de Acción Corporativo con la formulación, ejecución, seguimiento y evaluación de proyectos para cumplir las directrices establecidas en el ordenamiento ambiental de la jurisdicción y contribuir a su desarrollo sostenible y mejoramiento de la calidad de vida de la población. | C9: Eficiencia | D9: PORCENTAJE (%) DE PROYECTOS EVALUADOS PARA SU VIABILIZACIÓN EN UN TIEMPO IGUAL O INFERIOR A LO REGLAMENTADO EN EL SGC. | E9: (N° de proyectos evaluados para su viabilización en un tiempo igual o inferior a lo reglamentado en el SGC / N° de proyectos evaluados para su viabilización)*100. | F9: Mide el porcentaje de proyectos viabilizados en un tiempo igual o inferior a lo reglamentado en el SGC. | G9: De Meta Mínima | J9: Semestral | K9: 90% o más | L9: Satisfactoria | M9: 90% o más | N9: Lider del Proceso (Subdirector de Planeación y Ordenamiento Territorial con el apoyo de Equipo de Trabajo) | O9: Calidad del Servicio - Procedimiento
L10: Moderada | M10: De 80% a 89,9%
L11: Insatisfactoria | M11: Menos de 80%
C12: Efectividad | D12: PORCENTAJE (%) DE ENCUESTA DE SATISFACCIÓN CALIFICADAS POR LOS USUARIOS DE PROYECTOS CON UNA NOTA SUPERIOR O IGUAL A TRES PUNTO CINCO (3.5) SOBRE CINCO (5.0). | E12: (N° de encuestas de satisfacción calificadas por los Usuarios de proyectos con una nota superior o igual a tres punto cinco (3.5) sobre cinco (5.0) / N° de encuestas de satisfacción calificadas por los Usuarios de proyectos)*100. | F12: Mide el nivel de satisfacción de los Usuarios por los proyectos ejecutados. | G12: De Meta Mínima | J12: Anual | K12: 95% o más | L12: Satisfactoria | M12: 95% o más | N12: Lider del Proceso (Subdirector de Planeación y Ordenamiento Territorial con el apoyo de Equipo de Trabajo) | O12: Calidad del Servicio - Mejoramiento
L13: Moderada | M13: De 80% a 94,9%
L14: Insatisfactoria | M14: Menos de 80%
C15: Eficacia | D15: PORCENTAJE (%) DE ACCIONES CORRECTIVAS DE SERVICIOS NO CONFORMES ESTABLECIDAS EFICAZMENTE. | E15: (N° de acciones correctivas de servicios no conformes establecidas eficazmente / N° de acciones correctivas de servicios no conformes establecidas) *100. | F15: Mide el porcentaje de acciones correctivas establecidas para servicios no conformes que tuvieron la capacidad de alcanzar el efecto que se esperaba o deseaba tras la realización de la misma. | G15: De Meta Mínima | J15: Semestral | K15: 90% o más | L15: Satisfactoria | M15: 90% o más | N15: Lider del Proceso (Subdirector de Planeación y Ordenamiento Territorial con el apoyo de Equipo de Trabajo) | O15: Calidad del Servicio - Mejoramiento
L16: Moderada | M16: De 70% a 89,9%
L17: Insatisfactoria | M17: Menos de 70%
C18: Eficacia | D18: PORCENTAJE DE PROYECTOS CON SEGUIMIENTO FÍSICO Y FINANCIERO EN EL APLICATIVO CITA Y CON CUMPLIMIENTO DE LOS REQUISITOS | E18: (N° de proyectos con seguimiento físico y financiero en el aplicativo CITA/ N° de proyectos 2016)*100. | F18: Mide la proporción de los proyectos 2016 a los cuales se les realiza seguimiento de las metas físicas y financieras en el aplicativo CITA, con el fin de contribuir en la minimización o anulación de un posible "Incumplimiento de metas físicas y financieras de los proyectos". | G18: De Meta Mínima | J18: Semestral | K18: 90% o más | L18: Satisfactoria | M18: 90% o más | N18: Lider del Proceso (Subdirector de Planeación y Ordenamiento Territorial con el apoyo de Equipo de Trabajo) | O18: Planes Ambientales Corporativos implementados - Riesgos
L19: Moderada | M19: De 80% a 89,9%
L20: Insatisfactoria | M20: Menos de 80%
C21: Eficacia | D21: Nº DE CAPACITACIONES REALIZADAS A USUARIOS EXTERNOS PARA LA PRESENTACIÓN DE PROYECTOS A CORPOURABA | E21: N° de capacitaciones dirigidas al usuario externo realizadas | F21: Mide las capacitaciones dirigidas al usuario externo de la Corporación buscando mejorar la presentación de proyectos de acuerdo a los lineamientos y directrices de la Entidad | G21: De Meta Mínima | J21: Anual | K21: 5 capacitaciones | L21: Satisfactoria | M21: 5 capacitaciones | N21: Lider del Proceso (Subdirector de Planeación y Ordenamiento Territorial con el apoyo de Equipo de Trabajo) | O21: Planes Ambientales Corporativos implementados - Riesgos
L22: Moderada | M22: 3-4 capacitaciones
L23: Insatisfactoria | M23: Menos de 3 capacitaciones
C24: Eficacia | D24: Nº DE CAPACITACIONES REALIZADAS SOBRE MARCO LÓGICO, HERRAMIENTAS NACIONALES PARA GESTIÓN DE PROYECTOS, CUMPLIMIENTO DEL PROCESOS DE PROYECTOS Y MANEJO MODULO DE PROYECTOS | E24: N° de capacitaciones a los funcionarios realizadas | F24: Mide el fortalecimiento de los funcionarios en la formulación y presentación de proyectos en el marco de las directrices del Gobierno Nacional y los procedimientos internos | G24: De Meta Mínima | J24: Anual | K24: 3 capacitaciones | L24: Satisfactoria | M24: 3 capacitaciones | N24: Lider del Proceso (Subdirector de Planeación y Ordenamiento Territorial con el apoyo de Equipo de Trabajo) | O24: Planes Ambientales Corporativos implementados - Riesgos
L25: Moderada | M25: 2 capacitaciones
L26: Insatisfactoria | M26: 1 capacitaciones
C27: Eficacia | D27: REALIZACIÓN DE CAPACITACIONES A LOS FUNCIONARIOS EN PROYECTOS Y ADMINISTRACIÓN EN EL APLICATIVO CITA. | E27: N° de capacitaciones a los funcionarios realizadas | F27: Mide el fortalecimiento de los funcionarios en el seguimiento del proyecto en el aplicativo CITA | G27: De Meta Mínima | J27: Anual | K27: 2 capacitaciones | L27: Satisfactoria | M27: 2 capacitaciones | N27: Lider del Proceso (Subdirector de Planeación y Ordenamiento Territorial con el apoyo de Equipo de Trabajo) | O27: Calidad del Servicio - Riesgos
L28: Moderada | M28: 1 capacitaciones
L29: Insatisfactoria | M29: 0 capacitaciones
A31: =+D9 -> PORCENTAJE (%) DE PROYECTOS EVALUADOS PARA SU VIABILIZACIÓN EN UN TIEMPO IGUAL O INFERIOR A LO REGLAMENTADO EN EL SGC.
G33: 2012 | H33: 2013 | I33: 2014 | J33: 2015 | K33: 2016 | L33: 2017
A34: Porcentaje (%) de Proyectos Evaluados para su Viabilización en un Tiempo Igual o Inferior a lo Reglamentado en el SGC. | G34: 0.97 | H34: 1 | I34: 0.98 | J34: =+K42 -> 0.98076923 | K34: 1 | L34: 1
A35: Meta | G35: 1 | H35: 1 | I35: 1 | J35: 1 | K35: 1 | L35: 1
G37: AÑO | I37: ANALISIS DE RESULTADOS | L37: ACCIONES
I38: N° de proyectos evaluados para su viabilización en un tiempo igual o inferior a lo reglamentado en el SGC. | J38: N° de proyectos evaluados para su viabilización. | K38: % de proyectos evaluados para su viabilización en un tiempo igual o inferior a lo reglamentado en el SGC.
G39: 2012 | I39: 77 | J39: 79 | K39: =+I39/J39 -> 0.97468354 | L39: • Los proyectos que superaron el tiempo para la evaluación son: -“Establecimiento de cinco viveros escolares con fines de reforestación en la región de Urabá” en 4 días. -“Aislamiento y reforestación de plantación protectora en las zonas de influencia de las cuencas hidrográficas en la parte media y baja del río San Juan y Damaquiel” en 21 días. Para la vigencia 2013 se realizaran capacitaciones de refuerzo tanto en la formulación como en la modificación de proyectos, incluyendo la importancia de cumplimiento de terminos y el conducto regular establecido en los procedimientos; adicionalmente se continuará con la implementación del módulo de Gestión de Proyectos del aplicativo CITA, que permitirá tener controles al respecto.
G40: 2013 | I40: 78 | J40: 78 | K40: =+I40/J40 -> 1 | L40: En la presente vigencia, en el Banco de Proyectos se encuentran registrados 101 proyectos (corporativos y externos) con corte al 31 de diciembre, de los cuales se han evaluado a la fecha 78 proyectos cumpliendo con los términos del Sistema de Gestión Corporativo, respondiendo a los proponentes en un tiempo menor a 30 días hábiles.
G41: 2014 | I41: 52 | J41: 53 | K41: =+I41/J41 -> 0.98113208 | L41: En la presente vigencia, en el Banco de Proyectos se encuentran registrados 53 proyectos (corporativos y externos) con corte al 31 de diciembre, que fueron evaluados y de esto 52 cumplen con los términos del Sistema de Gestión Corporativo, respondiendo a los proponentes en un tiempo menor a 30 días hábiles. El proyecto que no cumplió con el tiempo para dar respuesta al usuario fue: * El proyecto externo "Mejoramiento ambiental y técnico de la planta de compostaje del municipio de Chigorodó buscando con ello la generación de empleos directos y una cultura participativa que permita el empoderamiento de los recursos naturales por parte de la comunidad orientada a alcanzar un producto final de buena calidad", fue presentado a la Corporación mediante oficio radicado No. 300-34-01-21-2211-2014 en mayo 20/2014 y el día 21/05/2014 fue entregado a la SGAA para su evaluación y concepto técnico con radicado No. 300-06-02-01-228 de mayo 21/14. El evaluador emitió el concepto el día 27/05/2014 y los documentos con los soportes y la evaluación fueron entregados a la SPOT el día 21/07/2014, finalmente se dió respuesta al usuario el día 28/07/2014; 15 días depués de la fecha límite para respoder al usuario (04/07/2014). En el periodo entre el 27/05/2014 y el 21/07/2014, se desconoce la ubicación de los documentos. Para la presente vigencia se realizaron capacitaciones de refuerzo tanto en la formulación (MADS) como en la modificación de proyectos en el aplicativo CITA.
G42: 2015 | I42: 51 | J42: 52 | K42: =+I42/J42 -> 0.98076923 | L42: En la presente vigencia, en el Banco de Proyectos se encuentran registrados 52 proyectos (corporativos y externos) con corte al 30 de junio, que fueron evaluados y de esto 51 cumplen con los términos del Sistema de Gestión Corporativo, respondiendo a los proponentes en un tiempo menor a 30 días hábiles. El proyecto que no cumplió con el tiempo para dar respuesta al usuario fue: * El proyecto externo "Limpieza de 8.000 metros de las Riveras del río Volcán y río Hobo en el Municipio de Arboletes", fue presentado a la Corporación mediante oficio radicado No. 400-06-01-01-955-2015 en febrero 26/2015 y el día 03/03/2015 fue entregado a la SGAA para su evaluación y concepto técnico con radicado No. 300-06-02-01-87 de marzo 3/15. El evaluador emitió el concepto el día 24/06/2015 y los documentos con los soportes y la evaluación fueron entregados a la SPOT el día 24/06/2015, finalmente se dió respuesta al usuario el día 25/06/2015; 75 días depués de la fecha límite para respoder al usuario (17/04/2015). En el periodo entre el 17/04/2015 y el 24/06/2015, se desconoce la ubicación de los documentos. Para la presente vigencia se realizaron capacitaciones de refuerzo los los módulos de gestión y modificación de proyectos en el aplicativo CITA.
G43: 2016 | I43: 38 | J43: 38 | K43: =+I43/J43 -> 1 | L43: En la presente vigencia, en el Banco de Proyectos se encuentran registrados 38 proyectos (corporativos y externos) con corte al 30 de junio, que fueron evaluados y todos fueron evaluados en un tiempo menor a 30 días hábiles.
G44: 2017 | I44: 34 | J44: 34 | K44: =+I44/J44 -> 1 | L44: Se aprobaron 13 proyectos
A46: =+D12 -> PORCENTAJE (%) DE ENCUESTA DE SATISFACCIÓN CALIFICADAS POR LOS USUARIOS DE PROYECTOS CON UNA NOTA SUPERIOR O IGUAL A TRES PUNTO CINCO (3.5) SOBRE CINCO (5.0).
G48: 2011 | H48: 2012 | I48: 2013 | J48: 2014 | K48: 2015 | L48: 2016 | M48: 2017
A49: Porcentaje (%) de Encuesta de Satisfacción Calificadas por los Usuarios de Proyectos con una Nota Superior o Igual a Tres Punto Cinco (3.5) sobre Cinco (5.0) | G49: 0.89 | H49: 0.97 | I49: 0.987 | J49: =+L58 -> 1 | K49: =+L59 -> #DIV/0! | L49: =+L60 -> 1 | M49: =+L61 -> 1
A50: Meta | G50: 0.95 | H50: 0.95 | I50: 0.95 | J50: 0.95 | K50: 0.95 | L50: 0.95 | M50: 0.95
G52: AÑO | H52: Nombre de Proyecto | J52: ANALISIS DE RESULTADOS | M52: ACCIONES
J53: N° de encuestas de satisfacción calificadas por los Usuarios de proyectos con una nota superior o igual a tres punto cinco (3.5) sobre cinco (5.0). | K53: N° de encuestas de satisfacción calificadas por los Usuarios de proyectos | L53: % de encuesta de satisfacción calificadas por los Usuarios de proyectos con una nota superior o igual a tres punto cinco (3.5) sobre cinco (5.0).
G54: 2011 | H54: Total | J54: 158 | K54: 177 | L54: =+J54/K54 -> 0.89265537 | M54: Desarrollo de estrategias de conservación de ecosistemas de especial importancia ambiental: 21/23=91,3% Implementación de los planes de manejo de los páramos de la jurisdicción: 10/10=100,0% Fomentar el manejo de bosques con comunidades rurales con énfasis en especies promisorias a nivel forestal: 6/7=85,7% Mantenimiento de plantaciones forestales. 2/2=100,0% Formación de promotores ambientales – gestión del riesgo: 6/6=100,0% Implementación PAAEME - obras de mitigación contra la erosión e inundación en el barrio primero de Mayo en el municipio de Apartadó y el corregimiento el Tres municipio de Turbo: 16/29=55,2% Fomento al mantenimiento de hectáreas con coberturas forestales protectora: 15/16=93,75% Declaración de áreas de reserva y articuladas en el marco de SIDAP: 19/19=100% Obras de mitigación para el control de inundaciones y socavación lateral en el corregimiento de Currulao y San José de Apartadó: 19/20=95% Saneamiento ambiental rural: 36/37=97% Fomento al establecimiento de hectáreas con coberturas forestales productora – TSE: 8/8=100%
G55: 2012 | H55: Total | J55: 132 | K55: 136 | L55: =+J55/K55 -> 0.97058824 | M55: Ordenación de Cuencas: 19/22=86,4% Seguimiento a los Planes de Acción de los Convenios de Producción Limpia Existentes (Café, Plátano, Banano, Panela): 10/10=100,0% Fomento al Establecimiento de Hectáreas en Coberturas Forestales Protectora – Productora: 15/15=100% Implementación de los Planes de Manejo de los Páramos de la Jurisdicción: 12/13=92,3% Implementación PAAME: 17/17=100% Fomento al Mantenimiento de Hectáreas con Coberturas Forestales Protectoras: 11/11=100% Fomento al Establecimiento de Hectáreas con Coberturas Forestales Productora – TSE: 6/ 6=100% Formación de Promotores Socioambientales: 4/4=100% Retiro de Empalizadas en las Cuencas de los Ríos de la Jurisdicción de CORPOURABA: 24/ 24=100% Fomentar el Manejo de Bosques con Comunidades Rurales con Énfasis en Especies Promisorias a Nivel Forestal: 14/14=100%
G56: 2013 | H56: Total | J56: 74 | K56: 75 | L56: =+J56/K56 -> 0.98666667 | M56: Convenio 087/12 Urrao: 6/6=100% Ordenación de Cuencas: 7/7=100% Establecimiento y Restauración de Bosques: 6/6=100% Aplicación de la Política Nacional de Educación Ambiental: 10/10=100% Fomento al Establecimiento y Mantenimiento de Hectáreas con Coberturas Forestales Produtora – TSE: 7/7=100% Implementación del Plan de Manejo de Humedales del Atrato: 12/13=92,3% Convenios de Producción Limpia, Buenas Prácticas y Reconversión: 8/8=100% Formulación e Implementación Plan de Manejo Integral UAC Darien: 18/18=100% Convenio 087/12: -"Recursos para el mantenimiento de la plantación". -"Recursos para mantenimiento de la reforestación". -"Demora en los desembolsos, por lo cual se solicita la entrega rápida". -"Recursos para el mantenimiento de la plantación". -"Cumplimiento de los tiempos, mayor información técnica". -"Suministrar recursos para realizar mantenimiento a la plantación". Ordenación de Cuencas -"Para mi no hay sugerencia sino que sigan así gracias". -"Mas acompañamiento para la ayuda de mantener el medio ambiente". -"Socializar mas los proyectos a cada comunidad". -"Darles continuidad a los proyectos para una mayor sensibilidad futura". -"Esta clase de proyectos deben ser desarrollados en los primeros meses que empiecen las lluvias". -"Que el terreno sea mejor y el que le toque pagar sea cumplido con el contratista". Aplicación de la Política Nacional de Educación Ambiental
M57: "Todo bién". - "Creo que falta continuidad para que hagamos cosas en la comunidad". - "Que integren mas a la comunidad y que continuen con el proyecto". Fomento al Establecimiento y Mantenimiento de Hectáreas con Coberturas Forestales Productora - TSE - "El mantenimiento de plantaciones menores de un año sea más rápido (evitar pérdidas, materia)". - "Realizar los mantenimientos a tiempo sobre todo a las plantaciones pequeñas". Implementación del Plan de Manejo de Humedales del Atrato - "Que se siga apoyando en todo lo que vamos a realizar". - "Cuando se vaya a realizar una compra tener en cuenta a los socios". - "Sugiero que se nos tenga encuenta en las compras". - "Cumplimiento en los proyectos". - "Presencia en la comunidad". Formulación e Implementación Plan de Manejo Integral UAC Darién - "Mi sugerencia sería que hubiera sido para toda la comunidad". -"El beneficio ideal que hubiera sido para todos". -"Sugiero que la próxima vez deben traer un proyecto que a la vez se beneficie toda la comunidad". -"Excelente".
G58: 2014 | H58: Total | J58: 315 | K58: 315 | L58: =+J58/K58 -> 1 | M58: Por todo se aplicaron 315 encuestas, de las cuales 302 están en el rango de calificación 4,6 a 5 y 13 entre 4 a 4,5, con las siguientes observaciones: Convenio Giraldo: establecimiento de huertos leñeros y estufas eficientes Convenio Abriaquí: Establecimiento de huertos leñeros y estufas eficientes Convenio Abriaquí: invenadero Convenio Abriaquí, reforestación TSE "Mas acompañamiento técnico" -Hacer un seguimiento y acompañamiento continuo a los proyectos para su buena ejecución" -"Mas acompañamiento técnico" -"Gracias que fue muy bueno, que haya mas cobertura para los demás" -"más cobertura para el resto de las comunidades" -Gracias quetodo fue muy bueno, que haya mas cobertura para los demás" -"Hacer más fogones y siembra de arboles" -"Se requiere más cobertura para el municipio" -"Muchas gracias por el beneficio -"Muchas gracias" -"Muchas gracias CORPOURABA por tenernos en cuenta en el proyecto" -"Sí hay forma de ampliar cobertura para el municipio" -"Muchas gracias por el regalo de la estufa
G59: 2015 | H59: Total | J59: 0 | K59: 0 | L59: =+J59/K59 -> #DIV/0! | M59: Para el periodo no se han realizado las encuestas de proyectos, se realizan una vez finalice la ejecución del 2015; es decir, las encuestas se aplicarán el los primeros meses del 2016
G60: 2016 | H60: Total | J60: 9 | K60: 9 | L60: =+J60/K60 -> 1
G61: 2017 | H61: Total | J61: 16 | K61: 16 | L61: =+J61/K61 -> 1
A63: =+D15 -> PORCENTAJE (%) DE ACCIONES CORRECTIVAS DE SERVICIOS NO CONFORMES ESTABLECIDAS EFICAZMENTE.
G65: 2012 | H65: 2013 | I65: 2014 | J65: 2015 | K65: 2016 | L65: 2017
A66: Porcentaje (%) de Acciones Correctivas de Servicios No Conformes Establecidas Eficazmente | G66: 1 | H66: =0/0% -> #DIV/0! | I66: 1 | J66: =+K76 -> 1 | K66: =+K81 -> 1 | L66: 1
A67: Meta | G67: 0.9 | H67: 0.9 | I67: 0.9 | J67: 0.9 | K67: 0.9 | L67: 0.9
G69: AÑO | I69: ANALISIS DE RESULTADOS | L69: ACCIONES
I70: N° de acciones correctivas de servicios no conformes establecidas eficazmente. | J70: N° de acciones correctivas de servicios no conformes establecidas. | K70: % de acciones correctivas de servicios no conformes establecidas eficazmente.
G71: 2012 | I71: 3 | J71: 3 | K71: =+I71/J71 -> 1 | L71: Por medio del Acta Nº300-01-04-18-0206 del 9 de octubre de 2012, se establecieron las siguientes acciones correctivas: 1. Una circular donde se socializa los tiempos para la evaluación de proyectos. Se cumplió a través de la circular Nº 300-05-01-01-0040-2012. 2. Capacitación procedimiento gestión de proyectos y aplicativo proyectos - CITA. Se cumplió en el mes de diciembre. 3. Implementación Aplicativo Gestión de Proyectos. Validada la información de proyectos en el Aplicativo CITA.
G72: 2013 | I72: 0 | J72: 0 | K72: =+I72/J72 -> #DIV/0! | L72: En la vigencia 2013, no hubo trabajo no conforme y por tanto no se generaron acciones correctivas.
G73: 2014 | H73: Semestre I | I73: 1 | J73: 1 | K73: =+I73/J73 -> 1 | L73: Se realizaron capacitaciones de refuerzo tanto en la formulación como en la modificación de proyectos, incluyendo en el cumplimiento de terminos para dar respuesta.
H74: Semestre II | I74: 1 | J74: 1 | K74: =+I74/J74 -> 1
H75: Total | I75: =SUM(I73:I74) -> 2 | J75: =SUM(J73:J74) -> 2 | K75: =+I75/J75 -> 1
G76: 2015 | H76: Semestre I | I76: 1 | J76: 1 | K76: =+I76/J76 -> 1 | L76: Se estableció y cumplió una acción correctiva de servicio no conforme debido a un proyecto que se entregó a evaluación, pero el funcionario no lo evaluó y presentó conforme a los tiempos establecidos y por ello no se respondió de manera oportuna al proponente. Como acción correctiva, se envió una circular a los funcionarios que evaluan los proyectos recordando los tiempos de acuerdo al SGC.
H77: Semestre II | K77: =+I77/J77 -> #DIV/0!
H78: Total | I78: =SUM(I76:I77) -> 1 | J78: =SUM(J76:J77) -> 1 | K78: =+I78/J78 -> 1
G79: 2016 | H79: Semestre I | K79: =+I79/J79 -> #DIV/0!
H80: Semestre II | K80: =+I80/J80 -> #DIV/0!
H81: Total | I81: 1 | J81: 1 | K81: =+I81/J81 -> 1
G82: 2017 | H82: Semestre I | K82: =+I82/J82 -> #DIV/0!
H83: Semestre II | K83: =+I83/J83 -> #DIV/0!
H84: Total | I84: 0 | J84: 0 | K84: =+I84/J84 -> #DIV/0!
A87: =+'Hoja 11. TABLA DE CONTROL'!B29 -> PORCENTAJE DE REDUCCIÓN CARGA CONTAMINANTE PARÁMETROS DBO5
A88: Meta | B88: Resultado | C88: ANALISIS DE RESULTADOS | H88: ACCIONES
A89: 85% o más. | B89: 1 | C89: De acuerdo con el módulo de GESTIÓN DE PROYECTOS, se realizó el seguimiento físico y financiero a 19 proyectos con corte a junio 30/2015 como lo establecen los procedimietos del SGC; la información se registra en el formato R-GP-06 "SEGUIMIENTO POAI". En la siguiente tabla se observa la información correspondiente al seguimiento de los proyectos: PROYECTO - SEGUIMIENTO FÍSICO - SEGUIMIENTO FINANCIERO Implementación del plan de manejo de humedales del Atrato Consolidación Sistema Regional de Areas Protegidas de la Jurisdiccioón de CORPOURABA - Ordenamiento y manejo del Complejo de páramos Frontino - Urrao Plan Regional de conservación y Restauración de Bosques Establecimiento, mantenimiento, restauración y conservación de bosques (TSE) Ajuste e Implementación Plan de Manejo Unidad Ambiental Costera del Darién - PGN Ordenación de Cuencas - Plan integral de protección y manejo de aguas subterráneas Regulación del uso de recursos hídricos e instrumentos económicos Cofinanciación Proyectos FRDH Saneamiento ambiental Apoyo en la gestión del riesgo y adaptación al cambio climático Apoyo a la implementación de Producción y Consumo Sostenible Mejoramiento continuo de la gestión misional Fortalecimiento del Laboratorio Consolidación del Hogar de Paso de Fauna Sivestre Fortalecimiento de la gestión como Autoridad Ambiental Comunicación y divulgacion para la promocion de una cultura ambiental Educacion Ambiental | H89: Para poder realizar el seguimiento físico y financiero de los proyectos se realizan las siguientes acciones: * Aprobación del presupuesto para la vigencia - CONSEJO DIRECTIVO. * Elaboración del POAI - SUBDIRECCION DE PLANEACION Y O. T. * Asignación de los responsables de los proyectos - DIRECCION GENERAL * Elaboración del POA inicial - RESPONSABLE DEL PROYECTO * Elaboración de la ejecución presupuestal mensual - JEFE DE PRESUPUESTO * Elaboración de informes trimestrales - RESPONSABLE DEL PROYECTO * Elaboración del informe de seguimiento a los proyecto - GESTION DE PROYECTOS
A91: =+'Hoja 11. TABLA DE CONTROL'!B30 -> PORCENTAJE DE REDUCCIÓN DE CARGA CONTAMINANTE PARÁMETROS SST.
A92: Meta | B92: Resultado | C92: ANALISIS DE RESULTADOS | H92: ACCIONES
A93: 5 capacitaciones | B93: 1 | C93: Se realizaron 6 capacitaciones documentadas a personal externo que realizan proyectos y 5 sin documentar, mas los envíos por correo y atenciones telefónicas. | H93: Se tienen programadas capacitaciones vituales con las territoriales, de tal forma que ellos la repliquen en la sede. La estrategia es realizarla vía skype a las territoriales en la última semana de octubre. Los coordinadores territoriales serán los encargados de repicarlas a los usuarios externos, en el mes de noviembre.
A95: =+'Hoja 11. TABLA DE CONTROL'!B31 -> PORCENTAJE (%) DE BOSQUES CON UN VOLUMEN DE APROVECHAMIENTO PERMISIONADO MENOR O IGUAL AL PERMISIONABLE.
A96: Meta | B96: Resultado | C96: ANALISIS DE RESULTADOS | H96: ACCIONES
A97: 3 capacitaciones | B97: 1 | C97: Cuatro funcionarios fueron enviados a Bogotá a capacitación en marco lógico y formulación de pytos del FCA. Reunión sobre modulo de proyectos del aplicativo CITA, realizado por IWEB. | H97: Pendiente solicitar un capacitación en el módulo de proyectos del aplicativo CITA.

Sheet Hoja 6. AA
A2: PROCESO AA: APLICACIÓN DE LA AUTORIDAD AMBIENTAL
A4: OBJETIVO DEL PROCESO | C4: CATEGORÍA DEL INDICADOR | D4: NOMBRE DEL INDICADOR | E4: FORMULA | F4: INTERPRETACION | G4: TIPO DE INDICADOR (Favor registre si es de meta máxima, meta mínima o de máximo y minimo) | J4: FRECUENCIA | K4: META | L4: NIVEL DE CUMPLIMIENTO (Favor registre los valores del indicador correspondientes a los posibles resultados) | N4: RESPONSABLE | O4: OBJETIVO ASOCIADO
G5: Tipo | H5: Definición | I5: Tendencia Adecuada del Indicador | L5: Posible Resultado | M5: Análisis de Resultados y Formulación de Acciones
G6: De Meta Máxima | H6: Cuando los datos del indicador no deben superar el valor de la meta. | I6: Decreciente | L6: Satisfactoria | M6: Se podrá mantener o establecer una meta mas exigente e/o incluir acciones realizadas para el logro de las metas de los indicadores dentro de los documentos del Sistema de Gestión Corporativo.
G7: De Meta Mínima | H7: Cuando los datos del indicador no deben ser inferiores al valor de la meta. | I7: Creciente | L7: Moderada | M7: Se declara una OPORTUNIDAD DE MEJORAMIENTO, frente a la cual se pueden formular Acciones Preventivas para evitar el incumplimiento de las metas en los próximos periodos.
G8: De Máximo y Mínimo | H8: Cuando los datos se deben mantener dentro de un rango, no siendo inferior a un valor o superior a otro. | I8: Dentro de un Rango | L8: Insatisfactoria | M8: Se declara una NO CONFORMIDAD, frente a la cual se formulan Correciones y Acciones correctivas.
A9: Administrar el uso y manejo de los recursos naturales en el marco del ordenamiento ambiental para el mantenimiento y/o mejoramiento de los bienes y servicios ambientales de la jurisdicción. | C9: Eficiencia | D9: Tiempo promedio de trámite para la resolución de autorizaciones ambientales otorgadas por la corporación | E9: Promedio de los tiempos de un tramite= sumatoria de los tiempos de los tramites atendidos/No. De tramites resueltos | F9: Es un Indicador Minimo de Gestion: Cuanto menor sea el tiempo promedio, teniendo como referencia los tiempos establecidos en la normativa, mayor es el cumplimiento por parte de la autoridad ambiental en la eficiencia en la resolución de las solicitudes de autorizaciones ambientales (licencias ambientales, concesiones de agua, permisos de aprovechamiento forestal, permisos de emisiones atmosféricas y permisos de vertimiento de agua | G9: De Meta Máxima | J9: Trimestral | K9: 1 | L9: Satisfactoria | M9: Hasta 100% | N9: Lider del Proceso (Subdirector de Gestión y Administración Ambiental con el apoyo de Equipo de Trabajo) | O9: Calidad del Servicio-objetivos
L10: Insatisfactoria | M10: Supera el 100%
C11: Eficiencia | D11: DESARROLLAR SEGUIMIENTO QUINCENAL A LOS TRAMITES QUE TIENEN RIESGO DE INCUMPLIMIENTO DE LOS TIEMPOS ESTABLECIDOS PARA DAR RESPUESTA A LOS USUARIOS | E11: % de tramites ambientales con cumplimiento de tiempos | F11: Mide el porcentaje de trámites resueltos en un tiempo igual o inferior a lo reglamentado en el SGC. | G11: De Meta mínima | J11: Trimestral | K11: 80% o más | L11: Satisfactoria | M11: 80% o más | N11: Lider del Proceso (Subdirector de Gestión y Administración Ambiental con el apoyo de Equipo de Trabajo) | O11: Calidad del Servicio - Riesgos
L12: Moderada | M12: De 50% a 79.9%
L13: Insatisfactoria | M13: Menos de 50%.
C14: Eficacia | D14: Porcentaje de autorizaciones ambientales con seguimiento en función de cantidad de autorizaciones | E14: No. De autorizaciones ambientales con seguimiento / No. De autorizaciones ambientales programadas | F14: Cuanto más cercano a cien por ciento, mayor es el cumplimiento de las metas que la autoridad ambiental se ha propuesto alcanzar en relación con el seguimiento a las autorizaciones ambientales (licencias ambientales, concesiones de agua, aprovechamiento forestal, emisiones atmosféricas y permisos de vertimiento). | G14: De Meta Mínima | J14: Semestral | K14: 80% o más | L14: Satisfactoria | M14: 80% o más | N14: Lider del Proceso (Subdirector de Gestión y Administración Ambiental con el apoyo de Equipo de Trabajo) | O14: Calidad del Servicio-indicador externo
L15: Moderada | M15: De 50% a 79.9%
L16: Insatisfactoria | M16: Menos de 50%
C17: Eficacia | D17: Porcentaje de autorizaciones ambientales con seguimiento (Ver fila 148) en funcion del volumen autorizado | E17: No. De autorizaciones ambientales con seguimiento / No. De autorizaciones ambientales programadas | F17: Cuanto más cercano a cien por ciento, mayor es el cumplimiento de las metas que la autoridad ambiental se ha propuesto alcanzar en relación con el seguimiento a las autorizaciones ambientales (licencias ambientales, concesiones de agua, aprovechamiento forestal, emisiones atmosféricas y permisos de vertimiento). | G17: De Meta Mínima | J17: Semestral | K17: 80% o más | L17: Satisfactoria | M17: 80% o más | N17: Lider del Proceso (Subdirector de Gestión y Administración Ambiental con el apoyo de Equipo de Trabajo) | O17: Calidad del Servicio-indicador externo
L18: Moderada | M18: De 50% a 79.9%
L19: Insatisfactoria | M19: Menos de 50%
C20: Eficacia | D20: Porcentaje de Procesos Sancionatorios Resueltos | E20: Es la relación entre el número de actos administrativos de determinación de la responsabilidad o de cesación de procedimiento expedidos, con respecto al número de actos administrativos de iniciación de procedimiento sancionatorio expedidos por la autoridad ambiental | F20: El indicador mide el cumplimiento por parte de la autoridad ambiental en la gestión de los procesos sancionatorios abiertos, con relación a la ocurrencia de infracciones en materia ambiental en su jurisdicción. | G20: DE Meta Mínima | J20: Trimestral | K20: 80% o más | L20: Satisfactoria | M20: 80% o más | N20: Lider del Proceso (Subdirector de Gestión y Administración Ambiental con el apoyo de Equipo de Trabajo) | O20: Calidad del Servicio-indicador externo
L21: Moderada | M21: De 50% a 79.9%
L22: Insatisfactoria | M22: Menos de 50%.
C23: Eficacia | D23: IP: % de quejas y contravenciones ambientales atendidas. | E23: Sumatoria de quejas por daños ambientales atendidas/sumatoria de quejas por daños ambientales recibias | F23: El indicador mide la atención de quejas y denuncias por daños ambientales o infracciones de norma , con relación a la ocurrencia de denuncias recibidas en su jurisdicción. | G23: De Meta Mínima | J23: Trimestral | K23: 1 | L23: Satisfactoria | M23: 95% al 100% | N23: Lider del Proceso (Subdirector de Gestión y Administración Ambiental con el apoyo de Equipo de Trabajo) | O23: Calidad del Servicio-indicador externo
L24: Moderada | M24: De 70% a 94.9%
L25: Insatisfactoria | M25: Menos de 70%.
C26: Efectividad | D26: Porcentaje (%) de encuesta de satisfacción calificadas por los usuarios de trámites ambientales resueltos con una nota superior o igual a cuatro (4,0) sobre cinco (5.0). | E26: (N° de encuestas de satisfacción calificadas por los Usuarios de trámites ambientales resueltos con una nota superior o igual a cuatro (4.0) sobre cinco (5.0) / N° de encuestas de satisfacción calificadas por los Usuarios de trámites ambientales resueltos)*100. | F26: Mide el porcentaje de encuestas de satisfacción calificadas por los Usuarios de trámites ambientales resueltos con una nota superior o igual a cuatro (4.0) sobre cinco (5.0). | G26: DE Meta Mínima | J26: Semestral | K26: 95% o más | L26: Satisfactoria | M26: 95% o más | N26: Lider del Proceso (Subdirector de Gestión y Administración Ambiental con el apoyo de Equipo de Trabajo) | O26: Calidad del Servicio-mejoramiento
L27: Moderada | M27: De 80% a 94,9%
L28: Insatisfactoria | M28: Menos de 80%
C29: Efectividad | D29: REALIZACIÓN DE CAPACITACIONES A LOS FUNCIONARIOS EN NORMATIVIDAD, PROCEDIMIENTOS Y APLICATIVO CITA. | E29: Realización de capacitaciones a los funcionarios en normatividad, procedimientos y aplicativo CITA. | F29: Mide Número de capacitaciones a los funcionarios en normatividad, procedimientos y aplicativo CITA. | G29: DE Meta Mínima | J29: Anual | K29: 3 eventos de capacitación | L29: Satisfactoria | M29: 4 Comites operando | N29: Líder de proceso. Coordinadores de área Subdirecciones de Gestión ambiental y área jurídica | O29: Cumplimiento- riesgos
L30: Moderada | M30: 2 Comites operando
L31: Insatisfactoria | M31: 1 Comites operando
C32: Eficacia | D32: GESTIONAR Y PARTICIPAR EN LOS COMITES INTERINSTITUCIONALES PARA COORDINAR LA APLICACIÓN DE LA NORMATIVIDAD Y EL EJERCICIO DE LA AUTORIDAD AMBIENTAL | E32: N° de comites interinstitucional | F32: Mide el N° de comites interinstitucional | G32: DE Meta Mínima | J32: Anual | K32: 4 Comites | L32: Satisfactoria | M32: 3 capacitaciones | N32: Líder de proceso. Coordinadores de área Subdirecciones de Gestión ambiental y área jurídica | O32: Calidad del Servicio- riesgos
L33: Moderada | M33: 2 capacitaciones
L34: Insatisfactoria | M34: 1 Capacitación
C35: Eficacia | D35: CAPACITACIÓN Y SOCIALIZACIÓN DE TEMA COMO VALORES CORPORATIVOS, CÓDIGO DE ÉTICA, CÓDIGO ÚNICO DISCIPLINARIO | E35: N° de capacitaciones y/o socializaciones | F35: Mide el N° de capacitaciones y/o socializaciones | G35: De Meta Mínima | J35: Anual | K35: 4 Capacitaciones y/o socialización | L35: Satisfactoria | M35: 4 Capacitaciones y/o socializaciones | N35: Director General y/o Representante de la Dirección | O35: Calidad del Servicio- riesgos
L36: Moderada | M36: 2 Capacitaciones y/o socializaciones
L37: Insatisfactoria | M37: 1 Capacitaciones y/o socializaciones
A40: =+D9 -> Tiempo promedio de trámite para la resolución de autorizaciones ambientales otorgadas por la corporación
A43: Tramite | B43: Variable | D43: Año 2016 | E43: Año 2017 | F43: Año 2018 | G43: Año 2019
D44: Con corte a 30/09/2016 | E44: Con corte a: | F44: Con corte a: | G44: Con corte a:
A45: Licencia Ambiental (71 días hábiles) | B45: TL.A. Tiempo efectivo de duración del trámite de otorgamiento de licencias ambientales (número de días) | C45: Trimestre 1 | D45: 175
C46: Trimestre 2 | D46: =191+168 -> 359
C47: Trimestre 3 | D47: 0
C48: Trimestre 4
C49: Total | D49: =SUM(D45:D48) -> 534
B50: N L.A.: Número de solicitudes de licencia ambiental atendidos | C50: Trimestre 1 | D50: 1
C51: Trimestre 2 | D51: 2
C52: Trimestre 3 | D52: 0
C53: Trimestre 4
C54: Total | D54: =SUM(D50:D53) -> 3
B55: Tx L.A. Tiempo promedio efectivo de duración del trámite de licencias ambientales | C55: Trimestre 1 | D55: =+D45/D50 -> 175
C56: Trimestre 2 | D56: =+D46/D51 -> 179.5
C57: Trimestre 3
C58: Trimestre 4
C59: Total | D59: =+D49/D54 -> 178
A60: Concesiones de agua (Superficial y subterránea)- 55 días hábiles | B60: T C.A.S. Tiempo efectivo de duración del trámite de otorgamiento de una concesión de agua (número de días) | C60: Trimestre 1 | D60: =108+183 -> 291 | E60: 526
C61: Trimestre 2 | D61: =619+30 -> 649 | E61: 640
C62: Trimestre 3 | D62: =400+732 -> 1132 | E62: 1263
C63: Trimestre 4
C64: Total | D64: =SUM(D60:D63) -> 2072 | E64: =SUM(E60:E63) -> 2429
B65: N C.A.S.: Número de solicitudes de concesión de agua recibidas en el periodo. | C65: Trimestre 1 | D65: 4 | E65: 8
C66: Trimestre 2 | D66: 15 | E66: 19
C67: Trimestre 3 | D67: =14+7 -> 21 | E67: 32
C68: Trimestre 4
C69: Total | D69: =SUM(D65:D68) -> 40 | E69: =SUM(E65:E68) -> 59
B70: Tx C.A.S. Tiempo promedio efectivo de duración del trámite de Concesiones de Agua. | C70: Trimestre 1 | D70: =+D60/D65 -> 72.75 | E70: =+E60/E65 -> 65.75
C71: Trimestre 2 | D71: =+D61/D66 -> 43.266667 | E71: =+E61/E66 -> 33.684211
C72: Trimestre 3 | D72: =+D62/D67 -> 53.904762 | E72: =+E62/E67 -> 39.46875
C73: Trimestre 4
C74: Total | D74: =+D64/D69 -> 51.8 | E74: =+E64/E69 -> 41.169492
A75: Permisos de vertimiento de agua | B75: TP.V. Tiempo efectivo de duración del trámite de otorgamiento de un permiso de vertimiento (número de días) | C75: Trimestre 1 | D75: 422 | E75: 474
C76: Trimestre 2 | D76: 987 | E76: 3331
C77: Trimestre 3 | D77: 699 | E77: 3293
C78: Trimestre 4
C79: Total | D79: =SUM(D75:D78) -> 2108 | E79: =SUM(E75:E78) -> 7098
B80: N P.V.: Número de solicitudes de permisos de vertimiento recibidas en el periodo. | C80: Trimestre 1 | D80: 5 | E80: 6
C81: Trimestre 2 | D81: 8 | E81: 33
C82: Trimestre 3 | D82: 10 | E82: 34
C83: Trimestre 4
C84: Total | D84: =SUM(D80:D83) -> 23 | E84: =SUM(E80:E83) -> 73
B85: Tx P.V. Tiempo promedio efectivo de duración del trámite de otorgamiento de un permiso de vertimiento. | C85: Trimestre 1 | D85: =+D75/D80 -> 84.4 | E85: =+E75/E80 -> 79
C86: Trimestre 2 | D86: =+D76/D81 -> 123.375 | E86: =+E76/E81 -> 100.93939
C87: Trimestre 3 | D87: =+D77/D82 -> 69.9 | E87: =+E77/E82 -> 96.852941
C88: Trimestre 4
C89: Total | D89: =+D79/D84 -> 91.652174 | E89: =+E79/E84 -> 97.232877
A90: Permisos de aprovechamiento forestal | B90: TP.E. Tiempo efectivo de duración del trámite de otorgamiento de un permiso de aprov forestal (número de días) | C90: Trimestre 1 | D90: 166 | E90: 305
C91: Trimestre 2 | D91: 474 | E91: 374
C92: Trimestre 3 | D92: 443 | E92: 116
C93: Trimestre 4
C94: Total | D94: =SUM(D90:D93) -> 1083 | E94: =SUM(E90:E93) -> 795
B95: N A.F. Número de solicitudes de permisos de aprovechamiento forestal recibidas en el periodo | C95: Trimestre 1 | D95: 4 | E95: 6
C96: Trimestre 2 | D96: 15 | E96: 8
C97: Trimestre 3 | D97: 13 | E97: 5
C98: Trimestre 4
C99: Total | D99: =SUM(D95:D98) -> 32 | E99: =SUM(E95:E98) -> 19
B100: Tx A.F. Tiempo promedio efectivo de duración del trámite de otorgamiento de un permiso de aprovechamiento forestal | C100: Trimestre 1 | D100: =+D90/D95 -> 41.5 | E100: =+E90/E95 -> 50.833333
C101: Trimestre 2 | D101: =+D91/D96 -> 31.6 | E101: =+E91/E96 -> 46.75
C102: Trimestre 3 | D102: =+D92/D97 -> 34.076923 | E102: =+E92/E97 -> 23.2
C103: Trimestre 4
C104: Total | D104: =+D94/D99 -> 33.84375 | E104: =+E94/E99 -> 41.842105
A105: Permisos de emisiones atmosféricas | B105: TP.E. Tiempo efectivo de duración del trámite de otorgamiento de un permiso de emisión (número de días) | C105: Trimestre 1 | D105: NA | E105: 32
C106: Trimestre 2 | D106: 49
...

Sheet Hoja 6. AA2
A2: PROCESO AA: APLICACIÓN DE LA AUTORIDAD AMBIENTAL
A4: OBJETIVO DEL PROCESO | C4: CATEGORÍA DEL INDICADOR | D4: NOMBRE DEL INDICADOR | E4: FORMULA | F4: INTERPRETACION | G4: TIPO DE INDICADOR (Favor registre si es de meta máxima, meta mínima o de máximo y minimo) | J4: FRECUENCIA | K4: META | L4: NIVEL DE CUMPLIMIENTO (Favor registre los valores del indicador correspondientes a los posibles resultados) | N4: RESPONSABLE | O4: OBJETIVO ASOCIADO
G5: Tipo | H5: Definición | I5: Tendencia Adecuada del Indicador | L5: Posible Resultado | M5: Análisis de Resultados y Formulación de Acciones
G6: De Meta Máxima | H6: Cuando los datos del indicador no deben superar el valor de la meta. | I6: Decreciente | L6: Satisfactoria | M6: Se podrá mantener o establecer una meta mas exigente e/o incluir acciones realizadas para el logro de las metas de los indicadores dentro de los documentos del Sistema de Gestión Corporativo.
G7: De Meta Mínima | H7: Cuando los datos del indicador no deben ser inferiores al valor de la meta. | I7: Creciente | L7: Moderada | M7: Se declara una OPORTUNIDAD DE MEJORAMIENTO, frente a la cual se pueden formular Acciones Preventivas para evitar el incumplimiento de las metas en los próximos periodos.
G8: De Máximo y Mínimo | H8: Cuando los datos se deben mantener dentro de un rango, no siendo inferior a un valor o superior a otro. | I8: Dentro de un Rango | L8: Insatisfactoria | M8: Se declara una NO CONFORMIDAD, frente a la cual se formulan Correciones y Acciones correctivas.
A9: Administrar el uso y manejo de los recursos naturales en el marco del ordenamiento ambiental para el mantenimiento y/o mejoramiento de los bienes y servicios ambientales de la jurisdicción. | C9: Eficacia | D9: PORCENTAJE DE REDUCCIÓN CARGA CONTAMINANTE PARÁMETROS DBO5 | E9: (Carga contaminante DBO5 vigencia línea base - Carga contaminante DBO5 vigencia actual / Carga contaminante DBO5 vigencia línea base) x 100 | F9: Mide el porcentaje del nivel de descontaminación de las fuente receptoras de vertimientos respecto a la carga contaminante DBO5 | G9: De Meta Mínima | J9: Anual | K9: 1% o más | L9: Satisfactoria | M9: 1,0% o más | N9: Lider del Proceso (Subdirector de Gestión y Administración Ambiental con el apoyo de Equipo de Trabajo) | O9: Calidad del Servicio
L10: Moderada | M10: Entre 0% a 0,99%
L11: Insatisfactoria | M11: Menos de 0%
C12: Eficacia | D12: PORCENTAJE DE REDUCCIÓN DE CARGA CONTAMINANTE PARÁMETROS SST. | E12: (Carga contaminante SST vigencia línea base - Carga contaminante SST vigencia actual / Carga contaminante SST vigencia línea base) x 100 | F12: Mide el porcentaje del nivel de descontaminación de las fuente receptoras de vertimientos respecto a la carga contaminante SST | G12: De Meta Mínima | J12: Anual | K12: 1% o más | L12: Satisfactoria | M12: 1,0% o más | N12: Lider del Proceso (Subdirector de Gestión y Administración Ambiental con el apoyo de Equipo de Trabajo) | O12: Calidad del Servicio
L13: Moderada | M13: Entre 0% a 0,99%
L14: Insatisfactoria | M14: Menos de 0%
C15: Eficacia | D15: PORCENTAJE (%) DE BOSQUES CON UN VOLUMEN DE APROVECHAMIENTO PERMISIONADO MENOR O IGUAL AL PERMISIONABLE. | E15: (N° de bosques con volumen de aprovechamiento permisionado menor o igual al permisionable / N° de bosques con volumen de aprovechamiento permisionado)*100. | F15: Mide el porcentaje de bosques con un volumen de aprovechamiento permisionado menor o igual al permisionable. | G15: De Máximo y Mínimo | J15: Semestral | K15: 1 | L15: Satisfactoria | M15: 1 | N15: Lider del Proceso (Subdirector de Gestión y Administración Ambiental con el apoyo de Equipo de Trabajo) | O15: Calidad del Servicio
L16: Moderada | M16: De 80% a 99.9%
L17: Insatisfactoria | M17: Menos de 80%
C18: Eficiencia | D18: PORCENTAJE (%) DE TRÁMITES RESUELTOS EN UN TIEMPO IGUAL O INFERIOR A LO REGLAMENTADO EN EL SGC. *LICENCIAS AMBIENTALES (115 DÍAS HÁBILES). *CONCESIONES DE AGUAS SUBTERRÁNEAS Y SUPERFICIALES (55 DÍAS HÁBILES). *PERMISOS DE VERTIMIENTOS (55 DÍAS HÁBILES). *APROVECHAMIENTOS FORESTALES (55 DÍAS HÁBILES). | E18: (N° de trámites resueltos en un tiempo igual o inferior a lo reglamentado en el SGC / N° de trámites resueltos)*100. | F18: Mide el porcentaje de trámites resueltos en un tiempo igual o inferior a lo reglamentado en el SGC. | G18: De Meta Mínima | J18: Semestral | K18: 80% o más | L18: Satisfactoria | M18: 80% o más | N18: Lider del Proceso (Subdirector de Gestión y Administración Ambiental con el apoyo de Equipo de Trabajo) | O18: Calidad del Servicio
L19: Moderada | M19: De 50% a 79.9%
L20: Insatisfactoria | M20: Menos de 50%.
C21: Eficiencia | D21: PORCENTAJE (%) DE SEGUIMIENTO DE AUTORIZACIONES VIGENTES DE ACUERDO AL PROCEDIMIENTO "P-AA-07: SEGUIMIENTO Y CONTROL A TRÁMITES AMBIENTALES". | E21: (N° de seguimiento de autorizaciones vigentes de acuerdo al procedimiento "P-AA-07: SEGUIMIENTO Y CONTROL A TRÁMITES AMBIENTALES" / N° de autorizaciones otorgadas vigentes)*100. | F21: Mide el porcentaje de seguimiento de autorizaciones vigentes de acuerdo al procedimiento "P-AA-07: SEGUIMIENTO Y CONTROL A TRÁMITES AMBIENTALES". | G21: De Meta Mínima | J21: Semestral | K21: 95% o más | L21: Satisfactoria | M21: 95% o más | N21: Lider del Proceso (Subdirector de Gestión y Administración Ambiental con el apoyo de Equipo de Trabajo) | O21: Calidad del Servicio
L22: Moderada | M22: De 70% a 94.9%
L23: Insatisfactoria | M23: Menos de 70%
C24: Efectividad | D24: PORCENTAJE (%) DE ENCUESTA DE SATISFACCIÓN CALIFICADAS POR LOS USUARIOS DE TRÁMITES AMBIENTALES RESUELTOS CON UNA NOTA SUPERIOR O IGUAL A CUATRO (4,0) SOBRE CINCO (5.0). | E24: (N° de encuestas de satisfacción calificadas por los Usuarios de trámites ambientales resueltos con una nota superior o igual a cuatro (4.0) sobre cinco (5.0) / N° de encuestas de satisfacción calificadas por los Usuarios de trámites ambientales resueltos)*100. | F24: Mide el porcentaje de encuestas de satisfacción calificadas por los Usuarios de trámites ambientales resueltos con una nota superior o igual a cuatro (4.0) sobre cinco (5.0). | G24: De Meta Mínima | J24: Semestral | K24: 95% o más | L24: Satisfactoria | M24: 95% o más | N24: Lider del Proceso (Subdirector de Gestión y Administración Ambiental con el apoyo de Equipo de Trabajo) | O24: Calidad del Servicio
L25: Moderada | M25: De 80% a 94,9%
L26: Insatisfactoria | M26: Menos de 80%
C27: Eficacia | D27: PORCENTAJE (%) DE ACCIONES CORRECTIVAS DE SERVICIOS NO CONFORMES ESTABLECIDAS EFICAZMENTE. | E27: (N° de acciones correctivas de servicios no conformes establecidas eficazmente / N° de acciones correctivas de servicios no conformes establecidas) *100. | F27: Mide el porcentaje de acciones correctivas establecidas para servicios no conformes que tuvieron la capacidad de alcanzar el efecto que se esperaba o deseaba tras la realización de la misma. | G27: De Meta Mínima | J27: Semestral | K27: 90% o más | L27: Satisfactoria | M27: 90% o más | N27: Lider del Proceso (Subdirector de Gestión y Administración Ambiental con el apoyo de Equipo de Trabajo) | O27: Calidad del Servicio
L28: Moderada | M28: De 70% a 89.9%
L29: Insatisfactoria | M29: Menos de 70%
C30: Eficacia | D30: N° DE EVENTOS DE CAPACITACIÓN Y/O REINDUCCIÓN A LOS FUNCIONARIOS EN NORMAS, PROCEDIMIENTOS Y SOFTWARE CITA. | E30: N° de eventos de capacitación y/o reinducción a los funcionarios en normas, procedimientos y/o software CITA. | F30: Mide el número de eventos de capacitación y/o reinducción a los funcionarios en normas, procedimientos y/o software CITA, con el fin de contribuir en la minimización o anulación de una posible "poca efectividad en la aplicación dela autoridad ambiental en la jurisdicción". | G30: De Meta Mínima | J30: Anual | K30: 3 eventos de capacitación | L30: Satisfactoria | M30: 3 o mas capacitaciones. | N30: Lider del Proceso (Subdirector de Gestión y Administración Ambiental con el apoyo de Equipo de Trabajo) | O30: Talento Humano Competente
L31: Moderada | M31: 2 capacitaciones.
L32: Insatisfactoria | M32: 1 Capacitación.
C33: Eficacia | D33: N° DE INFORMES DE SEGUIMIENTO AL CUMPLIMIENTO DE LA APLICACIÓN DE LA AUTORIDAD AMBIENTAL. | E33: N° de informes de seguimiento al cumplimiento de la aplicación de la autoridad ambiental. | F33: Mide el número de informes de seguimiento al cumplimiento de la aplicación de la autoridad ambiental, , con el fin de contribuir en la minimización o anulación de una posible "poca efectividad en la aplicación dela autoridad ambiental en la jurisdicción". | G33: De Meta Mínima | J33: Anual | K33: 2 informes de seguimiento | L33: Satisfactoria | M33: 2 informes de seguimiento. | N33: Lider del Proceso (Subdirector de Gestión y Administración Ambiental con el apoyo de Equipo de Trabajo) | O33: Calidad del Servicio
L34: Moderada | M34: 1 informes de seguimiento.
L35: Insatisfactoria | M35: 0 seguimientos.
A38: =+D9 -> PORCENTAJE DE REDUCCIÓN CARGA CONTAMINANTE PARÁMETROS DBO5
G40: 2008 | H40: 2009 | I40: 2010 | J40: 2011 | K40: 2012 | L40: 2013 | M40: 2014 | N40: 2015
A41: Porcentaje (%) de Reducción de Carga Contaminante Parámetros DBO5 | G41: =($I$64-J64)/$I$64 -> 0.015479164 | H41: =($I$64-K64)/$I$64 -> 0.033144452 | I41: =($I$64-L64)/$I$64 -> 0.052482083 | J41: =($I$64-M64)/$I$64 -> 0.052754607 | K41: =($I$64-N64)/$I$64 -> 0.09098881 | L41: =($O$64-P64)/$O$64 -> -0.031165039 | N41: No aplica
A42: Meta | G42: 0.01 | H42: 0.01 | I42: 0.01 | J42: 0.01 | K42: 0.01 | L42: 0.01 | M42: 0.01 | N42: No aplica
G44: ANALISIS DE RESULTADOS | U44: ACCIONES
G45: Cuenca | I45: Cargas Contaminantes | Q45: Meta de Reducción 2014 | R45: Carga Esperada 2014 | S45: Carga Contaminante Real 2014 | T45: Porcentaje (%) de Reducción Carga Contaminante Parámetro DBO5
G46: Código | H46: Nombre | I46: Linea Base 2008-2012 | J46: 2008 | K46: 2009 | L46: 2010 | M46: 2011 | N46: 2012 | O46: Linea Base 2013-2015 | P46: 2013
G47: 1201 | H47: Apartadó | I47: 1510820.7 | J47: 1519255.2 | K47: 1506330.4 | L47: 1503442 | M47: 1496837.1 | N47: 1493785 | O47: 1484536 | P47: 1477710.6 | Q47: =O47*0.01 -> 14845.36 | R47: =+O47-Q47 -> 1469690.6 | T47: =+((N47-S47)/N47) -> 1 | U47: La cuencas priorizadas como fuente receptoras de vertimientos cuentan con reducción del 1% anual de acuerdo al PAC 2012-2015. Adicionalmente las cargas de Línea Base 2013-2015 considera las estipuladas en el Acuerdo 01 de 2014. Como se aprecia, los valores negativos informan un incremento en la carga contaminante. La información de la carga contaminante real 2014, se obtiene y analiza en el primer semestre de la vigencia 2015. En el año 2013, se presenta un incremento en la carga contaminante por la actualización de datos en los vertimientos realizados en el casco urbano del Municipio de Urrao, lo cual generó un resultado negativo en el indicador.
G48: 1201 | H48: Carepa | I48: 314454.02 | J48: 374545.28 | K48: 314726.46 | L48: 326136.76 | M48: 327388.44 | N48: 308757 | O48: 336016.01 | P48: 335359.14 | Q48: =O48*0.01 -> 3360.1601 | R48: =+O48-Q48 -> 332655.85 | T48: =+((N48-S48)/N48) -> 1
G49: 1201 | H49: Chigorodó | I49: 710944.65 | J49: 719711.31 | K49: 709325.81 | L49: 717380.99 | M49: 717405.58 | N49: 668798 | O49: 718907.85 | P49: 715454.34 | Q49: =O49*0.01 -> 7189.0785 | R49: =+O49-Q49 -> 711718.77 | T49: =+((N49-S49)/N49) -> 1
G50: 1201 | H50: Currulao | I50: 197403.74 | J50: 179108.99 | K50: 190030.83 | L50: 179906.6 | M50: 195561.12 | N50: 184477 | O50: 168780.02 | P50: 170700.51 | Q50: =O50*0.01 -> 1687.8002 | R50: =+O50-Q50 -> 167092.22 | T50: =+((N50-S50)/N50) -> 1
G51: 1201 | H51: Vijagual | I51: 152023.36 | J51: 131204.14 | K51: 140549.81 | L51: 115239.31 | M51: 111197.33 | N51: 129813 | O51: 120376.04 | P51: 116745.67 | Q51: =O51*0.01 -> 1203.7604 | R51: =+O51-Q51 -> 119172.27 | T51: =+((N51-S51)/N51) -> 1
G52: 1201 | H52: El Caño | I52: 150387 | J52: 125114.76 | K52: 149971.52 | L52: 76987.897 | M52: 76987.874 | N52: 76988 | O52: 76987.874 | P52: 76987.874 | Q52: =O52*0.01 -> 769.87874 | R52: =+O52-Q52 -> 76217.995 | T52: =+((N52-S52)/N52) -> 1
G53: 1201 | H53: Penderisco | I53: 233099 | J53: 231893.7 | K53: 231893.4 | L53: 231893.4 | M53: 231893.4 | N53: 231899 | O53: 231893.4 | P53: 396096 | Q53: =O53*0.01 -> 2318.934 | R53: =+O53-Q53 -> 229574.46 | T53: =+((N53-S53)/N53) -> 1
G54: 1201 | H54: Peque | I54: 29485.34 | J54: 16350 | K54: 19620 | L54: 19620 | M54: 29485.3 | N54: 1962 | O54: 19620 | P54: 19620 | Q54: =O54*0.01 -> 196.2 | R54: =+O54-Q54 -> 19423.8 | T54: =+((N54-S54)/N54) -> 1
G55: 1201 | H55: Sucio | I55: 652700.39 | J55: 564427.34 | K55: 644505.86 | L55: 639673.21 | M55: 645717.11 | N55: 638207 | O55: 684100.61 | P55: 681616 | Q55: =O55*0.01 -> 6841.0061 | R55: =+O55-Q55 -> 677259.6 | T55: =+((N55-S55)/N55) -> 1
G56: 1201 | H56: Grande | I56: 98220.96 | J56: 127166.74 | K56: 95188.161 | L56: 112045.28 | M56: 99988.457 | N56: 40749 | O56: 114224.28 | P56: 118742.81 | Q56: =O56*0.01 -> 1142.2428 | R56: =+O56-Q56 -> 113082.03 | T56: =+((N56-S56)/N56) -> 1
G57: 1201 | H57: San Juan | I57: 321278.4 | J57: 267732.2 | K57: 262660.12 | L57: 211702.32 | M57: 211702.36 | N57: 211702 | O57: 211702.32 | P57: 211702.32 | Q57: =O57*0.01 -> 2117.0232 | R57: =+O57-Q57 -> 209585.3 | T57: =+((N57-S57)/N57) -> 1
G58: 1201 | H58: Tonusco | I58: 12060 | J58: 10050 | K58: 12060 | L58: 12060 | M58: 12060 | N58: 1206 | O58: 12060 | P58: 12060 | Q58: =O58*0.01 -> 120.6 | R58: =+O58-Q58 -> 11939.4 | T58: =+((N58-S58)/N58) -> 1
G59: 1201 | H59: Turbo | I59: 404424 | J59: 471362 | K59: 404424 | L59: 427852 | M59: 428492.88 | N59: 427212 | Q59: =O59*0.01 -> 0 | R59: =+O59-Q59 -> 0 | T59: =+((N59-S59)/N59) -> 1
G60: 1201 | H60: Volcán | I60: 137156 | J60: 110309.37 | K60: 79952.75 | L60: 92072.013 | M60: 79952.747 | N60: 60832 | O60: 60832.944 | P60: 60832.944 | Q60: =O60*0.01 -> 608.32944 | R60: =+O60-Q60 -> 60224.615 | T60: =+((N60-S60)/N60) -> 1
H61: Guadualito | O61: 45990 | P61: 45990 | Q61: =O61*0.01 -> 459.9 | R61: =+O61-Q61 -> 45530.1 | T61: =+((N61-S61)/N61) -> #DIV/0!
H62: Litoral | O62: 561830.89 | P62: 559323.67 | Q62: =O62*0.01 -> 5618.3089 | R62: =+O62-Q62 -> 556212.58 | T62: =+((N62-S62)/N62) -> #DIV/0!
Q63: =O63*0.01 -> 0 | R63: =+O63-Q63 -> 0 | T63: =+((N63-S63)/N63) -> #DIV/0!
G64: Total | I64: =SUM(I47:I63) -> 4924457.5 | J64: =SUM(J47:J63) -> 4848231 | K64: =SUM(K47:K63) -> 4761239.1 | L64: =SUM(L47:L63) -> 4666011.7 | M64: =SUM(M47:M63) -> 4664669.7 | N64: =SUM(N47:N63) -> 4476387 | O64: =SUM(O47:O63) -> 4847858.2 | P64: =SUM(P47:P63) -> 4998941.9 | Q64: =O64*0.01 -> 48478.582 | R64: =+O64-Q64 -> 4799379.6 | S64: =SUM(S47:S63) -> 0 | T64: =+((N64-S64)/N64) -> 1
A67: =+D12 -> PORCENTAJE DE REDUCCIÓN DE CARGA CONTAMINANTE PARÁMETROS SST.
G69: 2008 | H69: 2009 | I69: 2010 | J69: 2011 | K69: 2012 | L69: 2013 | M69: 2014 | N69: 2015
A70: Porcentaje (%) de Reducción de Carga Contaminante Parámetros SST | G70: =($I$93-J93)/$I$93 -> 0.0021630955 | H70: =($I$93-K93)/$I$93 -> 0.038433985 | I70: =($I$93-L93)/$I$93 -> 0.049599796 | J70: =($I$93-M93)/$I$93 -> 0.052032122 | K70: =($I$93-N93)/$I$93 -> 0.10204121 | L70: =($O$93-P93)/$O$93 -> -0.011378191 | N70: No aplica
A71: Meta | G71: 0.01 | H71: 0.01 | I71: 0.01 | J71: 0.01 | K71: 0.01 | L71: 0.01 | M71: 0.01 | N71: No aplica
G73: ANALISIS DE RESULTADOS | U73: ACCIONES
G74: Cuenca | I74: Cargas Contaminantes | Q74: Meta de Reducción 2014 | R74: Carga Esperada 2014 | S74: Carga Contaminante Real 2014 | T74: Porcentaje (%) de Reducción Carga Contaminante Parámetro SST
G75: Código | H75: Nombre | I75: Linea Base 2008-2012 | J75: 2008 | K75: 2009 | L75: 2010 | M75: 2011 | N75: 2012 | O75: Linea Base 2013-2015 | P75: 2013
G76: 1201 | H76: Apartadó | I76: 1473634.4 | J76: 1494173 | K76: 1473354.5 | L76: 1472594.5 | M76: 1464034.5 | N76: 1457916 | O76: 1446359.2 | P76: 1435834.3 | Q76: =O76*0.01 -> 14463.592 | R76: =+O76-Q76 -> 1431895.6 | T76: =+((N76-S76)/N76) -> 1 | U76: La cuencas priorizadas como fuente receptortas de vertimientos cuentan con reducción mayor del 1% de acuerdo al quinquenio 2008-2012. para el quinquenio 2013-2017, se establecio nueva linea base de carga contaminante, teniendo en cuenta los nuevos usuarios identificados que generan vertimientos, razon por la cual aumenta la carga contaminante vertida. esta se establecen en el Acuerdo 01 de 2014.
G77: 1201 | H77: Carepa | I77: 304926.12 | J77: 355506.82 | K77: 307417.18 | L77: 297918.35 | M77: 316854.82 | N77: 301624 | O77: 317080.9 | P77: 307603.98 | Q77: =O77*0.01 -> 3170.809 | R77: =+O77-Q77 -> 313910.09 | T77: =+((N77-S77)/N77) -> 1
G78: 1201 | H78: Chigorodó | I78: 435136.02 | J78: 477549.67 | K78: 432392.94 | L78: 463128.97 | M78: 469787.58 | N78: 428692 | O78: 481876.66 | P78: 474130.2 | Q78: =O78*0.01 -> 4818.7666 | R78: =+O78-Q78 -> 477057.89 | T78: =+((N78-S78)/N78) -> 1
G79: 1201 | H79: Currulao | I79: 319674 | J79: 290551.99 | K79: 307677.21 | L79: 290001.03 | M79: 306547.4 | N79: 221771 | O79: 259253.19 | P79: 260586.17 | Q79: =O79*0.01 -> 2592.5319 | R79: =+O79-Q79 -> 256660.66 | T79: =+((N79-S79)/N79) -> 1
G80: 1201 | H80: Vijagual | I80: 190516.12 | J80: 153492.26 | K80: 190703.71 | L80: 146289.76 | M80: 119222.82 | N80: 176428 | O80: 148083.16 | P80: 143772.85 | Q80: =O80*0.01 -> 1480.8316 | R80: =+O80-Q80 -> 146602.33 | T80: =+((N80-S80)/N80) -> 1
G81: 1201 | H81: El Caño | I81: 120187 | J81: 100010.12 | K81: 119895.92 | L81: 57514.315 | M81: 57514.31 | N81: 57514 | O81: 57514.31 | P81: 57514.31 | Q81: =O81*0.01 -> 575.1431 | R81: =+O81-Q81 -> 56939.167 | T81: =+((N81-S81)/N81) -> 1
G82: 1201 | H82: Penderisco | I82: 136503.17 | J82: 135603.18 | K82: 135603.17 | L82: 135603.17 | M82: 135603.17 | N82: 135603 | O82: 135603.17 | P82: 224364 | Q82: =O82*0.01 -> 1356.0317 | R82: =+O82-Q82 -> 134247.14 | T82: =+((N82-S82)/N82) -> 1
G83: 1201 | H83: Peque | I83: 23925.36 | J83: 17940 | K83: 21528 | L83: 21528 | M83: 31101.3 | N83: 21258 | O83: 21528 | P83: 21528 | Q83: =O83*0.01 -> 215.28 | R83: =+O83-Q83 -> 21312.72 | T83: =+((N83-S83)/N83) -> 1
G84: 1201 | H84: Sucio | I84: 543111.04 | J84: 421753.71 | K84: 456267.06 | L84: 462000.69 | M84: 459537.99 | N84: 452316 | O84: 501473.52 | P84: 498948.24 | Q84: =O84*0.01 -> 5014.7352 | R84: =+O84-Q84 -> 496458.78 | T84: =+((N84-S84)/N84) -> 1
G85: 1201 | H85: Grande | I85: 162306.06 | J85: 212517.15 | K85: 161232.6 | L85: 192799.82 | M85: 181278.12 | N85: 63799 | O85: 196375.88 | P85: 198880.37 | Q85: =O85*0.01 -> 1963.7588 | R85: =+O85-Q85 -> 194412.12 | T85: =+((N85-S85)/N85) -> 1
G86: 1201 | H86: San Juan | I86: 257029.2 | J86: 214190.8 | K86: 228626.9 | L86: 214689.02 | M86: 214689.01 | N86: 214689 | O86: 214689.02 | P86: 214689.02 | Q86: =O86*0.01 -> 2146.8902 | R86: =+O86-Q86 -> 212542.13 | T86: =+((N86-S86)/N86) -> 1
G87: 1201 | H87: Tonusco | I87: 10404 | J87: 8670 | K87: 10404 | L87: 10404 | M87: 10404 | N87: 10404 | O87: 10404 | P87: 10404 | Q87: =O87*0.01 -> 104.04 | R87: =+O87-Q87 -> 10299.96 | T87: =+((N87-S87)/N87) -> 1
H88: Turbo | I88: 560880 | J88: 667836 | K88: 560880 | L88: 581965.2 | M88: 576204.55 | N88: 581965 | Q88: =O88*0.01 -> 0 | R88: =+O88-Q88 -> 0 | T88: =+((N88-S88)/N88) -> 1
H89: Volcán | I89: 109728 | J89: 88111.843 | K89: 63337.69 | L89: 70985.773 | M89: 63337.685 | N89: 49698 | O89: 49698.36 | P89: 49698.36 | Q89: =O89*0.01 -> 496.9836 | R89: =+O89-Q89 -> 49201.376 | T89: =+((N89-S89)/N89) -> 1
H90: Guadualito | O90: 51100 | P90: 51100 | Q90: =O90*0.01 -> 511 | R90: =+O90-Q90 -> 50589 | T90: =+((N90-S90)/N90) -> #DIV/0!
H91: Litoral | O91: 734623.72 | P91: 729240.99 | Q91: =O91*0.01 -> 7346.2372 | R91: =+O91-Q91 -> 727277.48 | T91: =+((N91-S91)/N91) -> #DIV/0!
Q92: =O92*0.01 -> 0 | R92: =+O92-Q92 -> 0 | T92: =+((N92-S92)/N92) -> #DIV/0!
G93: Total | I93: =SUM(I76:I92) -> 4647960.5 | J93: =SUM(J76:J92) -> 4637906.5 | K93: =SUM(K76:K92) -> 4469320.9 | L93: =SUM(L76:L92) -> 4417422.6 | M93: =SUM(M76:M92) -> 4406117.3 | N93: =SUM(N76:N92) -> 4173677 | O93: =SUM(O76:O92) -> 4625663.1 | P93: =SUM(P76:P92) -> 4678294.8 | Q93: =O93*0.01 -> 46256.631 | R93: =+O93-Q93 -> 4579406.5 | S93: =SUM(S76:S92) -> 0 | T93: =+((N93-S93)/N93) -> 1
A96: =+D15 -> PORCENTAJE (%) DE BOSQUES CON UN VOLUMEN DE APROVECHAMIENTO PERMISIONADO MENOR O IGUAL AL PERMISIONABLE.
G98: 2012 | H98: 2013 | I98: 2014 | J98: 2015
A99: Porcentaje (%) de Bosques con un Volumen de Aprovechamiento Permisionado Menor o Igual al Permisionable | G99: 1 | H99: 1 | I99: 0.77 | J99: =+K113 -> 0.66666667
A100: Meta | G100: 1 | H100: 1 | I100: 1 | J100: 1
G102: AÑO | I102: ANALISIS DE RESULTADOS | L102: ACCIONES
I103: N° de bosques con un volumen de aprovechamiento permisionado menor o igual al permisionable. | J103: N° de bosques con aprovechamiento permisionado. | K103: Porcentaje (%) de bosques con un volumen de aprovechamiento permisionado menor o igual al permisionable.
G104: 2012 | I104: 5 | J104: 5 | K104: =+I104/J104 -> 1
L105: Continuar el seguimiento de que el volumen permisionado en las zonas ordenadas sea menor o igual al permisionable.
G106: 2013 | I106: 5 | J106: 5 | K106: =+I106/J106 -> 1
G108: 2014 | H108: Semestre I | I108: 10 | J108: 13 | K108: 0.76923077
H109: Semestre II | K109: =+I109/J109 -> #DIV/0!
H110: Total | I110: =SUM(I108:I109) -> 10 | J110: =SUM(J108:J109) -> 13 | K110: =+I110/J110 -> 0.76923077 | L110: En el primer semestre la Rgional Atrato, en territorio de comunidades negras (mas del 100%) y en Urrao, comunidades campesinas (149%) se ha superado el volumen maximo permisionable. Lo que exige tomar medidas de revision de áreas, censos y tomar previsiones para reducir voliumen autorizado.
G111: 2015 | H111: Semestre I | I111: 9 | J111: 6 | K111: =+J111/I111 -> 0.66666667
H112: Semestre II | K112: =+I112/J112 -> #DIV/0!
H113: Total | I113: =SUM(I111:I112) -> 9 | J113: =SUM(J111:J112) -> 6 | K113: =+J113/I113 -> 0.66666667 | L113: En el primer semestre se requiere revison de los procesos de otorgamiento en Atrato Medio.
A116: =+D18 -> PORCENTAJE (%) DE TRÁMITES RESUELTOS EN UN TIEMPO IGUAL O INFERIOR A LO REGLAMENTADO EN EL SGC. *LICENCIAS AMBIENTALES (115 DÍAS HÁBILES). *CONCESIONES DE AGUAS SUBTERRÁNEAS Y SUPERFICIALES (55 DÍAS HÁBILES). *PERMISOS DE VERTIMIENTOS (55 DÍAS HÁBILES). *APROVECHAMIENTOS FORESTALES (55 DÍAS HÁBILES).
G118: 2010 | H118: 2011 | I118: 2012 | J118: 2013 | K118: 2014 | L118: 2015
...

Sheet Hoja 5. GP-7 (2)
A3: 7. PORCENTAJE (%) DE CUMPLIMIENTO POR PROCESO DE LA META MADS DEL INDICE DE EVALUACIÓN DE DESEMPEÑO INSTITUCIONAL -IEDI
A5: Resultados
A6: Vigencia | B6: Dato | C6: Meta | D6: Cumplimiento
A7: 2019 | B7: =+D13 -> 0.33319131 | C7: 0.1 | D7: =+B7/C7 -> 3.3319131
A8: 2020 | B8: =+D14 -> 0.129372 | C8: 0.1 | D8: =+B8/C8 -> 1.29372
A9: 2021 | B9: =+D15 -> 0 | C9: 1 | D9: =+B9/C9 -> 0
A12: Vigencia | B12: Recursos gestionados | C12: Recursos propios | D12: % de ingresos gestionados | E12: Meta del MADS para la vigencia (los ingresos gestionados son del 10% del total de ingresos propios presupuestados su resultado será del 100%) | F12: % de ingresos gestionados / meta del MADS para la vigencia | G12: Análisis de Datos
A13: 2019 | B13: 4229591879 | C13: 12694184140 | D13: =+B13/C13 -> 0.33319131 | E13: 0.1 | F13: =+D13/E13 -> 3.3319131 | G13: La corporación para el año 2019 tenía estimado por recursos propios $12.694.184.140 y mediante convenios, donaciones y acuerdos gestionó $4.229.591.879 adicionales
A14: 2020 | B14: 1477995785 | C14: 11424387006 | D14: =+B14/C14 -> 0.129372 | E14: 0.1 | F14: =+D14/E14 -> 1.29372 | G14: La corporación para el año 2020 tenía estimado por recursos propios $11.424.387.006 y mediante convenios, donaciones y acuerdos gestionó $1.477.995.785 adicionales
B17: Se debe ajustar el indicador utilizando los mismos términos del IEDI.

Sheet Hoja 6. AA.
A3: PROCESO AA: APLICACIÓN DE LA AUTORIDAD AMBIENTAL
A5: OBJETIVO DEL PROCESO | C5: CATEGORÍA DEL INDICADOR | D5: NOMBRE DEL INDICADOR | E5: FORMULA | F5: INTERPRETACION | G5: TIPO DE INDICADOR (Favor registre si es de meta máxima, meta mínima o de máximo y minimo) | J5: FRECUENCIA | K5: META | L5: NIVEL DE CUMPLIMIENTO (Favor registre los valores del indicador correspondientes a los posibles resultados) | N5: RESPONSABLE | O5: OBJETIVO ASOCIADO | P5: RESULTADO
G6: Tipo | H6: Definición | I6: Tendencia Adecuada del Indicador | L6: Posible Resultado | M6: Análisis de Resultados y Formulación de Acciones
G7: De Meta Máxima | H7: Cuando los datos del indicador no deben superar el valor de la meta. | I7: Decreciente | L7: Satisfactoria | M7: Se podrá mantener o establecer una meta mas exigente e/o incluir acciones realizadas para el logro de las metas de los indicadores dentro de los documentos del Sistema de Gestión Corporativo.
G8: De Meta Mínima | H8: Cuando los datos del indicador no deben ser inferiores al valor de la meta. | I8: Creciente | L8: Moderada | M8: Se declara una OPORTUNIDAD DE MEJORAMIENTO, frente a la cual se pueden formular Acciones Preventivas para evitar el incumplimiento de las metas en los próximos periodos.
G9: De Máximo y Mínimo | H9: Cuando los datos se deben mantener dentro de un rango, no siendo inferior a un valor o superior a otro. | I9: Dentro de un Rango | L9: Insatisfactoria | M9: Se declara una NO CONFORMIDAD, frente a la cual se formulan Correciones y Acciones correctivas.
L10: Satisfactoria
L11: Moderada
L12: Insatisfactoria
L13: Satisfactoria
L14: Moderada
L15: Insatisfactoria
L16: Satisfactoria
L17: Moderada
L18: Insatisfactoria
L19: Satisfactoria
L20: Moderada
L21: Insatisfactoria
... L30: Insatisfactoria

Sheet Hoja 6. AA 2018
A2: PROCESO AA: APLICACIÓN DE LA AUTORIDAD AMBIENTAL
A4: OBJETIVO DEL PROCESO | C4: CATEGORÍA DEL INDICADOR | D4: NOMBRE DEL INDICADOR | E4: FORMULA | F4: INTERPRETACION | G4: TIPO DE INDICADOR (Favor registre si es de meta máxima, meta mínima o de máximo y minimo) | J4: FRECUENCIA | K4: META | L4: NIVEL DE CUMPLIMIENTO (Favor registre los valores del indicador correspondientes a los posibles resultados) | N4: RESPONSABLE | O4: OBJETIVO ASOCIADO
G5: Tipo | H5: Definición | I5: Tendencia Adecuada del Indicador | L5: Posible Resultado | M5: Análisis de Resultados y Formulación de Acciones
G6: De Meta Máxima | H6: Cuando los datos del indicador no deben superar el valor de la meta. | I6: Decreciente | L6: Satisfactoria | M6: Se podrá mantener o establecer una meta mas exigente e/o incluir acciones realizadas para el logro de las metas de los indicadores dentro de los documentos del Sistema de Gestión Corporativo.
G7: De Meta Mínima | H7: Cuando los datos del indicador no deben ser inferiores al valor de la meta. | I7: Creciente | L7: Moderada | M7: Se declara una OPORTUNIDAD DE MEJORAMIENTO, frente a la cual se pueden formular Acciones Preventivas para evitar el incumplimiento de las metas en los próximos periodos.
G8: De Máximo y Mínimo | H8: Cuando los datos se deben mantener dentro de un rango, no siendo inferior a un valor o superior a otro. | I8: Dentro de un Rango | L8: Insatisfactoria | M8: Se declara una NO CONFORMIDAD, frente a la cual se formulan Correciones y Acciones correctivas.
A9: Administrar el uso y manejo de los recursos naturales en el marco del ordenamiento ambiental para el mantenimiento y/o mejoramiento de los bienes y servicios ambientales de la jurisdicción. | C9: Eficiencia | D9: Tiempo promedio de trámite para la resolución de autorizaciones ambientales otorgadas por la corporación | E9: Promedio de los tiempos de un tramite= sumatoria de los tiempos de los tramites atendidos/No. De tramites resueltos | F9: Es un Indicador Minimo de Gestion: Cuanto menor sea el tiempo promedio, teniendo como referencia los tiempos establecidos en la normativa, mayor es el cumplimiento por parte de la autoridad ambiental en la eficiencia en la resolución de las solicitudes de autorizaciones ambientales (licencias ambientales, concesiones de agua, permisos de aprovechamiento forestal, permisos de emisiones atmosféricas y permisos de vertimiento de agua | G9: De Meta Máxima | J9: Trimestral | K9: 1 | L9: Satisfactoria | M9: Hasta 100% | N9: Lider del Proceso (Subdirector de Gestión y Administración Ambiental con el apoyo de Equipo de Trabajo) | O9: Calidad del Servicio-objetivos
L10: Insatisfactoria | M10: Supera el 100%
C11: Eficiencia | D11: DESARROLLAR SEGUIMIENTO QUINCENAL A LOS TRAMITES QUE TIENEN RIESGO DE INCUMPLIMIENTO DE LOS TIEMPOS ESTABLECIDOS PARA DAR RESPUESTA A LOS USUARIOS | E11: % de tramites ambientales con cumplimiento de tiempos | F11: Mide el porcentaje de trámites resueltos en un tiempo igual o inferior a lo reglamentado en el SGC. | G11: De Meta mínima | J11: Trimestral | K11: 80% o más | L11: Satisfactoria | M11: 80% o más | N11: Lider del Proceso (Subdirector de Gestión y Administración Ambiental con el apoyo de Equipo de Trabajo) | O11: Calidad del Servicio - Riesgos
L12: Moderada | M12: De 50% a 79.9%
L13: Insatisfactoria | M13: Menos de 50%.
C14: Eficacia | D14: Porcentaje de autorizaciones ambientales con seguimiento en función de cantidad de autorizaciones | E14: No. De autorizaciones ambientales con seguimiento / No. De autorizaciones ambientales programadas | F14: Cuanto más cercano a cien por ciento, mayor es el cumplimiento de las metas que la autoridad ambiental se ha propuesto alcanzar en relación con el seguimiento a las autorizaciones ambientales (licencias ambientales, concesiones de agua, aprovechamiento forestal, emisiones atmosféricas y permisos de vertimiento). | G14: De Meta Mínima | J14: Semestral | K14: 80% o más | L14: Satisfactoria | M14: 80% o más | N14: Lider del Proceso (Subdirector de Gestión y Administración Ambiental con el apoyo de Equipo de Trabajo) | O14: Calidad del Servicio-indicador externo
L15: Moderada | M15: De 50% a 79.9%
L16: Insatisfactoria | M16: Menos de 50%
C17: Eficacia | D17: Porcentaje de autorizaciones ambientales con seguimiento (Ver fila 148) en funcion del volumen autorizado | E17: No. De autorizaciones ambientales con seguimiento / No. De autorizaciones ambientales programadas | F17: Cuanto más cercano a cien por ciento, mayor es el cumplimiento de las metas que la autoridad ambiental se ha propuesto alcanzar en relación con el seguimiento a las autorizaciones ambientales (licencias ambientales, concesiones de agua, aprovechamiento forestal, emisiones atmosféricas y permisos de vertimiento). | G17: De Meta Mínima | J17: Semestral | K17: 80% o más | L17: Satisfactoria | M17: 80% o más | N17: Lider del Proceso (Subdirector de Gestión y Administración Ambiental con el apoyo de Equipo de Trabajo) | O17: Calidad del Servicio-indicador externo
L18: Moderada | M18: De 50% a 79.9%
L19: Insatisfactoria | M19: Menos de 50%
C20: Eficacia | D20: Porcentaje de Procesos Sancionatorios Resueltos | E20: Es la relación entre el número de actos administrativos de determinación de la responsabilidad o de cesación de procedimiento expedidos, con respecto al número de actos administrativos de iniciación de procedimiento sancionatorio expedidos por la autoridad ambiental | F20: El indicador mide el cumplimiento por parte de la autoridad ambiental en la gestión de los procesos sancionatorios abiertos, con relación a la ocurrencia de infracciones en materia ambiental en su jurisdicción. | G20: DE Meta Mínima | J20: Trimestral | K20: 80% o más | L20: Satisfactoria | M20: 80% o más | N20: Lider del Proceso (Subdirector de Gestión y Administración Ambiental con el apoyo de Equipo de Trabajo) | O20: Calidad del Servicio-indicador externo
L21: Moderada | M21: De 50% a 79.9%
L22: Insatisfactoria | M22: Menos de 50%.
C23: Eficacia | D23: IP: % de quejas y contravenciones ambientales atendidas. | E23: Sumatoria de quejas por daños ambientales atendidas/sumatoria de quejas por daños ambientales recibias | F23: El indicador mide la atención de quejas y denuncias por daños ambientales o infracciones de norma , con relación a la ocurrencia de denuncias recibidas en su jurisdicción. | G23: De Meta Mínima | J23: Trimestral | K23: 1 | L23: Satisfactoria | M23: 95% al 100% | N23: Lider del Proceso (Subdirector de Gestión y Administración Ambiental con el apoyo de Equipo de Trabajo) | O23: Calidad del Servicio-indicador externo
L24: Moderada | M24: De 70% a 94.9%
L25: Insatisfactoria | M25: Menos de 70%.
C26: Efectividad | D26: Porcentaje (%) de encuesta de satisfacción calificadas por los usuarios de trámites ambientales resueltos con una nota superior o igual a cuatro (4,0) sobre cinco (5.0). | E26: (N° de encuestas de satisfacción calificadas por los Usuarios de trámites ambientales resueltos con una nota superior o igual a cuatro (4.0) sobre cinco (5.0) / N° de encuestas de satisfacción calificadas por los Usuarios de trámites ambientales resueltos)*100. | F26: Mide el porcentaje de encuestas de satisfacción calificadas por los Usuarios de trámites ambientales resueltos con una nota superior o igual a cuatro (4.0) sobre cinco (5.0). | G26: DE Meta Mínima | J26: Semestral | K26: 95% o más | L26: Satisfactoria | M26: 95% o más | N26: Lider del Proceso (Subdirector de Gestión y Administración Ambiental con el apoyo de Equipo de Trabajo) | O26: Calidad del Servicio-mejoramiento
L27: Moderada | M27: De 80% a 94,9%
L28: Insatisfactoria | M28: Menos de 80%
C29: Efectividad | D29: REALIZACIÓN DE CAPACITACIONES A LOS FUNCIONARIOS EN NORMATIVIDAD, PROCEDIMIENTOS Y APLICATIVO CITA. | E29: Realización de capacitaciones a los funcionarios en normatividad, procedimientos y aplicativo CITA. | F29: Mide Número de capacitaciones a los funcionarios en normatividad, procedimientos y aplicativo CITA. | G29: DE Meta Mínima | J29: Anual | K29: 3 eventos de capacitación | L29: Satisfactoria | M29: 4 Comites operando | N29: Líder de proceso. Coordinadores de área Subdirecciones de Gestión ambiental y área jurídica | O29: Cumplimiento- riesgos
L30: Moderada | M30: 2 Comites operando
L31: Insatisfactoria | M31: 1 Comites operando
C32: Eficacia | D32: GESTIONAR Y PARTICIPAR EN LOS COMITES INTERINSTITUCIONALES PARA COORDINAR LA APLICACIÓN DE LA NORMATIVIDAD Y EL EJERCICIO DE LA AUTORIDAD AMBIENTAL | E32: N° de comites interinstitucional | F32: Mide el N° de comites interinstitucional | G32: DE Meta Mínima | J32: Anual | K32: 4 Comites | L32: Satisfactoria | M32: 3 capacitaciones | N32: Líder de proceso. Coordinadores de área Subdirecciones de Gestión ambiental y área jurídica | O32: Calidad del Servicio- riesgos
L33: Moderada | M33: 2 capacitaciones
L34: Insatisfactoria | M34: 1 Capacitación
C35: Eficacia | D35: CAPACITACIÓN Y SOCIALIZACIÓN DE TEMA COMO VALORES CORPORATIVOS, CÓDIGO DE ÉTICA, CÓDIGO ÚNICO DISCIPLINARIO | E35: N° de capacitaciones y/o socializaciones | F35: Mide el N° de capacitaciones y/o socializaciones | G35: De Meta Mínima | J35: Anual | K35: 4 Capacitaciones y/o socialización | L35: Satisfactoria | M35: 4 Capacitaciones y/o socializaciones | N35: Director General y/o Representante de la Dirección | O35: Calidad del Servicio- riesgos
L36: Moderada | M36: 2 Capacitaciones y/o socializaciones
L37: Insatisfactoria | M37: 1 Capacitaciones y/o socializaciones
A40: =+D9 -> Tiempo promedio de trámite para la resolución de autorizaciones ambientales otorgadas por la corporación
A43: Tramite | B43: Variable | D43: Año 2016 | E43: Año 2017 | F43: Año 2018 | G43: Año 2019
D44: Con corte a 31/12/2016 | E44: Con corte a 31/12/2017: | F44: Con corte a: | G44: Con corte a:
A45: Licencia Ambiental (71 días hábiles) | B45: TL.A. Tiempo efectivo de duración del trámite de otorgamiento de licencias ambientales (número de días) | C45: Trimestre 1 | D45: 175 | E45: NA
C46: Trimestre 2 | D46: =191+168 -> 359 | E46: NA
C47: Trimestre 3 | D47: NA | E47: NA
C48: Trimestre 4 | D48: NA | E48: NA
C49: Total | D49: =SUM(D45:D48) -> 534
B50: N L.A.: Número de solicitudes de licencia ambiental atendidos | C50: Trimestre 1 | D50: 1 | E50: NA
C51: Trimestre 2 | D51: 2 | E51: NA
C52: Trimestre 3 | D52: NA | E52: NA
C53: Trimestre 4 | D53: NA | E53: NA
C54: Total | D54: =SUM(D50:D53) -> 3
B55: Tx L.A. Tiempo promedio efectivo de duración del trámite de licencias ambientales | C55: Trimestre 1 | D55: =+D45/D50 -> 175 | E55: NA
C56: Trimestre 2 | D56: =+D46/D51 -> 179.5 | E56: NA
C57: Trimestre 3 | D57: NA | E57: NA
C58: Trimestre 4 | D58: NA | E58: NA
C59: Total | D59: =+D49/D54 -> 178
A60: Concesiones de agua (Superficial y subterránea)- 55 días hábiles | B60: T C.A.S. Tiempo efectivo de duración del trámite de otorgamiento de una concesión de agua (número de días) | C60: Trimestre 1 | D60: =108+183 -> 291 | E60: 526
C61: Trimestre 2 | D61: =619+30 -> 649 | E61: 622
C62: Trimestre 3 | D62: =400+732 -> 1132 | E62: 1263
C63: Trimestre 4 | D63: 1247 | E63: 636
C64: Total | D64: =SUM(D60:D63) -> 3319 | E64: =SUM(E60:E63) -> 3047
B65: N C.A.S.: Número de solicitudes de concesión de agua recibidas en el periodo. | C65: Trimestre 1 | D65: 4 | E65: 8
C66: Trimestre 2 | D66: 15 | E66: 19
C67: Trimestre 3 | D67: =14+7 -> 21 | E67: 32
C68: Trimestre 4 | D68: 22 | E68: 19
C69: Total | D69: =SUM(D65:D68) -> 62 | E69: =SUM(E65:E68) -> 78
B70: Tx C.A.S. Tiempo promedio efectivo de duración del trámite de Concesiones de Agua. | C70: Trimestre 1 | D70: =+D60/D65 -> 72.75 | E70: =+E60/E65 -> 65.75
C71: Trimestre 2 | D71: =+D61/D66 -> 43.266667 | E71: =+E61/E66 -> 32.736842
C72: Trimestre 3 | D72: =+D62/D67 -> 53.904762 | E72: =+E62/E67 -> 39.46875
C73: Trimestre 4 | D73: =+D63/D68 -> 56.681818 | E73: =+E63/E68 -> 33.473684
C74: Total | D74: =+D64/D69 -> 53.532258 | E74: =+E64/E69 -> 39.064103
A75: Permisos de vertimiento de agua | B75: TP.V. Tiempo efectivo de duración del trámite de otorgamiento de un permiso de vertimiento (número de días) | C75: Trimestre 1 | D75: 422 | E75: 474
C76: Trimestre 2 | D76: 987 | E76: 3000
C77: Trimestre 3 | D77: 699 | E77: 3418
C78: Trimestre 4 | D78: 360 | E78: 1151
C79: Total | D79: =SUM(D75:D78) -> 2468 | E79: =SUM(E75:E78) -> 8043
B80: N P.V.: Número de solicitudes de permisos de vertimiento recibidas en el periodo. | C80: Trimestre 1 | D80: 5 | E80: 6
C81: Trimestre 2 | D81: 8 | E81: 33
C82: Trimestre 3 | D82: 10 | E82: 35
C83: Trimestre 4 | D83: 4 | E83: 21
C84: Total | D84: =SUM(D80:D83) -> 27 | E84: =SUM(E80:E83) -> 95
B85: Tx P.V. Tiempo promedio efectivo de duración del trámite de otorgamiento de un permiso de vertimiento. | C85: Trimestre 1 | D85: =+D75/D80 -> 84.4 | E85: =+E75/E80 -> 79
C86: Trimestre 2 | D86: =+D76/D81 -> 123.375 | E86: =+E76/E81 -> 90.909091
C87: Trimestre 3 | D87: =+D77/D82 -> 69.9 | E87: =+E77/E82 -> 97.657143
C88: Trimestre 4 | D88: 90 | E88: =+E78/E83 -> 54.809524
C89: Total | D89: =+D79/D84 -> 91.407407 | E89: =+E79/E84 -> 84.663158
A90: Permisos de aprovechamiento forestal | B90: TP.E. Tiempo efectivo de duración del trámite de otorgamiento de un permiso de aprov forestal (número de días) | C90: Trimestre 1 | D90: 166 | E90: 298
C91: Trimestre 2 | D91: 714 | E91: 363
C92: Trimestre 3 | D92: 443 | E92: 116
C93: Trimestre 4 | D93: 307 | E93: 335
C94: Total | D94: =SUM(D90:D93) -> 1630 | E94: =SUM(E90:E93) -> 1112
B95: N A.F. Número de solicitudes de permisos de aprovechamiento forestal recibidas en el periodo | C95: Trimestre 1 | D95: 4 | E95: 6
C96: Trimestre 2 | D96: 16 | E96: 8
C97: Trimestre 3 | D97: 13 | E97: 5
C98: Trimestre 4 | D98: 9 | E98: 7
C99: Total | D99: =SUM(D95:D98) -> 42 | E99: =SUM(E95:E98) -> 26
B100: Tx A.F. Tiempo promedio efectivo de duración del trámite de otorgamiento de un permiso de aprovechamiento forestal | C100: Trimestre 1 | D100: =+D90/D95 -> 41.5 | E100: =+E90/E95 -> 49.666667
C101: Trimestre 2 | D101: =+D91/D96 -> 44.625 | E101: =+E91/E96 -> 45.375
C102: Trimestre 3 | D102: =+D92/D97 -> 34.076923 | E102: =+E92/E97 -> 23.2
C103: Trimestre 4 | D103: =+D93/D98 -> 34.111111 | E103: =+E93/E98 -> 47.857143
C104: Total | D104: =+D94/D99 -> 38.809524 | E104: =+E94/E99 -> 42.769231
A105: Permisos de emisiones atmosféricas | B105: TP.E. Tiempo efectivo de duración del trámite de otorgamiento de un permiso de emisión (número de días) | C105: Trimestre 1 | D105: NA | E105: 32
C106: Trimestre 2 | D106: 49 | E106: NA
...

Sheet Hoja 6. AA 2017
A2: PROCESO AA: APLICACIÓN DE LA AUTORIDAD AMBIENTAL
A4: OBJETIVO DEL PROCESO | C4: CATEGORÍA DEL INDICADOR | D4: NOMBRE DEL INDICADOR | E4: FORMULA | F4: INTERPRETACION | G4: TIPO DE INDICADOR (Favor registre si es de meta máxima, meta mínima o de máximo y minimo) | J4: FRECUENCIA | K4: META | L4: NIVEL DE CUMPLIMIENTO (Favor registre los valores del indicador correspondientes a los posibles resultados) | N4: RESPONSABLE | O4: OBJETIVO ASOCIADO
G5: Tipo | H5: Definición | I5: Tendencia Adecuada del Indicador | L5: Posible Resultado | M5: Análisis de Resultados y Formulación de Acciones
G6: De Meta Máxima | H6: Cuando los datos del indicador no deben superar el valor de la meta. | I6: Decreciente | L6: Satisfactoria | M6: Se podrá mantener o establecer una meta mas exigente e/o incluir acciones realizadas para el logro de las metas de los indicadores dentro de los documentos del Sistema de Gestión Corporativo.
G7: De Meta Mínima | H7: Cuando los datos del indicador no deben ser inferiores al valor de la meta. | I7: Creciente | L7: Moderada | M7: Se declara una OPORTUNIDAD DE MEJORAMIENTO, frente a la cual se pueden formular Acciones Preventivas para evitar el incumplimiento de las metas en los próximos periodos.
G8: De Máximo y Mínimo | H8: Cuando los datos se deben mantener dentro de un rango, no siendo inferior a un valor o superior a otro. | I8: Dentro de un Rango | L8: Insatisfactoria | M8: Se declara una NO CONFORMIDAD, frente a la cual se formulan Correciones y Acciones correctivas.
A9: Administrar el uso y manejo de los recursos naturales en el marco del ordenamiento ambiental para el mantenimiento y/o mejoramiento de los bienes y servicios ambientales de la jurisdicción. | C9: Eficiencia | D9: Tiempo promedio de trámite para la resolución de autorizaciones ambientales otorgadas por la corporación | E9: Promedio de los tiempos de un tramite= sumatoria de los tiempos de los tramites atendidos/No. De tramites resueltos | F9: Es un Indicador Minimo de Gestion: Cuanto menor sea el tiempo promedio, teniendo como referencia los tiempos establecidos en la normativa, mayor es el cumplimiento por parte de la autoridad ambiental en la eficiencia en la resolución de las solicitudes de autorizaciones ambientales (licencias ambientales, concesiones de agua, permisos de aprovechamiento forestal, permisos de emisiones atmosféricas y permisos de vertimiento de agua | G9: De Meta Máxima | J9: Trimestral | K9: 1 | L9: Satisfactoria | M9: Hasta 100% | N9: Lider del Proceso (Subdirector de Gestión y Administración Ambiental con el apoyo de Equipo de Trabajo) | O9: Calidad del Servicio-objetivos
L10: Insatisfactoria | M10: Supera el 100%
C11: Eficiencia | D11: DESARROLLAR SEGUIMIENTO QUINCENAL A LOS TRAMITES QUE TIENEN RIESGO DE INCUMPLIMIENTO DE LOS TIEMPOS ESTABLECIDOS PARA DAR RESPUESTA A LOS USUARIOS | E11: % de tramites ambientales con cumplimiento de tiempos | F11: Mide el porcentaje de trámites resueltos en un tiempo igual o inferior a lo reglamentado en el SGC. | G11: De Meta mínima | J11: Trimestral | K11: 80% o más | L11: Satisfactoria | M11: 80% o más | N11: Lider del Proceso (Subdirector de Gestión y Administración Ambiental con el apoyo de Equipo de Trabajo) | O11: Calidad del Servicio - Riesgos
L12: Moderada | M12: De 50% a 79.9%
L13: Insatisfactoria | M13: Menos de 50%.
C14: Eficacia | D14: Porcentaje de autorizaciones ambientales con seguimiento en función de cantidad de autorizaciones | E14: No. De autorizaciones ambientales con seguimiento / No. De autorizaciones ambientales programadas | F14: Cuanto más cercano a cien por ciento, mayor es el cumplimiento de las metas que la autoridad ambiental se ha propuesto alcanzar en relación con el seguimiento a las autorizaciones ambientales (licencias ambientales, concesiones de agua, aprovechamiento forestal, emisiones atmosféricas y permisos de vertimiento). | G14: De Meta Mínima | J14: Semestral | K14: 80% o más | L14: Satisfactoria | M14: 80% o más | N14: Lider del Proceso (Subdirector de Gestión y Administración Ambiental con el apoyo de Equipo de Trabajo) | O14: Calidad del Servicio-indicador externo
L15: Moderada | M15: De 50% a 79.9%
L16: Insatisfactoria | M16: Menos de 50%
C17: Eficacia | D17: Porcentaje de autorizaciones ambientales con seguimiento (Ver fila 148) en funcion del volumen autorizado | E17: No. De autorizaciones ambientales con seguimiento / No. De autorizaciones ambientales programadas | F17: Cuanto más cercano a cien por ciento, mayor es el cumplimiento de las metas que la autoridad ambiental se ha propuesto alcanzar en relación con el seguimiento a las autorizaciones ambientales (licencias ambientales, concesiones de agua, aprovechamiento forestal, emisiones atmosféricas y permisos de vertimiento). | G17: De Meta Mínima | J17: Semestral | K17: 80% o más | L17: Satisfactoria | M17: 80% o más | N17: Lider del Proceso (Subdirector de Gestión y Administración Ambiental con el apoyo de Equipo de Trabajo) | O17: Calidad del Servicio-indicador externo
L18: Moderada | M18: De 50% a 79.9%
L19: Insatisfactoria | M19: Menos de 50%
C20: Eficacia | D20: Porcentaje de Procesos Sancionatorios Resueltos | E20: Es la relación entre el número de actos administrativos de determinación de la responsabilidad o de cesación de procedimiento expedidos, con respecto al número de actos administrativos de iniciación de procedimiento sancionatorio expedidos por la autoridad ambiental | F20: El indicador mide el cumplimiento por parte de la autoridad ambiental en la gestión de los procesos sancionatorios abiertos, con relación a la ocurrencia de infracciones en materia ambiental en su jurisdicción. | G20: DE Meta Mínima | J20: Trimestral | K20: 80% o más | L20: Satisfactoria | M20: 80% o más | N20: Lider del Proceso (Subdirector de Gestión y Administración Ambiental con el apoyo de Equipo de Trabajo) | O20: Calidad del Servicio-indicador externo
L21: Moderada | M21: De 50% a 79.9%
L22: Insatisfactoria | M22: Menos de 50%.
C23: Eficacia | D23: IP: % de quejas y contravenciones ambientales atendidas. | E23: Sumatoria de quejas por daños ambientales atendidas/sumatoria de quejas por daños ambientales recibias | F23: El indicador mide la atención de quejas y denuncias por daños ambientales o infracciones de norma , con relación a la ocurrencia de denuncias recibidas en su jurisdicción. | G23: De Meta Mínima | J23: Trimestral | K23: 1 | L23: Satisfactoria | M23: 95% al 100% | N23: Lider del Proceso (Subdirector de Gestión y Administración Ambiental con el apoyo de Equipo de Trabajo) | O23: Calidad del Servicio-indicador externo
L24: Moderada | M24: De 70% a 94.9%
L25: Insatisfactoria | M25: Menos de 70%.
C26: Efectividad | D26: Porcentaje (%) de encuesta de satisfacción calificadas por los usuarios de trámites ambientales resueltos con una nota superior o igual a cuatro (4,0) sobre cinco (5.0). | E26: (N° de encuestas de satisfacción calificadas por los Usuarios de trámites ambientales resueltos con una nota superior o igual a cuatro (4.0) sobre cinco (5.0) / N° de encuestas de satisfacción calificadas por los Usuarios de trámites ambientales resueltos)*100. | F26: Mide el porcentaje de encuestas de satisfacción calificadas por los Usuarios de trámites ambientales resueltos con una nota superior o igual a cuatro (4.0) sobre cinco (5.0). | G26: DE Meta Mínima | J26: Semestral | K26: 95% o más | L26: Satisfactoria | M26: 95% o más | N26: Lider del Proceso (Subdirector de Gestión y Administración Ambiental con el apoyo de Equipo de Trabajo) | O26: Calidad del Servicio-mejoramiento
L27: Moderada | M27: De 80% a 94,9%
L28: Insatisfactoria | M28: Menos de 80%
C29: Efectividad | D29: REALIZACIÓN DE CAPACITACIONES A LOS FUNCIONARIOS EN NORMATIVIDAD, PROCEDIMIENTOS Y APLICATIVO CITA. | E29: Realización de capacitaciones a los funcionarios en normatividad, procedimientos y aplicativo CITA. | F29: Mide Número de capacitaciones a los funcionarios en normatividad, procedimientos y aplicativo CITA. | G29: DE Meta Mínima | J29: Anual | K29: 3 eventos de capacitación | L29: Satisfactoria | M29: 4 Comites operando | N29: Líder de proceso. Coordinadores de área Subdirecciones de Gestión ambiental y área jurídica | O29: Cumplimiento- riesgos
L30: Moderada | M30: 2 Comites operando
L31: Insatisfactoria | M31: 1 Comites operando
C32: Eficacia | D32: GESTIONAR Y PARTICIPAR EN LOS COMITES INTERINSTITUCIONALES PARA COORDINAR LA APLICACIÓN DE LA NORMATIVIDAD Y EL EJERCICIO DE LA AUTORIDAD AMBIENTAL | E32: N° de comites interinstitucional | F32: Mide el N° de comites interinstitucional | G32: DE Meta Mínima | J32: Anual | K32: 4 Comites | L32: Satisfactoria | M32: 3 capacitaciones | N32: Líder de proceso. Coordinadores de área Subdirecciones de Gestión ambiental y área jurídica | O32: Calidad del Servicio- riesgos
L33: Moderada | M33: 2 capacitaciones
L34: Insatisfactoria | M34: 1 Capacitación
C35: Eficacia | D35: CAPACITACIÓN Y SOCIALIZACIÓN DE TEMA COMO VALORES CORPORATIVOS, CÓDIGO DE ÉTICA, CÓDIGO ÚNICO DISCIPLINARIO | E35: N° de capacitaciones y/o socializaciones | F35: Mide el N° de capacitaciones y/o socializaciones | G35: De Meta Mínima | J35: Anual | K35: 4 Capacitaciones y/o socialización | L35: Satisfactoria | M35: 4 Capacitaciones y/o socializaciones | N35: Director General y/o Representante de la Dirección | O35: Calidad del Servicio- riesgos
L36: Moderada | M36: 2 Capacitaciones y/o socializaciones
L37: Insatisfactoria | M37: 1 Capacitaciones y/o socializaciones
A40: =+D9 -> Tiempo promedio de trámite para la resolución de autorizaciones ambientales otorgadas por la corporación
A43: Tramite | B43: Variable | D43: Año 2016 | E43: Año 2017 | F43: Año 2018 | G43: Año 2019
D44: Con corte a 31/12/2016 | E44: Con corte a 31/12/2017: | F44: Con corte a: | G44: Con corte a:
A45: Licencia Ambiental (71 días hábiles) | B45: TL.A. Tiempo efectivo de duración del trámite de otorgamiento de licencias ambientales (número de días) | C45: Trimestre 1 | D45: 175 | E45: NA
C46: Trimestre 2 | D46: =191+168 -> 359 | E46: NA
C47: Trimestre 3 | D47: NA | E47: NA
C48: Trimestre 4 | D48: NA | E48: NA
C49: Total | D49: =SUM(D45:D48) -> 534
B50: N L.A.: Número de solicitudes de licencia ambiental atendidos | C50: Trimestre 1 | D50: 1 | E50: NA
C51: Trimestre 2 | D51: 2 | E51: NA
C52: Trimestre 3 | D52: NA | E52: NA
C53: Trimestre 4 | D53: NA | E53: NA
C54: Total | D54: =SUM(D50:D53) -> 3
B55: Tx L.A. Tiempo promedio efectivo de duración del trámite de licencias ambientales | C55: Trimestre 1 | D55: =+D45/D50 -> 175 | E55: NA
C56: Trimestre 2 | D56: =+D46/D51 -> 179.5 | E56: NA
C57: Trimestre 3 | D57: NA | E57: NA
C58: Trimestre 4 | D58: NA | E58: NA
C59: Total | D59: =+D49/D54 -> 178
A60: Concesiones de agua (Superficial y subterránea)- 55 días hábiles | B60: T C.A.S. Tiempo efectivo de duración del trámite de otorgamiento de una concesión de agua (número de días) | C60: Trimestre 1 | D60: =108+183 -> 291 | E60: 526
C61: Trimestre 2 | D61: =619+30 -> 649 | E61: 622
C62: Trimestre 3 | D62: =400+732 -> 1132 | E62: 1263
C63: Trimestre 4 | D63: 1247 | E63: 636
C64: Total | D64: =SUM(D60:D63) -> 3319 | E64: =SUM(E60:E63) -> 3047
B65: N C.A.S.: Número de solicitudes de concesión de agua recibidas en el periodo. | C65: Trimestre 1 | D65: 4 | E65: 8
C66: Trimestre 2 | D66: 15 | E66: 19
C67: Trimestre 3 | D67: =14+7 -> 21 | E67: 32
C68: Trimestre 4 | D68: 22 | E68: 19
C69: Total | D69: =SUM(D65:D68) -> 62 | E69: =SUM(E65:E68) -> 78
B70: Tx C.A.S. Tiempo promedio efectivo de duración del trámite de Concesiones de Agua. | C70: Trimestre 1 | D70: =+D60/D65 -> 72.75 | E70: =+E60/E65 -> 65.75
C71: Trimestre 2 | D71: =+D61/D66 -> 43.266667 | E71: =+E61/E66 -> 32.736842
C72: Trimestre 3 | D72: =+D62/D67 -> 53.904762 | E72: =+E62/E67 -> 39.46875
C73: Trimestre 4 | D73: =+D63/D68 -> 56.681818 | E73: =+E63/E68 -> 33.473684
C74: Total | D74: =+D64/D69 -> 53.532258 | E74: =+E64/E69 -> 39.064103
A75: Permisos de vertimiento de agua | B75: TP.V. Tiempo efectivo de duración del trámite de otorgamiento de un permiso de vertimiento (número de días) | C75: Trimestre 1 | D75: 422 | E75: 474
C76: Trimestre 2 | D76: 987 | E76: 3000
C77: Trimestre 3 | D77: 699 | E77: 3418
C78: Trimestre 4 | D78: 360 | E78: 1151
C79: Total | D79: =SUM(D75:D78) -> 2468 | E79: =SUM(E75:E78) -> 8043
B80: N P.V.: Número de solicitudes de permisos de vertimiento recibidas en el periodo. | C80: Trimestre 1 | D80: 5 | E80: 6
C81: Trimestre 2 | D81: 8 | E81: 33
C82: Trimestre 3 | D82: 10 | E82: 35
C83: Trimestre 4 | D83: 4 | E83: 21
C84: Total | D84: =SUM(D80:D83) -> 27 | E84: =SUM(E80:E83) -> 95
B85: Tx P.V. Tiempo promedio efectivo de duración del trámite de otorgamiento de un permiso de vertimiento. | C85: Trimestre 1 | D85: =+D75/D80 -> 84.4 | E85: =+E75/E80 -> 79
C86: Trimestre 2 | D86: =+D76/D81 -> 123.375 | E86: =+E76/E81 -> 90.909091
C87: Trimestre 3 | D87: =+D77/D82 -> 69.9 | E87: =+E77/E82 -> 97.657143
C88: Trimestre 4 | D88: 90 | E88: =+E78/E83 -> 54.809524
C89: Total | D89: =+D79/D84 -> 91.407407 | E89: =+E79/E84 -> 84.663158
A90: Permisos de aprovechamiento forestal | B90: TP.E. Tiempo efectivo de duración del trámite de otorgamiento de un permiso de aprov forestal (número de días) | C90: Trimestre 1 | D90: 166 | E90: 298
C91: Trimestre 2 | D91: 714 | E91: 363
C92: Trimestre 3 | D92: 443 | E92: 116
C93: Trimestre 4 | D93: 307 | E93: 335
C94: Total | D94: =SUM(D90:D93) -> 1630 | E94: =SUM(E90:E93) -> 1112
B95: N A.F. Número de solicitudes de permisos de aprovechamiento forestal recibidas en el periodo | C95: Trimestre 1 | D95: 4 | E95: 6
C96: Trimestre 2 | D96: 16 | E96: 8
C97: Trimestre 3 | D97: 13 | E97: 5
C98: Trimestre 4 | D98: 9 | E98: 7
C99: Total | D99: =SUM(D95:D98) -> 42 | E99: =SUM(E95:E98) -> 26
B100: Tx A.F. Tiempo promedio efectivo de duración del trámite de otorgamiento de un permiso de aprovechamiento forestal | C100: Trimestre 1 | D100: =+D90/D95 -> 41.5 | E100: =+E90/E95 -> 49.666667
C101: Trimestre 2 | D101: =+D91/D96 -> 44.625 | E101: =+E91/E96 -> 45.375
C102: Trimestre 3 | D102: =+D92/D97 -> 34.076923 | E102: =+E92/E97 -> 23.2
C103: Trimestre 4 | D103: =+D93/D98 -> 34.111111 | E103: =+E93/E98 -> 47.857143
C104: Total | D104: =+D94/D99 -> 38.809524 | E104: =+E94/E99 -> 42.769231
A105: Permisos de emisiones atmosféricas | B105: TP.E. Tiempo efectivo de duración del trámite de otorgamiento de un permiso de emisión (número de días) | C105: Trimestre 1 | D105: NA | E105: 32
C106: Trimestre 2 | D106: 49 | E106: NA
...

Sheet Hoja 7. TH
A3: PROCESO TH: GESTIÓN DEL TALENTO HUMANO
A5: OBJETIVO DEL PROCESO | C5: CATEGORÍA DEL INDICADOR | D5: NOMBRE DEL INDICADOR | E5: FORMULA | F5: INTERPRETACION | G5: TIPO DE INDICADOR (Favor registre si es de meta máxima, meta mínima o de máximo y minimo) | J5: FRECUENCIA | K5: META | L5: NIVEL DE CUMPLIMIENTO (Favor registre los valores del indicador correspondientes a los posibles resultados) | N5: RESPONSABLE | O5: OBJETIVO ASOCIADO | P5: RESULTADO
G6: Tipo | H6: Definición | I6: Tendencia Adecuada del Indicador | L6: Posible Resultado | M6: Análisis de Resultados y Formulación de Acciones
G7: De Meta Máxima | H7: Cuando los datos del indicador no deben superar el valor de la meta. | I7: Decreciente | L7: Satisfactoria | M7: Se podrá mantener o establecer una meta mas exigente e/o incluir acciones realizadas para el logro de las metas de los indicadores dentro de los documentos del Sistema de Gestión Corporativo.
G8: De Meta Mínima | H8: Cuando los datos del indicador no deben ser inferiores al valor de la meta. | I8: Creciente | L8: Moderada | M8: Se declara una OPORTUNIDAD DE MEJORAMIENTO, frente a la cual se pueden formular Acciones Preventivas para evitar el incumplimiento de las metas en los próximos periodos.
G9: De Máximo y Mínimo | H9: Cuando los datos se deben mantener dentro de un rango, no siendo inferior a un valor o superior a otro. | I9: Dentro de un Rango | L9: Insatisfactoria | M9: Se declara una NO CONFORMIDAD, frente a la cual se formulan Correciones y Acciones correctivas.
L10: Satisfactoria
L11: Moderada
L12: Insatisfactoria
L13: Satisfactoria
L14: Moderada
L15: Insatisfactoria
L16: Satisfactoria
L17: Moderada
L18: Insatisfactoria
L19: Satisfactoria
L20: Moderada
L21: Insatisfactoria
... L39: Insatisfactoria

Sheet Hoja 7. TH2
A2: PROCESO TH: GESTIÓN DEL TALENTO HUMANO
A4: OBJETIVO DEL PROCESO | C4: CATEGORÍA DEL INDICADOR | D4: NOMBRE DEL INDICADOR | E4: FORMULA | F4: INTERPRETACION | G4: TIPO DE INDICADOR (Favor registre si es de meta máxima, meta mínima o de máximo y minimo) | J4: FRECUENCIA | K4: META | L4: NIVEL DE CUMPLIMIENTO (Favor registre los valores del indicador correspondientes a los posibles resultados) | N4: RESPONSABLE | O4: OBJETIVO ASOCIADO
G5: Tipo | H5: Definición | I5: Tendencia Adecuada del Indicador | L5: Posible Resultado | M5: Análisis de Resultados y Formulación de Acciones
G6: De Meta Máxima | H6: Cuando los datos del indicador no deben superar el valor de la meta. | I6: Decreciente | L6: Satisfactoria | M6: Se podrá mantener o establecer una meta mas exigente e/o incluir acciones realizadas para el logro de las metas de los indicadores dentro de los documentos del Sistema de Gestión Corporativo.
G7: De Meta Mínima | H7: Cuando los datos del indicador no deben ser inferiores al valor de la meta. | I7: Creciente | L7: Moderada | M7: Se declara una OPORTUNIDAD DE MEJORAMIENTO, frente a la cual se pueden formular Acciones Preventivas para evitar el incumplimiento de las metas en los próximos periodos.
G8: De Máximo y Mínimo | H8: Cuando los datos se deben mantener dentro de un rango, no siendo inferior a un valor o superior a otro. | I8: Dentro de un Rango | L8: Insatisfactoria | M8: Se declara una NO CONFORMIDAD, frente a la cual se formulan Correciones y Acciones correctivas.
A9: Asegurar las competencias e idoneidad de los servidores públicos, a través de las actividades de perfilación, vinculación, capacitación, evaluación y gestión del ambiente laboral; con el fin de lograr mejoras eficaces en la productividad de los procesos misionales. | C9: Efectividad | D9: PORCENTAJE (%) DE ENCUESTAS DE SATISFACCIÓN DEL "PLAN ANUAL DE FORMACIÓN, CAPACITACIÓN, BIENESTAR SOCIAL E INCENTIVOS DEL PERSONAL" CALIFICADAS POR PARTE DE LOS FUNCIONARIOS CON UNA NOTA IGUAL O SUPERIOR A TRES PUNTO CINCO (3.5) SOBRE CINCO (5.0). | E9: (N° de encuestas de satisfacción del "Plan Anual de Formación, Capacitación, Bienestar Social e Incentivos del Personal" calificadas por parte de los funcionarios con una nota igual o superior a tres punto cinco (3.5) sobre cinco (5.0) / N° de encuestas de satisfacción del "Plan Anual de Formación, Capacitación, Bienestar Social e Incentivos del Personal" calificadas por parte de los funcionarios) * 100. | F9: Mide el porcentaje de encuestasdel "Plan Anual de Formación, Capacitación, Bienestar Social e Incentivos del Personal" calificadas por parte de los funcionarios con una nota igual o superior a tres punto cinco (3.5) sobre cinco (5.0) | G9: De Meta Mínima | J9: Semestral | K9: 60% o más | L9: Satisfactoria | M9: 60% o más | N9: Lider del Proceso (Subdirector de Administrativo y Financiero con el apoyo de Equipo de Trabajo) | O9: Talento Humano Competente
L10: Moderada | M10: De 50% a 59.9%
L11: Insatisfactoria | M11: Menos de 49.9%
C12: Eficacia | D12: PORCENTAJE (%) DE ACTIVIDADES DE FORMACIÓN Y/O CAPACITACIÓN DE PERSONAL CUMPLIDAS EFICAZMENTE. | E12: (N° de actividades de formación y/o capacitación de personal cumplidas eficazmente / N° de actividades de formación y/o capacitación de personal cumplidas) * 100. | F12: Mide el porcentaje de actividades de formación y/o capacitación de personal cumplidas que tuvieron la capacidad de alcanzar el efecto que se esperaba o deseaba tras la realización de la misma. | G12: De Meta Mínima | J12: Semestral | K12: 92% o más | L12: Satisfactoria | M12: 92% o más | N12: Lider del Proceso (Subdirector de Administrativo y Financiero con el apoyo de Equipo de Trabajo) | O12: Talento Humano Competente
L13: Moderada | M13: De 70% a 91.9%
L14: Insatisfactoria | M14: Menos de 70%
C15: Eficacia | D15: PORCENTAJE (%) DE RECONOCIMIENTOS OTORGADOS DE ACUERDO A LO ESTABLECIDO EN EL PLAN ANUAL DE FORMACIÓN, CAPACITACIÓN, BIENESTAR SOCIAL E INCENTIVOS DEL PERSONAL 2015 | E15: (N° de reconocimientos otorgados / N° de reconocimientos identificados de acuerdo a lo establecido en el Plan Anual de Formación, Capacitación, Bienestar Social e Incentivos del Personal 2014)*100. . | F15: Mide el porcentaje de reconocimientos otorgados de acuerdo a lo establecido en el Plan Anual de Formación, Capacitación, Bienestar Social e Incentivos del Personal 2014, con el fin de incentivar o estimular la productividad del personal en los diferentes procesos | G15: De Meta Mínima | J15: Anual | K15: 90% o más | L15: Satisfactoria | M15: 90% o más | N15: Lider del Proceso (Subdirector de Administrativo y Financiero con el apoyo de Equipo de Trabajo) | O15: Talento Humano Competente
L16: Moderada | M16: De 70% a 89.9%
L17: Insatisfactoria | M17: Menos de 70%
C18: Eficacia | D18: CAPACITACIÓN DEL PERSONAL PARA EL MEJORAMIENTO EN LA PRESTACIÓN DEL SERVICIO | E18: N° de capacitaciones | F18: Mide el número de capacitaciones que requieren el personal de la institución para mejorar la prestación del servicio | G18: De Meta Mínima | J18: Anual | K18: 1 capacitación | L18: Satisfactoria | M18: 1 Capacitación | N18: Lider del Proceso (Subdirector de Administrativo y Financiero con el apoyo de Equipo de Trabajo) | O18: Talento Humano Competente
L19: Moderada | M19: 0 Capacitación
C20: Eficacia | D20: REALIZAR UN INFORME DE SEGUIMIENTO A LA EVALUACIÓN PARCIAL DE LOS FUNCIONARIOS | E20: N° de informes de seguimiento | F20: Mide el número de informes de seguimiento a la evaluación de los funcionarios de la Entidad | G20: De Meta Mínima | J20: Anual | K20: Informe de la evaluación al 100% de los funcionarios | L20: Satisfactoria | M20: De 80% a 100% | N20: Lider del Proceso (Subdirector de Administrativo y Financiero con el apoyo de Equipo de Trabajo) | O20: Talento Humano Competente
L21: Moderada | M21: De 60% a 79.9%
L22: Insatisfactoria | M22: Menos de 60%.
C23: Eficacia | D23: SEGUIMIENTO AL CUMPLIMIENTO DEL PLAN DE CAPACITACIÓN, BIENESTAR E INCENTIVOS | E23: Porcentaje de cumplimiento del Plan de capacitación, bienestar e Incentivos | F23: Mide el grado de cumplimiento del Plan de capacitación, bienestar e incentivos de la vigencia | G23: De Meta Mínima | J23: Anual | K23: Porcentaje de cumplimiento del Plan de capacitación, bienestar e Incentivos | L23: Satisfactoria | M23: De 80% a 100% | N23: Lider del Proceso (Subdirector de Administrativo y Financiero con el apoyo de Equipo de Trabajo) | O23: Talento Humano Competente
L24: Moderada | M24: De 60% a 79.9%
L25: Insatisfactoria | M25: Menos de 60%.
A27: =+D9 -> PORCENTAJE (%) DE ENCUESTAS DE SATISFACCIÓN DEL "PLAN ANUAL DE FORMACIÓN, CAPACITACIÓN, BIENESTAR SOCIAL E INCENTIVOS DEL PERSONAL" CALIFICADAS POR PARTE DE LOS FUNCIONARIOS CON UNA NOTA IGUAL O SUPERIOR A TRES PUNTO CINCO (3.5) SOBRE CINCO (5.0).
G29: 2009 | H29: 2010 | I29: 2011 | J29: 2012 | K29: 2013 | L29: 2014 | M29: 2015
A30: Porcentaje (%) de Encuestas de Satisfacción del "Plan Anual de Formación, Capacitación, Bienestar Social e Incentivos del Personal" Calificadas por Parte de los Funcionarios con una Nota Igual o Superior a Tres Punto Cinco (3.5) Sobre Cinco (5.0) | G30: 0.4 | H30: 0.54 | I30: 0.55 | J30: 0.42 | K30: 0.46 | L30: 0.56 | M30: =+K46 -> 0.61904762
A31: Meta | G31: 0.6 | H31: 0.6 | I31: 0.6 | J31: 0.6 | K31: 0.6 | L31: 0.6 | M31: 0.6
G33: AÑO | I33: ANALISIS DE RESULTADOS | L33: ACCIONES
I34: N° de Encuestas de Satisfacción del "Plan Anual de Formación, Capacitación, Bienestar Social e Incentivos del Personal" Calificadas por Parte de los Funcionarios con una Nota Igual o Superior a Tres Punto Cinco (3.5) Sobre Cinco (5.0) | J34: N° de Encuestas de Satisfacción del "Plan Anual de Formación, Capacitación, Bienestar Social e Incentivos del Personal" Calificadas por Parte de los Funcionarios | K34: Porcentaje (%) de Encuestas de Satisfacción del "Plan Anual de Formación, Capacitación, Bienestar Social e Incentivos del Personal" Calificadas por Parte de los Funcionarios con una Nota Igual o Superior a Tres Punto Cinco (3.5) Sobre Cinco (5.0)
G35: 2009 | I35: 18 | J35: 45 | K35: =+I35/J35 -> 0.4 | L35: Se analizaron y tomaron acciones respecto a las opiniones de los funcionarios, incluyendo las necesidade de capacitación.
G36: 2010 | I36: 25 | J36: 46 | K36: =+I36/J36 -> 0.54347826 | L36: Se analizaron y tomaron acciones respecto a las opiniones de los funcionarios, incluyendo las necesidade de capacitación.
G37: 2011 | I37: 21 | J37: 38 | K37: =+I37/J37 -> 0.55263158 | L37: Se analizaron y tomaron acciones respecto a las opiniones de los funcionarios, incluyendo las necesidade de capacitación.
G38: 2012 | I38: 25 | J38: 59 | K38: =+I38/J38 -> 0.42372881 | L38: Se analizaron y tomaron acciones respecto a las opiniones de los funcionarios, incluyendo las necesidade de capacitación.
G39: 2013 | I39: 33 | J39: 71 | K39: =+I39/J39 -> 0.46478873 | L39: Opiniones Septiembre 2013 -"Hacer mas evidente el componente de incentivos". -"Dar incentivos, reconocimientos y ascensos a funcionarios que se destaquen y con mayor antiguedad en la entidad". -"No podemos confundir capacitación y formación con charlas informativas que hacen en particular algunas personas". -"Las regionales deben de tenerse más en cuenta en el desarrollo de las diferentes actividades de bienestar social". -"En el caso de las actividades de bienestar social, es importante que se respeten las programaciones realizadas, que no se queden en el papel, es importante que se realice con el personal actividades que ayuden a integrar y a descansar". -"Considero que cuando se reciben capacitaciones se debe retroalimetar a varios funcionarios, de manera que el conocimiento no se quede en unos cuantos". -"Realizar programación de actividades con la debida antelación y sistematización sin depender de lo que nos facilitan externamente". -"Falta mas capacitaciones al personal y no he sabido de incentivos del personal". -"Cumplimiento del plan en alto porcentaje". -"Se debe aumentar el número de actividades de bienestar social (recreación)".
L40: Opiniones Febrero 2014 -"Se elabore y/o difunda el Plan Anual de Formación, Capacitación, Bienestar Social". -"Desde la Dirección se debe fortalecer el Plan de Bienestar Social e Incentivos". -"Ni siquiera fué conocido por los funcionarios y menos quienes participaron". -"Para el 2014 se requiere conocer por todo el personal el numeral 1". -"Formular un verdadero Plan de Formación, Capacitación, etc". -"Estos temas de la encuesta soy funcionario nueva, por ende no he participado aún". -"Mas compromiso con actividades de Bienestar Social". -"Tener en cuenta las necesidades y fortalezas de cada área para brindar allí las capacitaciones que se requieran". -"Actividades a realizar fuera de las instalaciones. 1 viernes cada mes mes o cada 2 meses en la tarde: Una caminata ecológica o montar en cicla o tarde de piscina. O cada tres meses...o tarde de cine o charla de música....yo hablo de música. O una tarde lúdica, con chistes historias, cuentos, teatro, cine, poesía...con las Cajas de Compensación o un club de lectura como "Corpolectura". -"Las capacitaciones deben garantizar calidad a través del personal idoneo. Actividades lúdicas". -"Si unimos formación y capacitación con Bienestar Social e incentivos del personal, se pierde el año".
G41: 2014 | H41: Semestre I | I41: 28 | J41: 50 | K41: =+I41/J41 -> 0.56 | L41: Opiniones Agosto 2014 -"Hay que generar incentivos pues son muy pocos, igualmente las capacitaciones desarrolladas". -"Disponer de un plan que realmente incluya y cuente con el personal". -"Idear mecanismos para que el personal de las regionales tenga más fácil acceso a este plan". -"Más apoyo a los funcionarios en capactiación y/o formación en el área competente". -"Incentivar al personal como se propone". -"Considero deben habén mas espacios para la integración actividad físico y crecimiento personal". -"Realizar mayor número de actividades de capacitación para los funcionarios de las diferentes áreas, para así mejorar la prestación del servicio".
H42: Semestre II | K42: =+I42/J42 -> #DIV/0!
H43: Total | I43: =SUM(I41:I42) -> 28 | J43: =SUM(J41:J42) -> 50 | K43: =+I43/J43 -> 0.56
G44: 2015 | H44: Semestre I | I44: 26 | J44: 42 | K44: =+I44/J44 -> 0.61904762 | L44: Opiniones Octubre 2015. -Considerp que debe socializar mas cada unas de las actividades de bienestar social -Socializar el plan y los resultados. -Revisar grado de satisfacción y percepción de la organización y sus empleados. -Cuando se socializó el plan, sí apenas lo aprobaron en octubre de 2015. -Dat cumplimiento con las capacitaciones específicas para cada área y permitir el presupuesto para asistir a estas. -
H45: Semestre II | K45: =+I45/J45 -> #DIV/0!
H46: Total | I46: =SUM(I44:I45) -> 26 | J46: =SUM(J44:J45) -> 42 | K46: =+I46/J46 -> 0.61904762
A48: =+D12 -> PORCENTAJE (%) DE ACTIVIDADES DE FORMACIÓN Y/O CAPACITACIÓN DE PERSONAL CUMPLIDAS EFICAZMENTE.
G50: 2011 | H50: 2012 | I50: 2013 | J50: 2014 | K50: 2015
A51: Porcentaje (%) de Actividades de Formación y/o Capacitación de Personal Cumplidas Eficazmente | G51: 0.947 | H51: 0.91 | I51: 0.91 | J51: 0.41 | K51: =+J136 -> 0.72222222
A52: Meta | G52: 0.92 | H52: 0.92 | I52: 0.92 | J52: 0.92 | K52: 0.92
G54: AÑO | H54: ANALISIS DE RESULTADOS | K54: ACCIONES
H55: N° de Actividades de Formación y/o Capacitación de Personal Cumplidas Eficazmente | I55: N° de Actividades de Formación y/o Capacitación de Personal Cumplidas | J55: Porcentaje (%) de Actividades de Formación y/o Capacitación de Personal Cumplidas Eficazmente
G56: 2011 | H56: Los datos con corte a junio es del 55,3% y el consolidado año del 94,7% | K56: No se pudo realizar las capacitaciones: Actualización en Normatividad del Proceso Tasación de Multas y Tabla de Retención Documental (TRD) actualizada con respecto al Sistema de Gestión Corporativo. Para la elaboración del nuvo plan de formación y/o capacitación de personal se tendra encuenta si es necesaria la necesidad de la incorporación de las las capacitaciones que faltaron .
G57: 2012 | H57: Los datos con corte a junio es del 78% y el consolidado año del 91% | K57: Por dificultades en la consecución de expertos en el tema, no se pudo realizar las siguientes capacitaciones: - Tasación de multas ambientales, - Interpretación de datos climatológicos, - Solución de Conflictos por Uso de Agua. Para la elaboración del nuvo plan de formación y/o capacitación de personal se tendra encuenta si es necesaria la necesidad de la incorporación de las las capacitaciones que faltaron .
G58: 2013 | H58: 29 | I58: 32 | J58: =+H58/I58 -> 0.90625 | K58: No se efectuaron las siguientes capacitaciones: -Promoción del Plan Anticorrupción y de atención al ciudadano. -Actualización Manejo de SIRECI -Evaluación de Impacto Ambiental Nota: Respecto a la eficacia de las capacitaciones adicional a la aplicación de lo recibido en los diferentes temas, se realizo la "ENCUESTA DE EVALUACIÓN DE LA TRANSFERENCIA E IMPACTO EN EL SERVICIO POR LAS CAPACITACIONES REALIZADAS" teniendo los siguientes resultados:
G59: 2014 | H59: 25 | I59: 61 | J59: =+H59/I59 -> 0.40983607 | K59: Tema | M59: Posibles objetivos | N59: Cumplimiento
K60: Todas las Áreas
K61: Riesgos Corporativos por Procesos. | M61: Administrar el riesgo en los procesos del Sistema de Gestión Corporativo con el fin de evitar, minimizar o asumir los factores que puedan llegar a afectar el cumplimiento de los objetivos de la Corporación. | N61: · Establecimiento Indicadores y Riesgos Corporativos por Procesos. 12/05/2014. | O61: · Mediante Resolución Aprobatoria 300-03-10-23-0721-2014 del 30/05/2014, se aprobó el “Mapa de Riesgos por procesos para la vigencia 2014”. Actualmente se están implementando las acciones planteadas dentro del mismo, con el fin de evitar, minimizar o asumir los factores de riesgo que pueden llegar a afectar el cumplimiento de los objetivos de la Corporación.
K62: Valores Éticos por Proceso. | M62: Estimular la interiorización y cumplimiento de los Valores Éticos Corporativos por parte de los Funcionarios de CORPOURABA. | N62: · No se evidencia realizada ninguna acción. | O62: · No se evidencia realizada ninguna acción.
K63: Plan Anticorrupción y de Atención al Ciudadano. | M63: Dar cumplimiento a las normas orientadas a fortalecer los mecanismos de prevención, investigación y sanción de actos de corrupción y la efectividad del control de la gestión pública. | N63: · Se coordinó con el apoyo de los Líderes de Procesos, el establecimiento del “Plan Anticorrupción para la Vigencia 2014”. | O63: · Mediante Resolución 300-03-10-23-0721-2014 del 30/05/2014 se aprobó el “Plan Anticorrupción para la Vigencia 2014”. Actualmente se están implementando las acciones planteadas dentro del mismo
K64: Actualización en cambios que se presenten en los documentos de los procesos del Sistema de Gestión Corporativo - SGC. | M64: Actualizar los funcionarios en los cambios que se hayan presentado en los documentos de los procesos del SGC. | N64: • Reinducción, documentos financiera y contratación. 03/02/2014. • Acciones de Mejoramiento. 28/05/2014. • Inducción Corporativa y Proceso Aplicación de la Autoridad (Manuales, procedimientos, documentos y formatos). 29/05/2014. • Documentos Sistema de Gestión Corporativo Vigía del Fuerte –Sede Regional Atrato. 22/07/2014. • Revisión Procedimientos –Documentos SGC Proceso Aplicación de la Autoridad Ambiental. Apartadó 31/07/2014. • Documentos Sistema de Gestión Corporativo. Urrao 12/08/2014. • Documentos Sistema de Gestión Corporativo. Cañasgordas 14/08/2014. | O64: Realizada la revisión periódica de los documentos de los procesos del SGC y actualizada la información en la Intranet. Los funcionarios están aplicando los manuales, procedimientos, documentos y/o formatos que se encuentran en la Intranet: • Gestión Financiera y Contable. Resolución 300-03-10-23-0665 del 20/05/2014. • Gestión de Proyectos. Resolución 300-03-10-23-0678 del 23/05/2014. • Mejoramiento del SGC. Resolución 300-03-10-23-0713 del 28/05/2014. • Planeación Global del Territorio. Resolución 300-03-10-23-0775 del 12/06/2014. • Direccionamiento del SGC. Resolución 300-03-10-23-0863 del 24/06/2014. • Gestión de Recursos e Infraestructura. Resolución 300-03-10-23-0897 del 27/06/2014. • Laboratorio de Análisis de Aguas. Resolución 300-03-10-23-0918 del 04/07/2014. • Gestión de Talento Humano. Resolución 300-03-10-23-0963 del 14/07/2014. • Aplicación de la Autoridad Ambiental. Resolución 300-03-10-23-1254 del 30/08/2014, 300-03-10-23-1264 del 04/09/2014, 300-03-10-23-1271 del 06/09/2014, 300-03-10-23-1304 del 11/09/2014
K65: Manual 3.1 para la Implementación de la Estrategia de Gobierno en Línea de la República de Colombia” y/o afines. | M65: Cumplir las fases de la "Estrategia de Gobierno en Línea" conforme a lo establecido en el Manual 3.1. | N65: • Estrategia de Gobierno en Línea. 10/03/2014. | O65: A la fecha se tiene un avance de cumplimiento del 52% del Plan de Acción GEL que contempla las actividades para dar cumplimiento al Manual 3.1 en lo que corresponde a la vigencia 2014. Se ha realizado lo siguiente: • Plan de participación Ciudadana: Se le dio cumplimiento en el 50% con la audiencia pública de informe de gestión realizada el 19 de abril del presente año, se elaboró un tema de foro y se recibió participación de los usuarios externos, se generó la opción de que los usuarios externos participaran de la audiencia desde su casa a través del canal USTREAM. • Se creó el plan verde y se incorporó en el PIGA aprobado para el año 2014 de la entidad, donde se realiza un procedimiento de como reciclar los residuos tecnológicos de la entidad. • Se tiene actualizado el sitio web con la información básica de la entidad hasta la fecha • Se han sensibilizado a los usuarios en el manejo de los residuos peligros y reciclaje a través de una jornada lúdica, que realizó por la corporación Camaleón. • Se actualizo la política editorial del sitio web, pensando en el usuario, de tal forma que la información cada día sea la requerida. • Se han realizado las respuestas de las PQRS en el tiempo estipulado por la norma de acuerdo a los casos Falta a la fecha el plan de transición de IPV4 a IPV6 y su implementación, el plan de seguridad informática y su implementación, la integración del aplicativo PQRS con la TRD y la integración con las denuncias de infracción ambiental.
K66: Dirección General
K67: Control interno - Auditorías internas. | M67: Actualizar el (los) funcionario(s) de la Oficina de Control Interno en Auditorías Internas de acuerdo a lineamientos del DAFP. | N67: • Auditorías internas. 06/02/2014. • Auditoría interna para oficinas de control interno. 06, 07 y 08/03/2014. • Formación de Auditores Internos ISO/IEC 17025:2005. 25, 26 y 27/06/2014. | O67: • Mediante Resolución 110-03-30-99-0095-2014 del 16/01/2014 se aprobó el “Plan de Actividades de Control Interno”. Actualmente tiene un avance de cumplimiento del 40%. • Mediante Resolución 300-03-10-23-2229-2013 del 26/12/2014 se aprobó el “Programa de Auditoría Interna para la Vigencia 2014”. El programa se cumplió en un 100%.
K68: Sistema de Rendición Electrónica de la Cuenta e Informes - SIRECI. | M68: Actualizar los funcionarios en el cumplimiento del método y la forma de rendir cuenta e informes a la Contraloría General de la República, a través del Sistema de Rendición Electrónica de la Cuenta e Informes – "SIRECI". | N68: • SIRECI. 17/02/2014. | O68: Al mes de agosto se han presentado las rendiciones de cuenta e informes a través del Sistema de Rendición Electrónica de la Cuenta e Informes – "SIRECI", en los términos definidos por La Contraloría General de la República: • Informes mensuales de regalías: 10212014-03-31 del 10/04/2014, 10212014-04-30 del 13/05/2014, 10212014-05-31del 11/06/2014, 10212014-06-30 del 15/07/2014 y 10212014-07-31 del 20/08/2014. • Informes trimestral de regalías: 10232014-03-31 del 10/04/2014 y 10232014-06-30 y 15/07/2014 • Informe de la rendición de la cuenta: 102122013-12-31 del 04/03/2014. • Informe de contratación trimestral: 10232014-03-31 del 10/04/2014 y 10232014-06-30 del 15/07/2014. • Informe de Plan de Mejoramiento semestral: 10262014-06-30 del 02/07/2014 y 10262013-06-30 del 07/07/2014. • Informe planta de cargos y contrato: 102122013-12-31 del 24/04/2014. • Plan de mejoramiento Plan Nacional de Recursos Hídricos: 10202014-07-17 del 06/08/2014
K69: Medios digitales y/o desarrollo de las TIC´S. | M69: Cumplir las fases de la "Estrategia de Gobierno en Línea" conforme a lo establecido en el Manual 3.1. | N69: • Estrategia de Gobierno en Línea. 10/03/2014. | O69: Íbidem lo referenciado acerca de la eficacia de la capacitación “Manual 3.1 para la Implementación de la Estrategia de Gobierno en Línea de la República de Colombia y/o afines” en los temas de SPOT.
K70: Otras actividades realizadas: | M70: • Actualización del Modelo Estándar de Control Interno MECI 2014. Bogotá 23 y 24 de julio de 2014. Socialización de capacitación Apartadó 04/08/2014.
K71: Oficina Jurídica
K72: Procedimiento Disciplinario | M72: Fortalecer los funcionarios en la aplicación del Código Disciplinario Único. | N72: · No se evidencia realizada ninguna acción. | O72: · No se evidencia realizada ninguna acción.
K73: Licencias Ambientales. | M73: Fortalecer los funcionarios en los criterios técnico jurídicos para atender los trámites de Licencias Ambientales. | N73: · No se evidencia realizada ninguna acción. | O73: · No se evidencia realizada ninguna acción.
K74: Manejo de Herramienta CITA. | M74: Fortalecer los funcionarios en el uso de la herramienta Corporativa CITA módulo Aplicación de la Autoridad Ambiental. | N74: · Capacitación módulo Aplicación de la Autoridad Ambiental del Aplicativo CITA. Virtual Integración Web. 06-07/03/2014. | O74: · Se tiene la Información de trámites ambientales actualizados en los términos establecidos en el módulo Aplicación de la Autoridad Ambiental del aplicativo CITA.
K75: Contratación Estatal. | M75: Fortalecer los funcionarios del área jurídica de contratación en la aplicación de la normatividad vigente de contratación. | N75: • Reinducción, documentos financiera y contratación. 03/02/2014. • Planeación Contractual. Apartadó 09/09/2014. | O75: • Continúa realizándose la Contratación conforme a la normatividad vigente.
K76: Otras actividades realizadas: | M76: • Capacitación módulo Contratación del Aplicativo CITA. Virtual Integración Web. 25/08/2014.
K77: Sudirección Planeación y Ordenamiento Territorial
K78: Formulación de proyectos. | M78: Fortalecer los funcionarios en la aplicación de las metodologías para la formulación y gestión de proyectos. | N78: • Nuevos Documentos y Formatos Gestión de Proyectos. 09/06/2014. • Planeación Integral de Proyectos Licenciables y Lineamientos Técnicos Ambientales en el Marco de la Gestión de Riesgos en Áreas Marino Costeras. 02/07/2014. • Formulación de Proyectos Formatos FCA. Apartadó 28/07/2014. | O78: • Mediante Resolución 300-03-30-99-2049-2013 del 27/09/2013 se aprobó el “Plan Operativo Anual de Inversiones” para la vigencia 2014 y por medio de las Resoluciones 300-03-10-99-0435-2014 del 01/04/2014, 300-03-10-99-0727-2014 del 04/06/2014, 400-03-10-99-1253-2014 del 29/08/2014 se han realizado actualizaciones. El Plan tiene un 29% de cumplimiento en su parte financiera con corte al mes de Junio
K79: Sistema Unificado de Inversión y Finanzas Públicas -SUIFP y Seguimiento de Proyectos de Inversión -SPI. | M79: Fortalecer los funcionarios en el uso de las herramientas definidas por Departamento Nacional de Planeación - DNP para la formulación y seguimiento de proyectos de inversión. | N79: · No se evidencia realizada ninguna acción. | O79: · No se evidencia realizada ninguna acción.
K80: Gestión del Riesgo de Desasres en el marco de las funciones de CORPOURABA de acuerdo con la normatividad ambiental. | M80: Capacitar los funcionarios para el asesoramiento, apoyo y/o participación en los Consejos de los Entes Territoriales de Gestión del Riesgo de Desastres en el marco de las funciones de CORPOURABA de acuerdo con la normatividad ambiental. | N80: • Planes Municipales de Gestión del Riesgo de Desastres/Estrategia Municipal de Respuesta/FTGR/PACC. Urrao. 20/05/2014. Uramita. 22/05/2014 • Taller Regional Centro Estado de los PNGRD-EMR-FTGRD-PIACC. 17/06/2014. • Reunión de Preparación ante la Temporada de Huracanes 2014 en el Caribe Colombiano, como Herramienta para la Gestión del Riesgo de Desastres. 02/07/2014. • Índice de Calidad Ambiental Urbana - ICAU. Apartadó 15/09/2014. • Creación de los Fondos Municipales de Gestión del Riesgo. Apartadó 23/09/2014. | O80: Se ha realizado acompañamiento al 100% de los consejos municipales de gestión del riesgo de la siguiente manera: • Capacitación a los CMGRD, se cualificó en coordinación con el DAPARD al 100% de los municipios en las siguientes fechas: Regional Urrao (20 de mayo), CMGRD municipios de la regional Nutibara (22 de mayo de 2014), CMGRD municipios regional Centro (17 de junio), CMGRD municipios regional Caribe 18 de junio), Vigía del Fuerte 9 de julio y Murindó 10 de julio y con invitación general “Creación de los Fondos Municipales de Gestión del Riesgo”. Apartadó 23/09/2014. • Con la Unidad Nacional de Gestión de Riesgo el 12 de junio en el municipio de Uramita. • Monitoreo de playas (3 de abril de 2014). • Se enviaron circulares y oficios sobre el fenómeno del niño a los municipios y los CMGRD: Alertas tempranas desabastecimiento de agua e incendio forestales (23 de enero de 2014), Probabilidad de ocurrencia del fenómeno del Niño (8 de mayo de 2014), Accione para enfrentar el posible fenómeno del Niño (4 de junio), Alertas y preparativos ante la temprana de huracanes para el caribe colombiano (25 de junio de 2014).
K81: Centro Información de Trámite - CITA módulos Planeación Global y Gestión de Proyectos. | M81: Fortalecer los funcionarios en el uso de la herramienta Corporativa CITA módulos Planeación Global y Gestión de Proyectos. | N81: • Capacitación módulo Proyectos del Aplicativo CITA. Virtual Integración Web. 20/01/2014 y 11/02/2014. | O81: • Teniendo en cuenta la modificación de los procedimientos de los procesos, actualmente se están realizando ajustes a los módulos de Planeación Global y Gestión de Proyectos del aplicativo CITA.
K82: Sistema de Información Ambiental. | M82: Fortalecer los funcionarios en el uso, manejo y difusión de información espacial. | N82: • Mapa de Humedales a Escala 1:100.000 v 0.1. 20/05/2014. | O82: • Los trámites ambientales tienen incorporada la consulta de datos geográficos.
K83: Otras actividades realizadas: | M83: • Estructura Ecológica del Territorio. Medellín 20/06/2014. • Taller para la Construcción Colectiva de los lineamientos para la Incorporación de la Gestión de Riesgo en los Instrumentos de Gestión Ambiental. Bogotá 11 y 12 de septiembre de 2014. • Capacitación módulo Acciones para el Mejoramiento del Aplicativo CITA. Virtual Integración Web. 28/05/2014.
K84: Subdirección de Gestión y Administración Ambiental
K85: Industria forestales; regulación, manejo de libros de operaciones forestales, elaboración de informes anuales, cálculo de % de desperdicio. | M85: Fortalecer los funcionarios en la atención de trámites de Industria forestales: Regulación, manejo de libros de operaciones forestales, elaboración de informes anuales, cálculo de % de desperdicio. | N85: · No se evidencia realizada ninguna acción. | O85: · No se evidencia realizada ninguna acción.
K86: Seguimiento a aprovechamientos forestales. | M86: Fortalecer los funcionarios en los seguimientos de permisos de aprovechamiento forestal. | N86: · No se evidencia realizada ninguna acción. | O86: · No se evidencia realizada ninguna acción.
K87: Evaluación de daños ambientales. | M87: Fortalecer los funcionarios en el cálculo y aplicación de multas ambientales. | N87: • Capacitación realizada por funcionario de CORNARE entre los días 14 y 15 de mayo de 2014 en los siguientes temas: -Acta única de control al tráfico ilegal de flora y fauna silvestre. -Comparendo ambiental. Ley 1259 de 2008. -Normatividad y competencia decomisos fauna y flora. -Cubicación de madera. -Control de tráfico y manejo de fauna silvestre. -Procedimiento legal decomisos de productos forestales o de la flora y fauna silvestre. -Reglamentación flora. • Asignación de Compensaciones por Pérdida de Biodiversidad, Inversión del 1%, Evaluación de Estudios de Impacto Ambiental y Procedimiento Administrativo Sancionatorio Ambiental. Bogotá 14 y 15/08/2014. | O87: • Se realiza actualmente el cálculo y aplicación de multas de acuerdo a la normatividad vigente.
K88: Evaluación de impacto ambiental. | M88: Fortalecer los funcionarios en la evaluación y/o análisis de impactos ambientales. | N88: • Capacitación realizada por funcionario de CORNARE entre los días 14 y 15 de mayo de 2014 en los siguientes temas: -Acta única de control al tráfico ilegal de flora y fauna silvestre. -Comparendo ambiental. Ley 1259 de 2008. -Normatividad y competencia decomisos fauna y flora. -Cubicación de madera. -Control de tráfico y manejo de fauna silvestre. -Procedimiento legal decomisos de productos forestales o de la flora y fauna silvestre. -Reglamentación flora. • Asignación de Compensaciones por Pérdida de Biodiversidad, Inversión del 1%, Evaluación de Estudios de Impacto Ambiental y Procedimiento Administrativo Sancionatorio Ambiental. Bogotá 14 y 15/08/2014. | O88: • Se están evaluando los impactos ambientales de los trámites ambientales con base en criterios técnicos para la administración del recurso.
K89: Atención de decomisos en minería. | M89: Fortalecer los funcionarios en la atención de decomisos en minería, de acuerdo a los términos normativos. | N89: · No se evidencia realizada ninguna acción. | O89: · No se evidencia realizada ninguna acción.
K90: Riesgos: Competencias, priorización de obras, manejo. | M90: Capacitar los funcionarios para el asesoramiento, apoyo y/o participación en los Consejos de los Entes Territoriales de Gestión del Riesgo de Desastres en el marco de las funciones de CORPOURABA de acuerdo con la normatividad ambiental. | N90: • Taller Regional Centro Estado de los PNGRD-EMR-FTGRD-PIACC. 17/06/2014. • Reunión de Preparación ante la Temporada de Huracanes 2014 en el Caribe Colombiano, como Herramienta para la Gestión del Riesgo de Desastres. 02/07/2014. | O90: Íbidem lo referenciado en SPOT, respecto a la verificación de la eficacia del tema al “Gestión del Riesgo de Desastres en el marco de las funciones de CORPOURABA de acuerdo con la normatividad ambiental”.
K91: Formulación de proyectos. | M91: Fortalecer los funcionarios en la aplicación de las metodologías para la formulación y gestión de proyectos. | N91: • Nuevos Documentos y Formatos Gestión de Proyectos. 09/06/2014. • Planeación Integral de Proyectos Licenciables y Lineamientos Técnicos Ambientales en el Marco de la Gestión de Riesgos en Áreas Marino Costeras. 02/07/2014. • Formulación de Proyectos Formatos FCA. Apartadó 28/07/2014. | O91: Íbidem lo referenciado en SPOT, respecto a la verificación de la eficacia del tema al “Formulación de Proyectos”.
K92: Cambio climático. | M92: Fortalecer a los funcionarios en la temática y en la ingerencia y/o competencia que tiene La Corporación respecto a la misma. | N92: • Adaptación al Cambio Climático en el Cultivo de Palma de Aceite. Apartadó 08/09/2014. | O92: Está en implementación la meta de “Apoyo a los 19 municipios en la formulación de los planes territoriales de adaptación del cambio climático”, la cual se encuentra dentro del Programa de Gestión de Calidad de Vida.
K93: Modelación cargas contaminantes por vertimientos. | M93: Fortalecer los funcionarios en los criterios técnicos para la administración del recurso agua. | N93: · No se evidencia realizada ninguna acción. | O93: · No se evidencia realizada ninguna acción.
K94: SIG bases de datos espaciales. | M94: Fortalecer los funcionarios en el uso, manejo y difusión de información espacial. | N94: • Mapa de Humedales a Escala 1:100.000 v 0.1. 20/05/2014. • IX Curso Tecnologías de Información Aplicadas a las Zonas Marinas y Costeras. 11-13/06/2014. | O94: Íbidem lo referenciado en SPOT, respecto a la verificación de la eficacia del tema al “Sistema de Información Ambiental”.
K95: Interventoría técnica de proyectos. | M95: Fortalecer los coordinadores y/o supervisores de los proyectos en el tema de interventoría de proyectos. | N95: • Nuevos Documentos y Formatos Gestión de Proyectos. 09/06/2014. • Planeación Integral de Proyectos Licenciables y Lineamientos Técnicos Ambientales en el Marco de la Gestión de Riesgos en Áreas Marino Costeras. 02/07/2014. • Formulación de Proyectos Formatos FCA. Apartadó 28/07/2014. | O95: Íbidem lo referenciado en SPOT, respecto a la verificación de la eficacia del tema al “Formulación de Proyectos”.
K96: Estudios hidrológicos. | M96: Fortalecer los funcionarios en los criterios técnicos para la administración del recurso agua. | N96: • Curso Teórico Práctico de Modelación Hidrogeoquímica. Apartadó 14 al 25/07/2014. • Curso de Modelación Hidrogeoquímica en el marco del Proyecto COL 7001, con el Organismo de Energía Atómica (OIEA). Sincelejo 20 al 26/07/2014. • Congreso Colombiano Hidrogeológico. Medellín 24/09/2014. • Taller: Aguas Subterráneas Asociadas a la Exploración y Explotación de Yacimientos No Convencionales. Medellín 14 y 15/08/2014. | O96: Se incorporó el tema, en la atención y/o emisión del concepto técnico para la resolución de trámites de concesión de aguas superficiales y/o subterráneas.
... K98: Servicios ecosistémicos, estimación stock de carbono, monitoreo de bosques SIG, políticas REDD. | M98: Capacitar a los funcionarios en la temática, para la posible gestión de recursos e implementación de pilotos en la jurisdicción de CORPOURABA. | N98: • Servicios Ecosistémicos e Insumos para Delimitación de Humedales. 03/07/2014. | O98: Se tiene personal capacitado en los conceptos básicos del tema.
K99: Otras actividades realizadas: | M99: • • Capacitación módulo Aplicación de la Autoridad Ambiental del Aplicativo CITA. Virtual Integración Web. 06-07/03/2014. • Protocolos de Gobernanza Forestal de Seguimiento y Control. 10/03/2014. • Proyecto de Posicionamiento de la Gobernanza Forestal-Propuesta Administrativa Forestal. 28/04/2014. • IX Curso de Tecnologías de la Información Aplicadas a las Zonas Marinas y Costeras. Santa Marta. 11,12 y 13/06/2014. • Revisión Procedimientos –Documentos SGC Proceso Aplicación de la Autoridad Ambiental. Apartadó 31/07/2014. • Curso de entrenamiento de análisis de olores ofensivos. Medellín 14 al 18/07/2014. Socialización de Capacitación. Apartadó 04/08/014. • Curso técnico en materiales peligrosos, en conformidad con la Norma NFPA 472 “Competencias del personal de respuesta a incidentes con materiales peligrosos /armas de destrucción masiva, edición 2013” y la Norma OSHA 1910.120 (q)(6)(iii) “Competencias para Técnicos en Materiales Peligrosos”. Medellín 07 al 10/08/2014. • Evento de Formación “Primer Respondiente con Materiales Peligrosos. Apartadó 20 al 22/08/2014. • Encuentro de Educación Ambiental, Educación Comunitaria que Transforma. Paipa Boyacá Invitación de MADS. 2 al 6/09/2014. • Índice de Calidad Ambiental Urbana - ICAU. Apartadó 15/09/2014. • Taller “Estrategia para la Prevención del Tráfico ilegal del Mono Aullador Rojo (Alouatta Seniculus) en Colombia”, y al Seminario – Taller “Comités Interinstitucionales de Flora y Fauna Silvestre” Medellín 17 al 19/09/2014. • Protocolo Monitoreo de Playas. 03/04/2014. • Taller de Socialización del Protocolo de Monitoreo de Playas MADS-INVEMAR. 18 y 19/09/2014
K100: Subdirección Administrativa y Financiera
K101: Actualización Uso Sistema Integrado de Información Financiera - SIIF Nación. | M101: Fortalecer los funcionarios en el uso del Sistema Integrado de Información Financiera - SIIF Nación del Ministerio de Hacienda y Credito Público. | N101: • Reinducción del Ministerio de Hacienda en los siguientes temas -Cadena Básica Presupuestal:  Solicitudes a la Dirección General de Presupuesto Público Nacional sobre adiciones, reducciones y traslados presupuestales que modifiquen el decreto de liquidación.  Desagregación los rubros presupuestales.  Asignación de apropiaciones y/o aforos a dependencias, subunidades o regionales, con el fin de ejecutar el presupuesto descentralizadamente. -Modificaciones al cupo PAC. -Parametrización de códigos contables con el catálogo general de la Contaduría pública. Bogotá 06/06/2014 • Comisión Taller práctico Eliminación de Saldos Contable del Aplicativo SIIF II Nación. Medellín 08/08/2014. | O101: Alimentado con la información Corporativa de acuerdo a los términos establecidos por el Ministerio de Hacienda y Crédito Público, el Sistema Integrado de Información Financiera - SIIF Nación.
K102: Actualización Tributaria. | M102: Fortalecer los funcionarios para la aplicación de normas de materia tributaria relacionadas al accionar de La Corporación. | N102: · No se evidencia realizada ninguna acción. | O102: · No se evidencia realizada ninguna acción.
K103: Seguridad Social. | M103: Fortalecer los funcionarios para la aplicación de normas seguridad social relacionadas al accionar de La Corporación. | N103: • Normas de tránsito y manejo a la defensiva. 31/03/2014. • Conceptos básicos de salud ocupacional. 07/04/2014. • Salud visual/transferencias primarias. 05/05/2014. | O103: Se está dando cumplimiento a las normas de seguridad social aplicables al accionar de La Corporación.
K104: Laboratorio de Análsis de Aguas
K105: Capacitación en manejo de equipos absorción atómica y detector de masas. | M105: Capacitar los funcionarios en el manejo de equipos de absorción atómica y detector de masas una vez se adquieran los equipos. | N105: · No se evidencia realizada ninguna acción. | O105: · No se evidencia realizada ninguna acción.
K106: Incertidumbre. | M106: Fortalecer los funcionarios en la cuantificación de la incertidumbre de los métodos análiticos. | N106: · No se evidencia realizada ninguna acción. | O106: · No se evidencia realizada ninguna acción.
K107: Metrología y Masas. | M107: Capacitar los funcionarios en el tema de metrologíay masas para las verificaciones de los diferentes equipos de medición. | N107: • Capacitación lineamientos de calidad método estándar 2012, análisis de datos mediante interpretación cartas de control, metrología y evaluación causa raiz. Carepa. 3-7/06/2014. | O107: Se ajustó e implementó el procedimiento “P-5.5-01: CONTROL DE EQUIPOS DE MEDICIÓN Y/O ENSAYO” donde se verifican los diferentes equipos de medición del Laboratorio.
K108: Validación de Métodos Microbiológicos. | M108: Capacitar los funcionarios en el tema de validación de métodos microbiológicos. | N108: · No se evidencia realizada ninguna acción. | O108: · No se evidencia realizada ninguna acción.
K109: Validación de Métodos Fisicoquímicos. | M109: Capacitar los nuevos funcionarios en el tema de validación de métodos fisicoquímicos. | N109: • Capacitación lineamientos de calidad método estándar 2012, análisis de datos mediante interpretación cartas de control, metrología y evaluación causa raíz. Carepa. 3-7/06/2014. • Validación de métodos fisicoquímicos. Carepa. 14/07/2014. | O109: Se está a la espera que lleguen los equipos de absorción atómica, analizador de mercurio, espectrofotómetro, detector de masas para la validación de las metodologías: Metales pesados, mercurio, pesticidas, entre otros.
...

Sheet Hoja 8. RI
A3: PROCESO RI: GESTIÓN DE RECURSOS E INFRAESTRUCTURA
A5: OBJETIVO DEL PROCESO | C5: CATEGORÍA DEL INDICADOR | D5: NOMBRE DEL INDICADOR | E5: FORMULA | F5: INTERPRETACION | G5: TIPO DE INDICADOR (Favor registre si es de meta máxima, meta mínima o de máximo y minimo) | J5: FRECUENCIA | K5: META | L5: NIVEL DE CUMPLIMIENTO (Favor registre los valores del indicador correspondientes a los posibles resultados) | N5: RESPONSABLE | O5: OBJETIVO ASOCIADO | P5: RESULTADO
G6: Tipo | H6: Definición | I6: Tendencia Adecuada del Indicador | L6: Posible Resultado | M6: Análisis de Resultados y Formulación de Acciones
G7: De Meta Máxima | H7: Cuando los datos del indicador no deben superar el valor de la meta. | I7: Decreciente | L7: Satisfactoria | M7: Se podrá mantener o establecer una meta mas exigente e/o incluir acciones realizadas para el logro de las metas de los indicadores dentro de los documentos del Sistema de Gestión Corporativo.
G8: De Meta Mínima | H8: Cuando los datos del indicador no deben ser inferiores al valor de la meta. | I8: Creciente | L8: Moderada | M8: Se declara una OPORTUNIDAD DE MEJORAMIENTO, frente a la cual se pueden formular Acciones Preventivas para evitar el incumplimiento de las metas en los próximos periodos.
G9: De Máximo y Mínimo | H9: Cuando los datos se deben mantener dentro de un rango, no siendo inferior a un valor o superior a otro. | I9: Dentro de un Rango | L9: Insatisfactoria | M9: Se declara una NO CONFORMIDAD, frente a la cual se formulan Correciones y Acciones correctivas.
L10: Satisfactoria
L11: Moderada
L12: Insatisfactoria
L13: Satisfactoria
L14: Moderada
L15: Insatisfactoria
L16: Satisfactoria
L17: Moderada
L18: Insatisfactoria
L19: Satisfactoria
L20: Moderada
L21: Insatisfactoria
... L39: Insatisfactoria

Sheet Hoja 8. RI2 
A2: PROCESO RI: GESTIÓN DE RECURSOS E INFRAESTRUCTURA
A4: OBJETIVO DEL PROCESO | C4: CATEGORÍA DEL INDICADOR | D4: NOMBRE DEL INDICADOR | E4: FORMULA | F4: INTERPRETACION | G4: TIPO DE INDICADOR (Favor registre si es de meta máxima, meta mínima o de máximo y minimo) | J4: FRECUENCIA | K4: META | L4: NIVEL DE CUMPLIMIENTO (Favor registre los valores del indicador correspondientes a los posibles resultados) | N4: RESPONSABLE | O4: OBJETIVO ASOCIADO
G5: Tipo | H5: Definición | I5: Tendencia Adecuada del Indicador | L5: Posible Resultado | M5: Análisis de Resultados y Formulación de Acciones
G6: De Meta Máxima | H6: Cuando los datos del indicador no deben superar el valor de la meta. | I6: Decreciente | L6: Satisfactoria | M6: Se podrá mantener o establecer una meta mas exigente e/o incluir acciones realizadas para el logro de las metas de los indicadores dentro de los documentos del Sistema de Gestión Corporativo.
G7: De Meta Mínima | H7: Cuando los datos del indicador no deben ser inferiores al valor de la meta. | I7: Creciente | L7: Moderada | M7: Se declara una OPORTUNIDAD DE MEJORAMIENTO, frente a la cual se pueden formular Acciones Preventivas para evitar el incumplimiento de las metas en los próximos periodos.
G8: De Máximo y Mínimo | H8: Cuando los datos se deben mantener dentro de un rango, no siendo inferior a un valor o superior a otro. | I8: Dentro de un Rango | L8: Insatisfactoria | M8: Se declara una NO CONFORMIDAD, frente a la cual se formulan Correciones y Acciones correctivas.
A9: Adquirir, suministrar, mantener y salvaguardar los recursos e infraestructura a través de las actividades de administración y contratación de bienes y servicios necesarios para el cumplimiento de los objetivos de los diferentes procesos del Sistema de Gestión Corporativo. | C9: Efectividad | D9: PORCENTAJE (%) DE ENCUESTAS DE SATISFACCIÓN DEL SERVICIO PRESTADO POR EL PROCESO DE GESTIÓN DE RECURSOS E INFRAESTRUCTURA (ALMACÉN, CONTRATACIÓN, SISTEMAS), CALIFICADAS POR PARTE DE LOS FUNCIONARIOS CON UNA NOTA IGUAL O SUPERIOR A TRES PUNTO CINCO (3.5) | E9: (N° de encuestas de satisfacción del servicio prestado por el proceso de Gestión de Recursos e Infraestructura (Almacén, Contratación, Sistemas), calificadas por parte de los funcionarios con una nota igual o superior a tres punto cinco (3.5) sobre cinco (5.0) / N° de encuestas de satisfacción del servicio prestado por el proceso de Gestión de Recursos e Infraestructura (Almacén, Contratación, Sistemas), calificadas por parte de los funcionarios))*100. | F9: Mide el porcentaje de encuestas de satisfacción del servicio prestado por el proceso de Gestión de Recursos e Infraestructura (Almacén, Contratación, Sistemas), calificadas por parte de los funcionarios con una nota igual o superior a tres punto cinco (3.5) sobre cinco (5.0) . | G9: De Meta Mínima | J9: Anual | K9: 90% o más | L9: Satisfactoria | M9: 90% o más | N9: Lider del Proceso (Subdirector Jurídico, Administrativo y Financiero con el apoyo de Equipo de Trabajo) | O9: Mejora Continua
L10: Moderada | M10: De 70% a 89.9%
L11: Insatisfactoria | M11: Menos de 70%
C12: Eficiencia | D12: PORCENTAJE (%) DE DISMINUCIÓN DE CONSUMO DE PAPEL. | E12: ((Consumo de papel vigencia actual / Consumo de papel vigencia anterior) menos uno (1))*100. | F12: Mide el porcentaje de disminución de consumo de papel de la vigencia actual respecto a la vigencia anterior. | G12: De Meta Máxima | J12: Mensual | K12: (-2%) en adelante. | L12: Satisfactoria | M12: (-2%) en adelante | N12: Lider del Proceso (Subdirector Jurídico, Administrativo y Financiero con el apoyo de Equipo de Trabajo) | O12: Mejora Continua
L13: Moderada | M13: Entre -1,9% y 0%
L14: Insatisfactoria | M14: Mayor a cero (0)
C15: Eficiencia | D15: PORCENTAJE (%) DE DISMINUCIÓN DE CONSUMO DE AGUA. | E15: ((Consumo de agua vigencia actual (m3) / Consumo de agua vigencia anterior (m3) menos uno (1))*100 | F15: Mide el porcentaje de disminución de consumo de agua de la vigencia actual respecto a la vigencia anterior. | G15: De Meta Máxima | J15: Mensual | K15: (-1%) en adelante. | L15: Satisfactoria | M15: (-1%) en adelante | N15: Lider del Proceso (Subdirector Jurídico, Administrativo y Financiero con el apoyo de Equipo de Trabajo) | O15: Mejora Continua
L16: Moderada | M16: Entre -0.9% y 0%
L17: Insatisfactoria | M17: Mayor a cero (0)
C18: Eficiencia | D18: PORCENTAJE (%) DE DISMINUCIÓN DE CONSUMO DE ENERGÍA. | E18: ((Consumo de energía (kw) vigencia actual / Consumo de energía (kw) vigencia anterior) menos uno (1))*100 | F18: Mide el porcentaje de disminución de consumo de energía de la vigencia actual respecto a la vigencia anterior. | G18: De Meta Máxima | J18: Mensual | K18: (-1%) en adelante. | L18: Satisfactoria | M18: (-1%) en adelante | N18: Lider del Proceso (Subdirector Jurídico, Administrativo y Financiero con el apoyo de Equipo de Trabajo) | O18: Mejora Continua
L19: Moderada | M19: Entre -0.9% y 0%
L20: Insatisfactoria | M20: Mayor a cero (0)
C21: Eficacia | D21: N° HERRAMIENTAS TECNOLÓGICAS FORTALECIDAS PARA MEJORA LA ADMINISTRACIÓN, SEGUIMIENTO Y CONTROL DE LOS CONTRATOS E INVENTARIOS DE LA INSTITUCIÓN | E21: N° de herramientas tecnológicas para la administración, seguimiento y control de los contratos adquiridas e implementadas. | F21: Mide el número de herramientas tecnológicas para la administración, seguimiento y control de los contratos adquiridas e implementadas , con el fin de contribuir en la minimización o anulación de una "Posible adquisición de bienes y servicios sin los requisitos establecidos". | G21: De Meta Mínima | J21: Anual | K21: Dos herramienta | L21: Satisfactoria | M21: 2 herramientas | N21: Lider del Proceso (Subdirector Jurídico, Administrativo y Financiero con el apoyo de Equipo de Trabajo) | O21: Mejora Continua
L22: Moderada | M22: 1 herramienta
L23: Insatisfactoria | M23: 0 herramienta
C24: Eficacia | D24: N° DE CAPACITACIONES A LOS COORDINADORES DE LOS PROYECTOS EN ESTUDIOS DE MERCADO (PLANEACIÓN), IDENTIFICACIÓN DE RIESGOS, MANUALES Y PROCEDIMIENTOS DE CONTRATACIÓN Y DE ALMACEN | E24: N° de eventos de capacitación realizados | F24: Mide el número de eventos de capacitación a los funcionarios en temas como planeación, identificación de riesgos, manuales y procedimientos de contratación, con el fin de contribuir con la normatividad y procedimientos de contratación | G24: De Meta Mínima | J24: Anual | K24: Cuatro eventos | L24: Satisfactoria | M24: 4 Eventos | N24: Lider del Proceso (Subdirector Jurídico, Administrativo y Financiero con el apoyo de Equipo de Trabajo) | O24: Talento Humano Competente
L25: Moderada | M25: 2 Eventos
L26: Insatisfactoria | M26: 1 Eventos
C27: Eficacia | D27: % INVENTARIO DE LA CORPORACIÓN ACTUALIZADO | E27: % de inventario actualizado | F27: Mide el porcentaje de inventario de los bienes de la Institución, partiendo de la definición de bienes por funcionario o área de trabajo, reconteo de bienes para verificar su existencia y actualización de la información en el sistema. | G27: De Meta Mínima | J27: Anual | K27: 100% invetario | L27: Satisfactoria | M27: 100% inventario y actualización en sistemas | N27: Lider del Proceso (Subdirector Jurídico, Administrativo y Financiero con el apoyo de Equipo de Trabajo) | O27: Talento Humano Competente
L28: Moderada | M28: 50% Inventario documental y reconteo
L29: Insatisfactoria | M29: O eventos de capacitación.
A31: =+'Hoja 11. TABLA DE CONTROL'!B58 -> PORCENTAJE (%) DE INCREMENTO DE CARTERA RECUPERADA ENTRE VIGENCIAS.
G33: 2009 | H33: 2010 | I33: 2011 | J33: 2012 | K33: 2013 | L33: 2014 | M33: 2015 | N33: 2016
A34: Porcentaje (%) de Encuestas de Satisfacción del Servicio Prestado por el Proceso de Gestión de Recursos E Infraestructura (Almacén, Contratación, Sistemas), Calificadas por Parte de los Funcionarios con Una Nota Igual o Superior a Tres Punto Cinco (3.5) | G34: 0.89 | H34: 0.84 | I34: 0.87 | J34: 0.67 | K34: 0.85 | L34: 0.8 | M34: =+K49 -> 0.8028169 | N34: =+K52 -> 0.8
A35: Meta | G35: 0.9 | H35: 0.9 | I35: 0.9 | J35: 0.9 | K35: 0.9 | L35: 0.9 | M35: 0.9 | N35: 0.9
G37: AÑO | I37: ANALISIS DE RESULTADOS | L37: ACCIONES
I38: N° de Encuestas de Satisfacción del Servicio Prestado por el Proceso de Gestión de Recursos E Infraestructura (Almacén, Contratación, Sistemas), Calificadas por Parte de los Funcionarios con Una Nota Igual o Superior a Tres Punto Cinco (3.5) | J38: N° de Encuestas de Satisfacción del Servicio Prestado por el Proceso de Gestión de Recursos E Infraestructura (Almacén, Contratación, Sistemas), Calificadas por Parte de los Funcionarios | K38: Porcentaje (%) de Encuestas de Satisfacción del Servicio Prestado por el Proceso de Gestión de Recursos E Infraestructura (Almacén, Contratación, Sistemas), Calificadas por Parte de los Funcionarios con Una Nota Igual o Superior a Tres Punto Cinco (3.5)
G39: 2009 | I39: 40 | J39: 45 | K39: =+I39/J39 -> 0.88888889 | L39: Se analizaron y tomaron acciones respecto a las opiniones de los funcionarios.
G40: 2010 | I40: 36 | J40: 43 | K40: =+I40/J40 -> 0.8372093 | L40: Se analizaron y tomaron acciones respecto a las opiniones de los funcionarios.
G41: 2011 | I41: 33 | J41: 38 | K41: =+I41/J41 -> 0.86842105 | L41: Se analizaron y tomaron acciones respecto a las opiniones de los funcionarios.
G42: 2012 | I42: 41 | J42: 61 | K42: =+I42/J42 -> 0.67213115 | L42: Se analizaron y tomaron acciones respecto a las opiniones de los funcionarios.
G43: 2013 | I43: 57 | J43: 67 | K43: =+I43/J43 -> 0.85074627 | L43: Opiniones Septiembre 2013 -"El espacio donde funciona la oficina de la Regional (Urrao) no es el más adecuado. Hay problemas de temperatura y de goteras, estamos en una edificación antigua con problemas de seguridad". -"En La Corporación se observa el compromiso por mejorar en recursos e infraestructura". -"Adecuar la Regional con equipos faltantes para una buena operación, escaner, cámara digital (Nutibara)". -"Tuve un requerimiento y lo entregado no cumplió con las expectativas frente al producto utilizado con anterioridad - equipo de cómputo, motocicletas". Opiniones Febrero 2014 -"El ruido es más por los mismos funcionarios, en muchos casos hablan durísimo". -"La iluminación de las oficinas...en lo posible el color de la pintura debe ser blanco". -"Adecuación general de las instalaciones y seguimiento en los procedimientos". -"Se requiere con urgencia el aire acondicionado para el área de archivo central y fumigación".
G44: 2014 | I44: 40 | J44: 50 | K44: =+I44/J44 -> 0.8
I45: 60 | J45: 75 | K45: =+I45/J45 -> 0.8
I46: =SUM(I44:I45) -> 100 | J46: =SUM(J44:J45) -> 125 | K46: =+I46/J46 -> 0.8 | L46: Opiniones Agosto 2014 -"Cambio de orinales en baños hombres". -"Agilizar un poco en la entrega de equipos, mayor número de equipos de cómputo". -"Adecuación de la planta física". -"Punto N°1 - aclarar y definir en el procedimiento de gestión de recursos el papel del supervisor y el coordinador (R-RI-20)". -"Dotar a las regionales de los equipos y herramientas (escaner - video beam- fotocopiadora) para cumplir con los ajustes en los aplicativos CITA". -"Mejorar la iluminación de la oficina de Cañagordas". -"Es pertinente que algunos espacios se considere la pertinencia es el uso de modulares". -"Desarrollar un mejor direccionamiento del servicio de conformidad con la competencia del funcionario a prestar el servicio". -"Solo el resultadoen el item 4 por falta de iluminación". -"El procedimiento de salida de equipos es complejo, se hace dificil encontrar el formatos en la carpeta pública". -"Acceso mas fácil a aplicativos y software libres que facilitan mayor independencia pa formular conceptos y propuestas". Se considera que es necesario que se mejoren las instalaciones de los baños de las mujeres en pintura y accesorios.
G47: 2015 | H47: Semestre I | I47: 36 | J47: 41 | K47: =+I47/J47 -> 0.87804878 | L47: Entrega de materiales solicitados en las cantidades requeridas las próximas requisiciones por favor entregas completo los suministros Se requiere que los equipos de cómputo y otros de las regionales, el cronograma de mantenimiento sea de estricto cumplimiento Mejorar instalaciones de baños hombres, ventiladores para sala de espera de espacio vital Un mejor espacio físico porque cuando llueve las oficinas se inundan. Mejorar el servicio de aseo, mantenimiento o arreglo de instalaciones o red sanitaria, mantenimiento de aires acondicionados El cielo raso se encuentra bastante deteriorado y libera basura diariamente. Las adecuaciones y construcciones deberían hacerse en horarios no laborales y/o ajustar el horario de trabajo de ser necesario. Incluir en el presupuesto anual de compras los rubros que por ley le corresponde a área de la gestión documental Cambio de equipo de cómputo Cambio de equipo de cómputo y suministro de cámara fotográfica que se han pedido pero no han llegado.
H48: Semestre II | I48: 21 | J48: 30 | K48: =+I48/J48 -> 0.7 | L48: Suministro de Inusmos a Tiempo. Arreglos locativos (Instalaciones y atencion a necesidades de usuarios en cuando a las instalaciones). Entrega de equipos, comunicación referente a situaciones de mantenimiento.
H49: Total | I49: =SUM(I47:I48) -> 57 | J49: =SUM(J47:J48) -> 71 | K49: =+I49/J49 -> 0.8028169
G50: 2016 | H50: Semestre I | I50: 24 | J50: 30 | K50: =+I50/J50 -> 0.8 | L50: Oportunidad de Mejora en cuento a la entrega de insumos (Requision de Elementos). Oportunidad de mejroa en cuanto a estado de las instalaciones de la Corporacion. Oportunidad de Mejora en cuanto a solicitudes de Compra
H51: Semestre II | K51: =+I51/J51 -> #DIV/0!
H52: Total | I52: =SUM(I50:I51) -> 24 | J52: =SUM(J50:J51) -> 30 | K52: =+I52/J52 -> 0.8
A55: =+D12 -> PORCENTAJE (%) DE DISMINUCIÓN DE CONSUMO DE PAPEL.
G57: 2012 | H57: 2013 | I57: 2014 | J57: 2015 | K57: 2016
A58: Porcentaje (%) de Dismininución de Consumo de Papel | G58: -0.44 | H58: -0.12 | I58: =+AA89 -> -0.07160804 | J58: =+AS89 -> -0.12584574 | K58: =+BK89 -> 0.51083591
A59: Meta | G59: -0.02 | H59: -0.02 | I59: -0.02 | J59: -0.02 | K59: -0.02
G61: ANALISIS DE RESULTADOS
G62: Área/Subdirección | H62: Producto de Papel | I62: Consumo
I63: 2011 | J63: 2012 | K63: 2013 | N63: 2014 | AA63: % Reducción 2014 vs 2013 | AB63: ACCIONES | AF63: 2015 | AS63: % Reducción 2015 vs 2014 | AT63: ACCIONES | AX63: 2016 | BK63: % Reducción 2016 vs 2015 | BL63: ACCIONES
K64: Año | L64: Promedio Mes | M64: Meta de Reducción 2014 | N64: Mes | AF64: Mes | AX64: Mes
N65: Ene | O65: Feb | P65: Mar | Q65: Abr | R65: May | S65: Jun | T65: Jul | U65: Ago | V65: Sep | W65: Oct | X65: Nov | Y65: Dic | Z65: Total | AF65: Ene | AG65: Feb | AH65: Mar | AI65: Abr | AJ65: May | AK65: Jun | AL65: Jul | AM65: Ago | AN65: Sep | AO65: Oct | AP65: Nov | AQ65: Dic | AR65: Total | AX65: Ene | AY65: Feb | AZ65: Mar | BA65: Abr | BB65: May | BC65: Jun | BD65: Jul | BE65: Ago | BF65: Sep | BG65: Oct | BH65: Nov | BI65: Dic | BJ65: Total
G66: Dirección General | H66: Carta | I66: 12 | J66: 11 | K66: 9 | L66: =+K66/12 -> 0.75 | M66: =(K66*0.02) -> 0.18 | N66: 1 | P66: 1 | Q66: 1 | S66: 1 | T66: 1 | U66: 2 | W66: 2 | X66: 1 | Y66: 1 | Z66: =SUM(N66:Y66) -> 11 | AA66: =+(Z66/K66)-1 -> 0.22222222 | AB66: La Corporación realiza un esfuerzo en materia de reducción de consumo de papel, toda vez que implementa herramientas tecnológicas que permiten procesar, tramitar consolidar y gestionar la información institucional, lo que permite ir disminuyendo el uso del papel. Se evidencia un mayor reporte en el ultimo trimestre del 2014, como reajuste de cantidades pendientes por reportar debido al inventario y recoleccion de informacion de las requesicion de elementos de consumo. Mas sin embargo se puede evidenciar que en un 95% de las areas y/o proyectos hay una disminucion de papel con referencia al año inmediatamente anterior, en el consolidado se evidencia una reduccion del -7% que es mayor a la meta propuesta que es -2%. Cumplienod asi con este itens e el plan institucional. | AF66: 1 | AG66: 0 | AH66: 1 | AI66: 0 | AJ66: 1 | AK66: 0 | AL66: 1 | AM66: 0 | AN66: 1 | AO66: 0 | AP66: 1 | AQ66: 0 | AR66: =SUM(AF66:AQ66) -> 6 | AS66: =+(AR66/Z66)-1 -> -0.45454545 | AT66: La corporacion continua realizando esfuerzos conducentes a disminuir el consumo de papel, como politica y plan institucional utilizando herramientas tecnologicas para el tramite y documentos internos; asi disminuir considerable mente el consumo de papel. | AX66: 0 | AY66: 0 | AZ66: 0 | BA66: 0 | BB66: 1 | BC66: 0 | BD66: 1 | BE66: 0 | BF66: 0 | BJ66: =SUM(AX66:BI66) -> 2 | BK66: =+(BJ66/AR66)-1 -> -0.66666667 | BL66: La corporacion continua realizando esfuerzos conducentes a disminuir el consumo de papel, como politica y plan institucional utilizando herramientas tecnologicas para el tramite y documentos internos; asi disminuir considerable mente el consumo de papel.
H67: Oficio | I67: 5.2 | J67: 2 | K67: 2 | L67: =+K67/12 -> 0.16666667 | M67: =(K67*0.02) -> 0.04 | P67: 1 | V67: 1 | Y67: 1 | Z67: =SUM(N67:Y67) -> 3 | AA67: =+(Z67/K67)-1 -> 0.5 | AF67: 0 | AG67: 0 | AH67: 1 | AI67: 0 | AJ67: 0 | AK67: 1 | AL67: 0 | AM67: 0 | AN67: 1 | AO67: 0 | AP67: 0 | AQ67: 0 | AR67: =SUM(AF67:AQ67) -> 3 | AS67: =+(AR67/Z67)-1 -> 0 | AX67: 0 | AY67: 0 | AZ67: 0 | BA67: 0 | BB67: 1 | BC67: 0 | BD67: 0 | BE67: 0 | BF67: 0 | BJ67: =SUM(AX67:BI67) -> 1 | BK67: =+(BJ67/AR67)-1 -> -0.66666667
H68: Total | I68: 17.2 | J68: 13 | K68: 11 | L68: =+K68/12 -> 0.91666667 | M68: =(K68*0.02) -> 0.22 | N68: =SUM(N66:N67) -> 1 | O68: =SUM(O66:O67) -> 0 | P68: =SUM(P66:P67) -> 2 | Q68: =SUM(Q66:Q67) -> 1 | R68: =SUM(R66:R67) -> 0 | S68: =SUM(S66:S67) -> 1 | T68: =SUM(T66:T67) -> 1 | U68: =SUM(U66:U67) -> 2 | ... Z68: =SUM(Z66:Z67) -> 14 | AA68: =+(Z68/K68)-1 -> 0.27272727 | AF68: =SUM(AF66:AF67) -> 1 | AG68: =SUM(AG66:AG67) -> 0 | AH68: =SUM(AH66:AH67) -> 2 | AI68: =SUM(AI66:AI67) -> 0 | AJ68: =SUM(AJ66:AJ67) -> 1 | AK68: =SUM(AK66:AK67) -> 1 | AL68: =SUM(AL66:AL67) -> 1 | AM68: =SUM(AM66:AM67) -> 0 | ... AR68: =SUM(AR66:AR67) -> 9 | AS68: =+(AR68/Z68)-1 -> -0.35714286 | AX68: =SUM(AX66:AX67) -> 0 | AY68: =SUM(AY66:AY67) -> 0 | AZ68: =SUM(AZ66:AZ67) -> 0 | BA68: =SUM(BA66:BA67) -> 0 | BB68: =SUM(BB66:BB67) -> 2 | BC68: =SUM(BC66:BC67) -> 0 | BD68: =SUM(BD66:BD67) -> 1 | BE68: =SUM(BE66:BE67) -> 0 | ... BJ68: =SUM(BJ66:BJ67) -> 3 | BK68: =+(BJ68/AR68)-1 -> -0.66666667
G69: SPOT | H69: Carta | I69: 24 | J69: 19 | K69: 13 | L69: =+K69/12 -> 1.0833333 | M69: =(K69*0.02) -> 0.26 | N69: 1 | O69: 1 | Q69: 2 | R69: 1 | S69: 2 | U69: 1 | V69: 0.5 | W69: 1 | X69: 1 | Y69: 1 | Z69: =SUM(N69:Y69) -> 11.5 | AA69: =+(Z69/K69)-1 -> -0.11538462 | AF69: 1 | AG69: 1 | AH69: 1 | AI69: 1 | AJ69: 1 | AK69: 1 | AL69: 1 | AM69: 1 | AN69: 1 | AO69: 1 | AP69: 1 | AQ69: 1 | AR69: =SUM(AF69:AQ69) -> 12 | AS69: =+(AR69/Z69)-1 -> 0.043478261 | AX69: 10 | AY69: 2 | AZ69: 5 | BA69: =2+1+3+1 -> 7 | BB69: =1+1+1+1+1 -> 5 | BC69: 2 | BD69: =4+1 -> 5 | BE69: =2+1 -> 3 | BF69: =1+1 -> 2 | BJ69: =SUM(AX69:BI69) -> 41 | BK69: =+(BJ69/AR69)-1 -> 2.4166667
H70: Oficio | I70: 10.4 | J70: 3 | K70: 5 | L70: =+K70/12 -> 0.41666667 | M70: =(K70*0.02) -> 0.1 | P70: 1 | Q70: 0 | R70: 1 | V70: 1 | W70: 1 | X70: 1 | Z70: =SUM(N70:Y70) -> 5 | AA70: =+(Z70/K70)-1 -> 0 | AF70: 0 | AG70: 0 | AH70: 1 | AI70: 0 | AJ70: 0 | AK70: 1 | AL70: 0 | AM70: 0 | AN70: 1 | AO70: 1 | AP70: 1 | AQ70: 1 | AR70: =SUM(AF70:AQ70) -> 6 | AS70: =+(AR70/Z70)-1 -> 0.2 | AX70: 1 | AY70: 5 | AZ70: 3 | BA70: =2+1 -> 3 | BB70: =1+1+1+1+1 -> 5 | BC70: 1 | BD70: 1 | BE70: =2+1 -> 3 | BF70: 1 | BJ70: =SUM(AX70:BI70) -> 23 | BK70: =+(BJ70/AR70)-1 -> 2.8333333
H71: Total | I71: 34.4 | J71: 22 | K71: 18 | L71: =+K71/12 -> 1.5 | M71: =(K71*0.02) -> 0.36 | N71: =SUM(N69:N70) -> 1 | O71: =SUM(O69:O70) -> 1 | P71: =SUM(P69:P70) -> 1 | Q71: =SUM(Q69:Q70) -> 2 | R71: =SUM(R69:R70) -> 2 | S71: =SUM(S69:S70) -> 2 | T71: =SUM(T69:T70) -> 0 | U71: =SUM(U69:U70) -> 1 | ... Z71: =SUM(Z69:Z70) -> 16.5 | AA71: =+(Z71/K71)-1 -> -0.083333333 | AF71: =SUM(AF69:AF70) -> 1 | AG71: =SUM(AG69:AG70) -> 1 | AH71: =SUM(AH69:AH70) -> 2 | AI71: =SUM(AI69:AI70) -> 1 | AJ71: =SUM(AJ69:AJ70) -> 1 | AK71: =SUM(AK69:AK70) -> 2 | AL71: =SUM(AL69:AL70) -> 1 | AM71: =SUM(AM69:AM70) -> 1 | ... AR71: =SUM(AR69:AR70) -> 18 | AS71: =+(AR71/Z71)-1 -> 0.090909091 | AX71: =SUM(AX69:AX70) -> 11 | AY71: =SUM(AY69:AY70) -> 7 | AZ71: =SUM(AZ69:AZ70) -> 8 | BA71: =SUM(BA69:BA70) -> 10 | BB71: =SUM(BB69:BB70) -> 10 | BC71: =SUM(BC69:BC70) -> 3 | BD71: =SUM(BD69:BD70) -> 6 | BE71: =SUM(BE69:BE70) -> 6 | ... BJ71: =SUM(BJ69:BJ70) -> 64 | BK71: =+(BJ71/AR71)-1 -> 2.5555556
G72: SGAA | H72: Carta | I72: 50 | J72: 82 | K72: 38 | L72: =+K72/12 -> 3.1666667 | M72: =(K72*0.02) -> 0.76 | N72: 4 | O72: 3 | P72: 2 | Q72: 2 | R72: 1 | S72: 4 | T72: 2 | U72: 2 | V72: 3 | W72: 5 | X72: 5 | Y72: 4 | Z72: =SUM(N72:Y72) -> 37 | AA72: =+(Z72/K72)-1 -> -0.026315789 | AF72: 3 | AG72: 2 | AH72: 2 | AI72: 3 | AJ72: 2 | AK72: 3 | AL72: 3 | AM72: 3 | AN72: 3 | AO72: 2 | AP72: 2 | AQ72: 2 | AR72: =SUM(AF72:AQ72) -> 30 | AS72: =+(AR72/Z72)-1 -> -0.18918919 | AX72: 12 | AY72: 8 | AZ72: 13 | BA72: =1+1+1+3+2+1+2+2 -> 13 | BB72: =1+2+4+3+3 -> 13 | BC72: 0 | BD72: =1+3+1+3+3 -> 11 | BE72: =4+2+2+1+1 -> 10 | BF72: =1+2 -> 3 | BJ72: =SUM(AX72:BI72) -> 83 | BK72: =+(BJ72/AR72)-1 -> 1.7666667
H73: Oficio | I73: 23.4 | J73: 32 | K73: 26 | L73: =+K73/12 -> 2.1666667 | M73: =(K73*0.02) -> 0.52 | O73: 1 | P73: 1 | S73: 1 | T73: 1 | V73: 2 | W73: 5 | X73: 5 | Y73: 5 | Z73: =SUM(N73:Y73) -> 21 | AA73: =+(Z73/K73)-1 -> -0.19230769 | AF73: 1 | AG73: 2 | AH73: 2 | AI73: 1 | AJ73: 2 | AK73: 2 | AL73: 2 | AM73: 2 | AN73: 2 | AO73: 2 | AP73: 2 | AQ73: 2 | AR73: =SUM(AF73:AQ73) -> 22 | AS73: =+(AR73/Z73)-1 -> 0.047619048 | AX73: 6 | AY73: 3 | AZ73: 4 | BA73: =2+3+1+2 -> 8 | BB73: =1+1+2+2+1 -> 7 | BC73: 0 | BD73: =1+1+1+1 -> 4 | BE73: 1 | BF73: 0 | BJ73: =SUM(AX73:BI73) -> 33 | BK73: =+(BJ73/AR73)-1 -> 0.5
H74: Total | I74: 73.4 | J74: 114 | K74: 64 | L74: =+K74/12 -> 5.3333333 | M74: =(K74*0.02) -> 1.28 | N74: =SUM(N72:N73) -> 4 | O74: =SUM(O72:O73) -> 4 | P74: =SUM(P72:P73) -> 3 | Q74: =SUM(Q72:Q73) -> 2 | R74: =SUM(R72:R73) -> 1 | S74: =SUM(S72:S73) -> 5 | T74: =SUM(T72:T73) -> 3 | U74: =SUM(U72:U73) -> 2 | ... Z74: =SUM(Z72:Z73) -> 58 | AA74: =+(Z74/K74)-1 -> -0.09375 | AF74: =SUM(AF72:AF73) -> 4 | AG74: =SUM(AG72:AG73) -> 4 | AH74: =SUM(AH72:AH73) -> 4 | AI74: =SUM(AI72:AI73) -> 4 | AJ74: =SUM(AJ72:AJ73) -> 4 | AK74: =SUM(AK72:AK73) -> 5 | AL74: =SUM(AL72:AL73) -> 5 | AM74: =SUM(AM72:AM73) -> 5 | ... AR74: =SUM(AR72:AR73) -> 52 | AS74: =+(AR74/Z74)-1 -> -0.10344828 | AX74: =SUM(AX72:AX73) -> 18 | AY74: =SUM(AY72:AY73) -> 11 | AZ74: =SUM(AZ72:AZ73) -> 17 | BA74: =SUM(BA72:BA73) -> 21 | BB74: =SUM(BB72:BB73) -> 20 | BC74: =SUM(BC72:BC73) -> 0 | BD74: =SUM(BD72:BD73) -> 15 | BE74: =SUM(BE72:BE73) -> 11 | ... BJ74: =SUM(BJ72:BJ73) -> 116 | BK74: =+(BJ74/AR74)-1 -> 1.2307692
G75: Regionales | H75: Carta | I75: 53 | J75: 21 | K75: 33 | L75: =+K75/12 -> 2.75 | M75: =(K75*0.02) -> 0.66 | Q75: 12 | S75: 5 | U75: 4 | W75: 8 | Y75: 3 | Z75: =SUM(N75:Y75) -> 32 | AA75: =+(Z75/K75)-1 -> -0.03030303 | AF75: 0 | AG75: 7 | AH75: 0 | AI75: 0 | AJ75: 8 | AK75: 0 | AL75: 0 | AM75: 6 | AN75: 0 | AO75: 0 | AP75: 0 | AQ75: 0 | AR75: =SUM(AF75:AQ75) -> 21 | AS75: =+(AR75/Z75)-1 -> -0.34375 | AX75: 0 | AY75: 0 | AZ75: 0 | BA75: =5+4+3 -> 12 | BB75: 0 | BC75: 0 | BD75: 4 | BE75: 0 | BF75: 1 | BJ75: =SUM(AX75:BI75) -> 17 | BK75: =+(BJ75/AR75)-1 -> -0.19047619
H76: Oficio | I76: 26 | J76: 14 | K76: 13 | L76: =+K76/12 -> 1.0833333 | M76: =(K76*0.02) -> 0.26 | Q76: 2 | S76: 1 | W76: 5 | Y76: 4 | Z76: =SUM(N76:Y76) -> 12 | AA76: =+(Z76/K76)-1 -> -0.076923077 | AF76: 0 | AG76: 2 | AH76: 0 | AI76: 0 | AJ76: 4 | AK76: 0 | AL76: 0 | AM76: 2 | AN76: 0 | AO76: 0 | AP76: 0 | AQ76: 0 | AR76: =SUM(AF76:AQ76) -> 8 | AS76: =+(AR76/Z76)-1 -> -0.33333333 | AX76: 0 | AY76: 0 | AZ76: 0 | BA76: =4+3 -> 7 | BB76: 0 | BC76: 0 | BD76: 4 | BE76: 0 | BF76: 1 | BJ76: =SUM(AX76:BI76) -> 12 | BK76: =+(BJ76/AR76)-1 -> 0.5
H77: Total | I77: 79 | J77: 35 | K77: 46 | L77: =+K77/12 -> 3.8333333 | M77: =(K77*0.02) -> 0.92 | N77: =SUM(N75:N76) -> 0 | O77: =SUM(O75:O76) -> 0 | P77: =SUM(P75:P76) -> 0 | Q77: =SUM(Q75:Q76) -> 14 | R77: =SUM(R75:R76) -> 0 | S77: =SUM(S75:S76) -> 6 | T77: =SUM(T75:T76) -> 0 | U77: =SUM(U75:U76) -> 4 | ... Z77: =SUM(Z75:Z76) -> 44 | AA77: =+(Z77/K77)-1 -> -0.043478261 | AF77: =SUM(AF75:AF76) -> 0 | AG77: =SUM(AG75:AG76) -> 9 | AH77: =SUM(AH75:AH76) -> 0 | AI77: =SUM(AI75:AI76) -> 0 | AJ77: =SUM(AJ75:AJ76) -> 12 | AK77: =SUM(AK75:AK76) -> 0 | AL77: =SUM(AL75:AL76) -> 0 | AM77: =SUM(AM75:AM76) -> 8 | ... AR77: =SUM(AR75:AR76) -> 29 | AS77: =+(AR77/Z77)-1 -> -0.34090909 | AX77: =SUM(AX75:AX76) -> 0 | AY77: =SUM(AY75:AY76) -> 0 | AZ77: =SUM(AZ75:AZ76) -> 0 | BA77: =SUM(BA75:BA76) -> 19 | BB77: =SUM(BB75:BB76) -> 0 | BC77: =SUM(BC75:BC76) -> 0 | BD77: =SUM(BD75:BD76) -> 8 | BE77: =SUM(BE75:BE76) -> 0 | ... BJ77: =SUM(BJ75:BJ76) -> 29 | BK77: =+(BJ77/AR77)-1 -> 0
G78: SAF | H78: Carta | I78: 124 | J78: 77 | K78: 68 | L78: =+K78/12 -> 5.6666667 | M78: =(K78*0.02) -> 1.36 | N78: 5 | O78: 4 | P78: 4 | Q78: 5 | R78: 2 | S78: 5 | T78: 3 | U78: 5 | V78: 6 | W78: 8 | X78: 8 | Y78: 8 | Z78: =SUM(N78:Y78) -> 63 | AA78: =+(Z78/K78)-1 -> -0.073529412 | AF78: 4 | AG78: 5 | AH78: 5 | AI78: 5 | AJ78: 5 | AK78: 6 | AL78: 5 | AM78: 6 | AN78: 6 | AO78: 0 | AP78: 0 | AQ78: 0 | AR78: =SUM(AF78:AQ78) -> 47 | AS78: =+(AR78/Z78)-1 -> -0.25396825 | AX78: 10 | AY78: 8 | AZ78: 7 | BA78: =8+2+3+2 -> 15 | BB78: =3+4 -> 7 | BC78: =6+4 -> 10 | BD78: =3+13+3+1 -> 20 | BE78: =1+1+3 -> 5 | BF78: 0 | BJ78: =SUM(AX78:BI78) -> 82 | BK78: =+(BJ78/AR78)-1 -> 0.74468085
H79: Oficio | I79: 59.8 | J79: 16 | K79: 18 | L79: =+K79/12 -> 1.5 | M79: =(K79*0.02) -> 0.36 | N79: 1 | P79: 3 | Q79: 1 | R79: 1 | S79: 2 | V79: 1 | W79: 3 | X79: 3 | Y79: 3 | Z79: =SUM(N79:Y79) -> 18 | AA79: =+(Z79/K79)-1 -> 0 | AF79: 1 | AG79: 1 | AH79: 2 | AI79: 1 | AJ79: 1 | AK79: 2 | AL79: 1 | AM79: 1 | AN79: 2 | AO79: 0 | AP79: 0 | AQ79: 0 | AR79: =SUM(AF79:AQ79) -> 12 | AS79: =+(AR79/Z79)-1 -> -0.33333333 | AX79: 5 | AY79: 3 | AZ79: 3 | BA79: =2+25+2 -> 29 | BB79: =3+5 -> 8 | BC79: 5 | BD79: =3+6+6+1 -> 16 | BE79: =1+3 -> 4 | BF79: 0 | BJ79: =SUM(AX79:BI79) -> 73 | BK79: =+(BJ79/AR79)-1 -> 5.0833333
H80: Total | I80: 183.8 | J80: 93 | K80: 86 | L80: =+K80/12 -> 7.1666667 | M80: =(K80*0.02) -> 1.72 | N80: =SUM(N78:N79) -> 6 | O80: =SUM(O78:O79) -> 4 | P80: =SUM(P78:P79) -> 7 | Q80: =SUM(Q78:Q79) -> 6 | R80: =SUM(R78:R79) -> 3 | S80: =SUM(S78:S79) -> 7 | T80: =SUM(T78:T79) -> 3 | U80: =SUM(U78:U79) -> 5 | ... Z80: =SUM(Z78:Z79) -> 81 | AA80: =+(Z80/K80)-1 -> -0.058139535 | AF80: =SUM(AF78:AF79) -> 5 | AG80: =SUM(AG78:AG79) -> 6 | AH80: =SUM(AH78:AH79) -> 7 | AI80: =SUM(AI78:AI79) -> 6 | AJ80: =SUM(AJ78:AJ79) -> 6 | AK80: =SUM(AK78:AK79) -> 8 | AL80: =SUM(AL78:AL79) -> 6 | AM80: =SUM(AM78:AM79) -> 7 | ... AR80: =SUM(AR78:AR79) -> 59 | AS80: =+(AR80/Z80)-1 -> -0.27160494 | AX80: =SUM(AX78:AX79) -> 15 | AY80: =SUM(AY78:AY79) -> 11 | AZ80: =SUM(AZ78:AZ79) -> 10 | BA80: =SUM(BA78:BA79) -> 44 | BB80: =SUM(BB78:BB79) -> 15 | BC80: =SUM(BC78:BC79) -> 15 | BD80: =SUM(BD78:BD79) -> 36 | BE80: =SUM(BE78:BE79) -> 9 | ... BJ80: =SUM(BJ78:BJ79) -> 155 | BK80: =+(BJ80/AR80)-1 -> 1.6271186
G81: Jurídica | H81: Carta | I81: 140 | J81: 48 | K81: 43 | L81: =+K81/12 -> 3.5833333 | M81: =(K81*0.02) -> 0.86 | N81: 4 | O81: 5 | P81: 2 | R81: 2 | S81: 2 | T81: 5 | U81: 5 | V81: 5 | W81: 3 | X81: 4 | Y81: 5 | Z81: =SUM(N81:Y81) -> 42 | AA81: =+(Z81/K81)-1 -> -0.023255814 | AF81: 4 | AG81: 5 | AH81: 2 | AJ81: 2 | AK81: 2 | AL81: 5 | AM81: 5 | AN81: 5 | AO81: 10 | AP81: 5 | AQ81: 3 | AR81: =SUM(AF81:AQ81) -> 48 | AS81: =+(AR81/Z81)-1 -> 0.14285714 | AX81: 10 | AY81: 15 | AZ81: 8 | BA81: 8 | BB81: 0 | BC81: 0 | BD81: 6 | BE81: 2 | BF81: 4 | BJ81: =SUM(AX81:BI81) -> 53 | BK81: =+(BJ81/AR81)-1 -> 0.10416667
H82: Oficio | I82: 65 | J82: 31 | K82: 36 | L82: =+K82/12 -> 3 | M82: =(K82*0.02) -> 0.72 | N82: 1 | P82: 3 | Q82: 2 | R82: 2 | S82: 4 | T82: 4 | U82: 0 | V82: 4 | W82: 5 | X82: 5 | Y82: 5 | Z82: =SUM(N82:Y82) -> 35 | AA82: =+(Z82/K82)-1 -> -0.027777778 | AF82: 1 | AG82: 2 | AH82: 3 | AI82: 2 | AJ82: 2 | AK82: 3 | AL82: 4 | AM82: 2 | AN82: 4 | AO82: 5 | AP82: 2 | AQ82: 2 | AR82: =SUM(AF82:AQ82) -> 32 | AS82: =+(AR82/Z82)-1 -> -0.085714286 | AX82: 10 | AY82: 5 | AZ82: 4 | BA82: 5 | BB82: 0 | BC82: 0 | BD82: 4 | BE82: 0 | BF82: 4 | BJ82: =SUM(AX82:BI82) -> 32 | BK82: =+(BJ82/AR82)-1 -> 0
H83: Total | I83: 205 | J83: 79 | K83: 79 | L83: =+K83/12 -> 6.5833333 | M83: =(K83*0.02) -> 1.58 | N83: =SUM(N81:N82) -> 5 | O83: =SUM(O81:O82) -> 5 | P83: =SUM(P81:P82) -> 5 | Q83: =SUM(Q81:Q82) -> 2 | R83: =SUM(R81:R82) -> 4 | S83: =SUM(S81:S82) -> 6 | T83: =SUM(T81:T82) -> 9 | U83: =SUM(U81:U82) -> 5 | ... Z83: =SUM(Z81:Z82) -> 77 | AA83: =+(Z83/K83)-1 -> -0.025316456 | AF83: =SUM(AF81:AF82) -> 5 | AG83: =SUM(AG81:AG82) -> 7 | AH83: =SUM(AH81:AH82) -> 5 | AI83: =SUM(AI81:AI82) -> 2 | AJ83: =SUM(AJ81:AJ82) -> 4 | AK83: =SUM(AK81:AK82) -> 5 | AL83: =SUM(AL81:AL82) -> 9 | AM83: =SUM(AM81:AM82) -> 7 | ... AR83: =SUM(AR81:AR82) -> 80 | AS83: =+(AR83/Z83)-1 -> 0.038961039 | AX83: =SUM(AX81:AX82) -> 20 | AY83: =SUM(AY81:AY82) -> 20 | AZ83: =SUM(AZ81:AZ82) -> 12 | BA83: =SUM(BA81:BA82) -> 13 | BB83: =SUM(BB81:BB82) -> 0 | BC83: =SUM(BC81:BC82) -> 0 | BD83: =SUM(BD81:BD82) -> 10 | BE83: =SUM(BE81:BE82) -> 2 | ... BJ83: =SUM(BJ81:BJ82) -> 85 | BK83: =+(BJ83/AR83)-1 -> 0.0625
G84: Fotocopias | H84: Carta | I84: 147 | J84: 50 | K84: 60 | L84: =+K84/12 -> 5 | M84: =(K84*0.02) -> 1.2 | N84: 5 | O84: 0 | P84: 0 | Q84: 0 | R84: 3 | S84: 0 | T84: 0 | U84: 5 | V84: 7 | W84: 9 | X84: 9 | Y84: 9 | Z84: =SUM(N84:Y84) -> 47 | AA84: =+(Z84/K84)-1 -> -0.21666667 | AF84: 3 | AG84: 4 | AH84: 5 | AI84: 4 | AJ84: 4 | AK84: 5 | AL84: 4 | AM84: 5 | AN84: 6 | AO84: 3 | AP84: 2 | AQ84: 1 | AR84: =SUM(AF84:AQ84) -> 46 | AS84: =+(AR84/Z84)-1 -> -0.021276596 | AX84: 3 | AY84: 3 | AZ84: 3 | BA84: 3 | BB84: 3 | BC84: 3 | BD84: 3 | BE84: 3 | BF84: 3 | BJ84: =SUM(AX84:BI84) -> 27 | BK84: =+(BJ84/AR84)-1 -> -0.41304348
H85: Oficio | I85: 70.2 | J85: 45 | K85: 34 | L85: =+K85/12 -> 2.8333333 | M85: =(K85*0.02) -> 0.68 | N85: 0 | O85: 0 | P85: 0 | Q85: 0 | R85: 2 | S85: 0 | T85: 0 | U85: 1 | V85: 2 | W85: 9 | X85: 9 | Y85: 9 | Z85: =SUM(N85:Y85) -> 32 | AA85: =+(Z85/K85)-1 -> -0.058823529 | AF85: 4 | AG85: 3 | AH85: 4 | AI85: 2 | AJ85: 2 | AK85: 4 | AL85: 2 | AM85: 2 | AN85: 2 | AO85: 2 | AP85: 2 | AQ85: 1 | AR85: =SUM(AF85:AQ85) -> 30 | AS85: =+(AR85/Z85)-1 -> -0.0625 | AX85: 1 | AY85: 1 | AZ85: 1 | BA85: 1 | BB85: 1 | BC85: 1 | BD85: 1 | BE85: 1 | BF85: 1 | BJ85: =SUM(AX85:BI85) -> 9 | BK85: =+(BJ85/AR85)-1 -> -0.7
H86: Total | I86: 217.2 | J86: 95 | K86: 94 | L86: =+K86/12 -> 7.8333333 | M86: =(K86*0.02) -> 1.88 | N86: =SUM(N84:N85) -> 5 | O86: =SUM(O84:O85) -> 0 | P86: =SUM(P84:P85) -> 0 | Q86: =SUM(Q84:Q85) -> 0 | R86: =SUM(R84:R85) -> 5 | S86: =SUM(S84:S85) -> 0 | T86: =SUM(T84:T85) -> 0 | U86: =SUM(U84:U85) -> 6 | ... Z86: =SUM(Z84:Z85) -> 79 | AA86: =+(Z86/K86)-1 -> -0.15957447 | AF86: =SUM(AF84:AF85) -> 7 | AG86: =SUM(AG84:AG85) -> 7 | AH86: =SUM(AH84:AH85) -> 9 | AI86: =SUM(AI84:AI85) -> 6 | AJ86: =SUM(AJ84:AJ85) -> 6 | AK86: =SUM(AK84:AK85) -> 9 | AL86: =SUM(AL84:AL85) -> 6 | AM86: =SUM(AM84:AM85) -> 7 | ... AR86: =SUM(AR84:AR85) -> 76 | AS86: =+(AR86/Z86)-1 -> -0.037974684 | AX86: =SUM(AX84:AX85) -> 4 | AY86: =SUM(AY84:AY85) -> 4 | AZ86: =SUM(AZ84:AZ85) -> 4 | BA86: =SUM(BA84:BA85) -> 4 | BB86: =SUM(BB84:BB85) -> 4 | BC86: =SUM(BC84:BC85) -> 4 | BD86: =SUM(BD84:BD85) -> 4 | BE86: =SUM(BE84:BE85) -> 4 | ... BJ86: =SUM(BJ84:BJ85) -> 36 | BK86: =+(BJ86/AR86)-1 -> -0.52631579
G87: Total | H87: Carta | I87: 550 | J87: 308 | K87: 264 | L87: =+K87/12 -> 22 | M87: =(K87*0.02) -> 5.28 | N87: =+N66+N69+N72+N75+N78+N81+N84 -> 20 | O87: =+O66+O69+O72+O75+O78+O81+O84 -> 13 | P87: =+P66+P69+P72+P75+P78+P81+P84 -> 9 | Q87: =+Q66+Q69+Q72+Q75+Q78+Q81+Q84 -> 22 | R87: =+R66+R69+R72+R75+R78+R81+R84 -> 9 | S87: =+S66+S69+S72+S75+S78+S81+S84 -> 19 | T87: =+T66+T69+T72+T75+T78+T81+T84 -> 11 | U87: =+U66+U69+U72+U75+U78+U81+U84 -> 24 | ... Y87: =+Y66+Y69+Y72+Y75+Y78+Y81+Y84 -> 31 | Z87: =SUM(N87:Y87) -> 243.5 | AA87: =+(Z87/K87)-1 -> -0.077651515 | AF87: =+AF66+AF69+AF72+AF75+AF78+AF81+AF84 -> 16 | AG87: =+AG66+AG69+AG72+AG75+AG78+AG81+AG84 -> 24 | AH87: =+AH66+AH69+AH72+AH75+AH78+AH81+AH84 -> 16 | AI87: =+AI66+AI69+AI72+AI75+AI78+AI81+AI84 -> 13 | AJ87: =+AJ66+AJ69+AJ72+AJ75+AJ78+AJ81+AJ84 -> 23 | AK87: =+AK66+AK69+AK72+AK75+AK78+AK81+AK84 -> 17 | AL87: =+AL66+AL69+AL72+AL75+AL78+AL81+AL84 -> 19 | AM87: =+AM66+AM69+AM72+AM75+AM78+AM81+AM84 -> 26 | ... AQ87: =+AQ66+AQ69+AQ72+AQ75+AQ78+AQ81+AQ84 -> 7 | AR87: =SUM(AF87:AQ87) -> 210 | AS87: =+(AR87/Z87)-1 -> -0.137577 | AX87: =+AX66+AX69+AX72+AX75+AX78+AX81+AX84 -> 45 | AY87: =+AY66+AY69+AY72+AY75+AY78+AY81+AY84 -> 36 | AZ87: =+AZ66+AZ69+AZ72+AZ75+AZ78+AZ81+AZ84 -> 36 | BA87: =+BA66+BA69+BA72+BA75+BA78+BA81+BA84 -> 58 | BB87: =+BB66+BB69+BB72+BB75+BB78+BB81+BB84 -> 29 | BC87: =+BC66+BC69+BC72+BC75+BC78+BC81+BC84 -> 15 | BD87: =+BD66+BD69+BD72+BD75+BD78+BD81+BD84 -> 50 | BE87: =+BE66+BE69+BE72+BE75+BE78+BE81+BE84 -> 23 | ... BI87: =+BI66+BI69+BI72+BI75+BI78+BI81+BI84 -> 0 | BJ87: =SUM(AX87:BI87) -> 305 | BK87: =+(BJ87/AR87)-1 -> 0.45238095
H88: Oficio | I88: 260 | J88: 143 | K88: 134 | L88: =+K88/12 -> 11.166667 | M88: =(K88*0.02) -> 2.68 | N88: =+N67+N70+N73+N76+N79+N82+N85 -> 2 | O88: =+O67+O70+O73+O76+O79+O82+O85 -> 1 | P88: =+P67+P70+P73+P76+P79+P82+P85 -> 9 | Q88: =+Q67+Q70+Q73+Q76+Q79+Q82+Q85 -> 5 | R88: =+R67+R70+R73+R76+R79+R82+R85 -> 6 | S88: =+S67+S70+S73+S76+S79+S82+S85 -> 8 | T88: =+T67+T70+T73+T76+T79+T82+T85 -> 5 | U88: =+U67+U70+U73+U76+U79+U82+U85 -> 1 | ... Y88: =+Y67+Y70+Y73+Y76+Y79+Y82+Y85 -> 27 | Z88: =SUM(N88:Y88) -> 126 | AA88: =+(Z88/K88)-1 -> -0.059701493 | AF88: =+AF67+AF70+AF73+AF76+AF79+AF82+AF85 -> 7 | AG88: =+AG67+AG70+AG73+AG76+AG79+AG82+AG85 -> 10 | AH88: =+AH67+AH70+AH73+AH76+AH79+AH82+AH85 -> 13 | AI88: =+AI67+AI70+AI73+AI76+AI79+AI82+AI85 -> 6 | AJ88: =+AJ67+AJ70+AJ73+AJ76+AJ79+AJ82+AJ85 -> 11 | AK88: =+AK67+AK70+AK73+AK76+AK79+AK82+AK85 -> 13 | AL88: =+AL67+AL70+AL73+AL76+AL79+AL82+AL85 -> 9 | AM88: =+AM67+AM70+AM73+AM76+AM79+AM82+AM85 -> 9 | ... AQ88: =+AQ67+AQ70+AQ73+AQ76+AQ79+AQ82+AQ85 -> 6 | AR88: =SUM(AF88:AQ88) -> 113 | AS88: =+(AR88/Z88)-1 -> -0.1031746 | AX88: =+AX67+AX70+AX73+AX76+AX79+AX82+AX85 -> 23 | AY88: =+AY67+AY70+AY73+AY76+AY79+AY82+AY85 -> 17 | AZ88: =+AZ67+AZ70+AZ73+AZ76+AZ79+AZ82+AZ85 -> 15 | BA88: =+BA67+BA70+BA73+BA76+BA79+BA82+BA85 -> 53 | BB88: =+BB67+BB70+BB73+BB76+BB79+BB82+BB85 -> 22 | BC88: =+BC67+BC70+BC73+BC76+BC79+BC82+BC85 -> 7 | BD88: =+BD67+BD70+BD73+BD76+BD79+BD82+BD85 -> 30 | BE88: =+BE67+BE70+BE73+BE76+BE79+BE82+BE85 -> 9 | ... BI88: =+BI67+BI70+BI73+BI76+BI79+BI82+BI85 -> 0 | BJ88: =SUM(AX88:BI88) -> 183 | BK88: =+(BJ88/AR88)-1 -> 0.61946903
H89: Total | I89: 810 | J89: 451 | K89: 398 | L89: =+K89/12 -> 33.166667 | M89: =(K89*0.02) -> 7.96 | N89: =+N68+N71+N74+N77+N80+N83+N86 -> 22 | O89: =+O68+O71+O74+O77+O80+O83+O86 -> 14 | P89: =+P68+P71+P74+P77+P80+P83+P86 -> 18 | Q89: =+Q68+Q71+Q74+Q77+Q80+Q83+Q86 -> 27 | R89: =+R68+R71+R74+R77+R80+R83+R86 -> 15 | S89: =+S68+S71+S74+S77+S80+S83+S86 -> 27 | T89: =+T68+T71+T74+T77+T80+T83+T86 -> 16 | U89: =+U68+U71+U74+U77+U80+U83+U86 -> 25 | ... Z89: =+Z68+Z71+Z74+Z77+Z80+Z83+Z86 -> 369.5 | AA89: =+(Z89/K89)-1 -> -0.07160804 | AF89: =+AF68+AF71+AF74+AF77+AF80+AF83+AF86 -> 23 | AG89: =+AG68+AG71+AG74+AG77+AG80+AG83+AG86 -> 34 | AH89: =+AH68+AH71+AH74+AH77+AH80+AH83+AH86 -> 29 | AI89: =+AI68+AI71+AI74+AI77+AI80+AI83+AI86 -> 19 | AJ89: =+AJ68+AJ71+AJ74+AJ77+AJ80+AJ83+AJ86 -> 34 | AK89: =+AK68+AK71+AK74+AK77+AK80+AK83+AK86 -> 30 | AL89: =+AL68+AL71+AL74+AL77+AL80+AL83+AL86 -> 28 | AM89: =+AM68+AM71+AM74+AM77+AM80+AM83+AM86 -> 35 | ... AR89: =+AR68+AR71+AR74+AR77+AR80+AR83+AR86 -> 323 | AS89: =+(AR89/Z89)-1 -> -0.12584574 | AX89: =+AX68+AX71+AX74+AX77+AX80+AX83+AX86 -> 68 | AY89: =+AY68+AY71+AY74+AY77+AY80+AY83+AY86 -> 53 | AZ89: =+AZ68+AZ71+AZ74+AZ77+AZ80+AZ83+AZ86 -> 51 | BA89: =+BA68+BA71+BA74+BA77+BA80+BA83+BA86 -> 111 | BB89: =+BB68+BB71+BB74+BB77+BB80+BB83+BB86 -> 51 | BC89: =+BC68+BC71+BC74+BC77+BC80+BC83+BC86 -> 22 | BD89: =+BD68+BD71+BD74+BD77+BD80+BD83+BD86 -> 80 | BE89: =+BE68+BE71+BE74+BE77+BE80+BE83+BE86 -> 32 | ... BJ89: =+BJ68+BJ71+BJ74+BJ77+BJ80+BJ83+BJ86 -> 488 | BK89: =+(BJ89/AR89)-1 -> 0.51083591
A92: =+D15 -> PORCENTAJE (%) DE DISMINUCIÓN DE CONSUMO DE AGUA.
G94: 2012 | H94: 2013 | I94: 2014 | J94: 2015 | K94: 2016
A95: Porcentaje (%) de Dismininución de Consumo de Agua | G95: 0.58 | H95: -0.34 | I95: =+Z108 -> 0.72428571 | J95: =+AS108 -> 0.71499586 | K95: =+BL108 -> -0.40338164
A96: Meta | G96: -0.01 | H96: -0.01 | I96: -0.01 | J96: -0.01 | K96: -0.01
G98: ANALISIS DE RESULTADOS
G99: Contador | H99: Consumo
H100: 2011 | I100: 2012 | J100: 2013 | M100: 2014 | Z100: % Reducción 2014 vs 2013 | AA100: ACCIONES | AF100: 2015 | AS100: % Reducción 2015 vs 2014 | AT100: ACCIONES | AY100: 2016 | BL100: % Reducción 2016 vs 2015 | BM100: ACCIONES
J101: Año | K101: Promedio Mes | L101: Meta de Reducción 2014 | M101: Mes | AF101: Mes | AY101: Mes
M102: Ene | N102: Feb | O102: Mar | P102: Abr | Q102: May | R102: Jun | S102: Jul | T102: Ago | U102: Sep | V102: Oct | W102: Nov | X102: Dic | Y102: Total | AF102: Ene | AG102: Feb | AH102: Mar | AI102: Abr | AJ102: May | AK102: Jun | AL102: Jul | AM102: Ago | AN102: Sep | AO102: Oct | AP102: Nov | AQ102: Dic | AR102: Total | AY102: Ene | AZ102: Feb | BA102: Mar | BB102: Abr | BC102: May | BD102: Jun | BE102: Jul | BF102: Ago | BG102: Sep | BH102: Oct | BI102: Nov | BJ102: Dic | BK102: Total
G103: SEDE CENTRAL FINANCIERA 178532 7 8720952 | H103: 39.07 | I103: 63.97 | J103: 31 | K103: =+J103/12 -> 2.5833333 | L103: =+J103*0.01 -> 0.31 | M103: 2 | N103: 1.9 | O103: 5 | P103: 1.9 | Q103: 5 | R103: 5 | S103: 5 | T103: 7 | U103: 7 | V103: 6 | W103: 6 | X103: 6 | Y103: =SUM(M103:X103) -> 57.8 | Z103: =+(Y103/J103)-1 -> 0.86451613 | AA103: Se diseñan e implementan mecanismos para la reducción de consumo de agua, en el marco del PIGA, como charlas, publicación de notas en IGUANOTAS y medios institucionales, con la finalidad de crear conciencia en el uso adecuado del recurso. Se evidencia un consumo significativo en el consumo de agua por las nuevas construcciones y edificaciones en el vigencia del 2014, | AF103: 23 | AG103: 20 | AH103: 18 | AI103: 20 | AJ103: 22 | AK103: 25 | AL103: 19 | AM103: 6 | AN103: 16 | AO103: 23 | AP103: 23 | AQ103: 23 | AR103: =SUM(AF103:AQ103) -> 238 | AS103: =+(AR103/Y103)-1 -> 3.1176471 | AT103: Se diseñan e implementan mecanismos para la reducción de consumo de agua, en el marco del PIGA, como charlas, publicación de notas en IGUANOTAS y medios institucionales, con la finalidad de crear conciencia en el uso adecuado del recurso. Se evidencia un consumo significativo en el consumo de agua por las nuevas construcciones y edificaciones en el vigencia del 2015, Mas sin embargo se evidencia un aumento de consumo de agua en el contrato 8720952 que corresponde al auditorio (centro de negocios) este espacio se biene alquilando para eventos y espectaculos durante todo el mes, sin dejar a un lado que continuan las actividades propias de la institucion. | AY103: 22 | AZ103: 17 | BA103: 8 | BB103: 12 | BC103: 12 | BD103: 6 | BE103: 5 | BF103: 6 | BG103: 5 | BK103: =SUM(AY103:BJ103) -> 93 | BL103: =+(BK103/AR103)-1 -> -0.6092437 | BM103: Se sigue con el trabajo diseñado en el 2015, uso adecuado del consumo de agua
G104: 179725 / 8720975 | H104: 13.02 | I104: 44.04 | J104: 8 | K104: =+J104/12 -> 0.66666667 | L104: =+J104*0.01 -> 0.08 | S104: 0 | T104: 0 | U104: 0 | V104: 0 | W104: 0 | X104: 0 | Y104: =SUM(M104:X104) -> 0 | Z104: =+(Y104/J104)-1 -> -1 | AF104: 0 | AG104: 0 | AH104: 0 | AI104: 0 | AJ104: 0 | AK104: 0 | AL104: 0 | AM104: 0 | AN104: 0 | AO104: 0 | AP104: 0 | AQ104: 0 | AR104: =SUM(AF104:AQ104) -> 0 | AS104: =+(AR104/Y104)-1 -> #DIV/0! | AY104: 0 | AZ104: 0 | BA104: 0 | BB104: 0 | BC104: 0 | BD104: 0 | BE104: 0 | BF104: 0 | BG104: 0 | BK104: =SUM(AY104:BJ104) -> 0 | BL104: =+(BK104/AR104)-1 -> #DIV/0!
G105: 179602 / 8720974 | H105: 158.73 | I105: 146.58 | J105: 52 | K105: =+J105/12 -> 4.3333333 | L105: =+J105*0.01 -> 0.52 | M105: 14 | N105: 15 | O105: 17 | P105: 15 | Q105: 13 | R105: 12 | S105: 18 | T105: 23 | U105: 22 | V105: 17 | W105: 23 | X105: 41 | Y105: =SUM(M105:X105) -> 230 | Z105: =+(Y105/J105)-1 -> 3.4230769 | AF105: 22 | AG105: 24 | AH105: 24 | AI105: 37 | AJ105: 24 | AK105: 28 | AL105: 33 | AM105: 40 | AN105: 40 | AO105: 29 | AP105: 29 | AQ105: 15 | AR105: =SUM(AF105:AQ105) -> 345 | AS105: =+(AR105/Y105)-1 -> 0.5 | AY105: 23 | AZ105: 33 | BA105: 9 | BB105: 21 | BC105: 21 | BD105: 15 | BE105: 21 | BF105: 23 | BG105: 18 | BK105: =SUM(AY105:BJ105) -> 184 | BL105: =+(BK105/AR105)-1 -> -0.46666667
G106: 179892 / 8720976 | I106: 70.67 | J106: 26 | K106: =+J106/12 -> 2.1666667 | L106: =+J106*0.01 -> 0.26 | M106: 11 | N106: 9 | O106: 8 | P106: 8 | Q106: 6 | R106: 7 | S106: 8 | T106: 8 | U106: 6 | V106: 8 | W106: 7 | X106: 11 | Y106: =SUM(M106:X106) -> 97 | Z106: =+(Y106/J106)-1 -> 2.7307692 | AF106: 16 | AG106: 19 | AH106: 32 | AI106: 20 | AJ106: 0 | AK106: 0 | AL106: 0 | AM106: 0 | AN106: 0 | AO106: 23 | AP106: 21 | AQ106: 21 | AR106: =SUM(AF106:AQ106) -> 152 | AS106: =+(AR106/Y106)-1 -> 0.56701031 | AY106: 21 | AZ106: 21 | BA106: 21 | BB106: 21 | BC106: 21 | BD106: 21 | BE106: 21 | BF106: 21 | BG106: 21 | BK106: =SUM(AY106:BJ106) -> 189 | BL106: =+(BK106/AR106)-1 -> 0.24342105
G107: SEDE REGIONAL CARIBE 2200 | H107: 58.96 | I107: 101.26 | J107: 163 | K107: =+J107/12 -> 13.583333 | L107: =+J107*0.01 -> 1.63 | M107: 4 | N107: 5 | O107: 8 | P107: 7 | Q107: 6 | R107: 28 | S107: 7 | T107: 6 | U107: 6 | V107: 6 | W107: 8 | X107: 7 | Y107: =SUM(M107:X107) -> 98 | Z107: =+(Y107/J107)-1 -> -0.39877301 | AF107: 5 | AG107: 6 | AH107: 20 | AI107: 7 | AJ107: 6 | AK107: 6 | AL107: 8 | AM107: 7 | AN107: 6 | AO107: 7 | AP107: 7 | AQ107: 8 | AR107: =SUM(AF107:AQ107) -> 93 | AS107: =+(AR107/Y107)-1 -> -0.051020408 | AY107: 4 | AZ107: 4 | BA107: 4 | BB107: 7 | BC107: 4 | BD107: 2 | BE107: 0 | BF107: 0 | BG107: 3 | BK107: =SUM(AY107:BJ107) -> 28 | BL107: =+(BK107/AR107)-1 -> -0.69892473
